 Dungeon Crawl Stone Soup version 0.29.1-2-gbd0b4ee654 (webtiles) character file.

Game seed: 5208042524084171482

1727999 Ashen the Blood Saint (level 27, -14/249 HPs)
             Began as a Demonspawn Necromancer on Oct 22, 2022.
             Was the Champion of Makhleb.
             Killed by dispel undead
             ... invoked by a Tzitzimitl
              (50 damage)
             ... on level 20 of a ziggurat on Oct 25, 2022.
             The game lasted 1 day 00:55:44 (167547 turns).

Ashen the Blood Saint (DsNe)                  Turns: 167547, Time: 1 , 00:55:54

Health: -14/249    AC: 27    Str: 10    XL:     27
Magic:  54/54      EV: 35    Int: 32    God:    Makhleb [******]
Gold:   21590      SH:  0    Dex: 15    Spells: 4/80 levels left

rFire   + + +      SeeInvis +   a - +3 Elemental Staff {rElec rF++ rC++ AC+5}
rCold   + + +      Faith    .   V - orb {*channel}
rNeg    + + +      Spirit   .   K - +0 troll leather armour "Leumetetiz" {+Blink rF+ rC- Regen+ Int+5}
rPois   ∞          Reflect  .   H - +0 mask of the Dragon {Will+ Slay+3 SInv}
rElec   +          Harm     .   G - +1 cloak of Starlight {*Dazzle EV+4 Stlth--}
rCorr   +          Rampage  .   (gloves unavailable)
Will    +++++      Clarity  +   W - +2 pair of boots "Bilykh" {+Inv rElec rPois Stlth-}
Stlth   ++++++....              O - amulet of Vitality {RegenMP++ Regen++}
HPRegen 2.91/turn               r - ring "Uranuesa" {rF++ rC+ Str-3}
MPRegen 1.14/turn               M - ring "Nopn" {Wiz rCorr}

@: mighty, agile, lich-form, magic-sapped, slowed, studying Evocations, very
slow
A: draining attack, torment immunity, no potions, claws 3, powered by pain 3,
augmentation 3, (sanguine armour 3), demonic magic 3, antennae 1, clarity,
strong-willed 1, poison resistance, strong 1
}: 11/15 runes: serpentine, barnacled, slimy, silver, golden, abyssal, demonic,
glowing, magical, fiery, dark
a: End Transformation, Renounce Religion, Evoke Blink, Evoke Invisibility, Minor
Destruction, Lesser Servant of Makhleb, Major Destruction, Greater Servant of
Makhleb


You were on level 20 of a ziggurat.
You worshipped Makhleb.
Makhleb was exalted by your worship.
You were an undead lich.
You visited 13 branches of the dungeon, and saw 55 of its levels.
You visited Pandemonium 1 time, and saw 26 of its levels.
You visited the Abyss 19 times.
You visited 7 ziggurats (completing 6), and saw 182 of their levels.
You also visited: Gauntlet, Ice Cave and Wizlab.

You collected 24813 gold pieces.
You spent 3223 gold pieces at shops.

Inventory:

Hand Weapons
 a - the +3 Elemental Staff (weapon) {rElec rF++ rC++ AC+5}
   (You acquired it in the Vestibule of Hell)

   If the wielder is skilled in Evocations, they can discharge powerful blasts
   of elemental energy when striking with it.
   It enhances your fire, ice, earth and air magic.
   AC:        It affects your AC (+5).
   rF:        It greatly protects you from fire.
   rC:        It greatly protects you from cold.
   rElec:     It insulates you from electricity.
 w - the +5 lochaber axe {reach-cleave, poleaxe}
   (You found it on level 26 of a ziggurat)

   It can be evoked to extend its reach, and strikes at all foes within reach,
   dealing less damage to those not targeted.
   It uses either Axes or Polearms skill, whichever is higher.
 B - a +1 long sword of distortion
 R - a +2 long sword of distortion
 T - the +2 dagger "Faudgh" {venom, +Blink rElec rPois}
   (You found it on level 12 of a ziggurat)

   It poisons the flesh of those it strikes.
   rElec:     It insulates you from electricity.
   rPois:     It protects you from poison.
   +Blink:    It lets you blink.
Missiles
 u - 106 silver javelins
 x - 33 boomerangs of dispersal
 z - 46 javelins
 E - 6 silver boomerangs
Armour
 G - the +1 cloak of Starlight (worn) {*Dazzle EV+4 Stlth--}
   (You found it on level 19 of a ziggurat)

   It may blind those who miss an attack against the wearer in melee combat.
   EV:        It affects your evasion (+4).
   Stlth:     It makes you much less stealthy.
 H - the +0 mask of the Dragon (worn) {Will+ Slay+3 SInv}
   (You acquired it on level 8 of the Dungeon)

   Slay:      It affects your accuracy & damage with ranged weapons and melee
   (+3).
   SInv:      It lets you see invisible.
   Will:      It increases your willpower.
 K - the +0 troll leather armour "Leumetetiz" (worn) {+Blink rF+ rC- Regen+ Int+5}
   (You found it on level 7 of a ziggurat)

   Int:       It affects your intelligence (+5).
   rF:        It protects you from fire.
   rC:        It makes you vulnerable to cold.
   +Blink:    It lets you blink.
   Regen:     It increases your rate of health regeneration.
 V - an orb of energy (worn)
 W - the +2 pair of boots "Bilykh" (worn) {+Inv rElec rPois Stlth-}
   (You found it on level 19 of a ziggurat)

   rElec:     It insulates you from electricity.
   rPois:     It protects you from poison.
   +Inv:      It lets you turn invisible.
   Stlth:     It makes you less stealthy.
Jewellery
 g - the ring of Jozaih {+Blink rC- rN+++ Dex-4 SInv}
   (You found it on level 19 of a ziggurat)

   [ring of see invisible]

   Dex:       It affects your dexterity (-4).
   rC:        It makes you vulnerable to cold.
   rN:        It renders you almost immune to negative energy.
   SInv:      It lets you see invisible.
   +Blink:    It lets you blink.
 r - the ring "Uranuesa" (left claw) {rF++ rC+ Str-3}
   (You took it off an efreet in Pandemonium)

   [ring of protection from cold]

   Str:       It affects your strength (-3).
   rF:        It greatly protects you from fire.
   rC:        It protects you from cold.
 F - the amulet of Soofeacy {Faith rC+ rN+ Str+2}
   (You found it on level 11 of a ziggurat)

   [amulet of faith]

   It allows you to gain divine favour quickly.
   Str:       It affects your strength (+2).
   rC:        It protects you from cold.
   rN:        It protects you from negative energy.
 M - the ring "Nopn" (right claw) {Wiz rCorr}
   (You found it on level 20 of a ziggurat)

   [ring of wizardry]

   It improves your spell success rate.
   rCorr:     It protects you from acid and corrosion.
 O - the amulet of Vitality (around neck) {RegenMP++ Regen++}
   (You found it on level 10 of a ziggurat)

   [amulet of magic regeneration]

   It increases your rate of magic regeneration.
   Regen:     It increases your rate of health regeneration.
 Y - the ring of Asunlau {Drain rElec rPois rC+ SInv}
   (You found it on level 16 of a ziggurat)

   [ring of poison resistance]

   rC:        It protects you from cold.
   rElec:     It insulates you from electricity.
   rPois:     It protects you from poison.
   SInv:      It lets you see invisible.
   Drain:     It drains your maximum health when unequipped.
Wands
 c - a wand of iceblast (79)
 e - a wand of mindburst (39)
 m - a wand of paralysis (95)
 q - a wand of acid (88)
 N - a wand of digging (29)
Scrolls
 d - 119 scrolls of fog
 f - 190 scrolls of teleportation
 j - 7 scrolls of magic mapping
 p - a scroll of brand weapon
 v - 51 scrolls of immolation
 y - 35 scrolls of poison
 I - 58 scrolls of blinking
 L - 10 scrolls of summoning
 P - 25 scrolls of fear
 Q - 36 scrolls of torment
Potions
 b - 26 potions of magic
 h - 9 potions of brilliance
 k - 7 potions of mutation
 n - 42 potions of haste
 o - 4 potions of resistance
 s - 56 potions of curing
 t - 41 potions of heal wounds
 S - 38 potions of cancellation
 X - a potion of invisibility
Miscellaneous
 i - the horn of Geryon
 l - a tin of tremorstones (inert)
 A - a condenser vane
 C - a lightning rod (4/4)
 D - a phantom mirror
 J - a box of beasts
 U - a phial of floods


   Skills:
 O Level 27 Fighting
 O Level 27 Short Blades
 O Level 27 Long Blades
 O Level 27 Axes
 O Level 27 Maces & Flails
 O Level 27 Polearms
 O Level 27 Staves
 O Level 27 Ranged Weapons
 O Level 27 Throwing
 O Level 27 Armour
 O Level 27 Dodging
 O Level 27 Stealth
 O Level 27 Shields
 O Level 27 Unarmed Combat
 O Level 27 Spellcasting
 O Level 27 Conjurations
 O Level 27 Hexes
 O Level 27 Summonings
 O Level 27 Necromancy
 O Level 27 Translocations
 O Level 27 Transmutations
 O Level 27 Fire Magic
 O Level 27 Ice Magic
 O Level 27 Air Magic
 O Level 27 Earth Magic
 O Level 27 Poison Magic
 O Level 27 Invocations
 O Level 27 Evocations


You had 4 spell levels left.
You knew the following spells:

 Your Spells              Type           Power      Damage    Failure   Level
a - Polar Vortex          Ice            72%        N/A       1%          9
b - Ozocubu's Armour      Ice            100%       N/A       0%          3
c - Ignition              Fire           72%        3d19      1%          8
d - Blink                 Tloc           100%       N/A       0%          2
e - Fire Storm            Conj/Fire      72%        8d18      1%          9
f - Shatter               Erth           72%        3d53*     1%          9
g - Death's Door          Necr           72%        N/A       1%          9
h - Discord               Hex            60%        N/A       1%          8
i - Dragon's Call         Summ           60%        N/A       1%          9
j - Sublimation of Blood  Necr           100%       N/A       0%          2
k - Necromutation         Tmut/Necr      72%        N/A       1%          8

Your spell library contained the following spells:

 Spells                   Type           Power      Damage    Failure   Level
 Apportation              Tloc           100%       N/A       0%          1
 Beastly Appendage        Tmut           100%       N/A       0%          1
 Foxfire                  Conj/Fire      100%       2x1d9     0%          1
 Freeze                   Ice            100%       1d11      0%          1
 Magic Dart               Conj           100%       1d8       0%          1
 Necrotise                Necr           100%       1d9       0%          1
 Sandblast                Erth           100%       2d20      0%          1
 Shock                    Conj/Air       100%       1d9       0%          1
 Slow                     Hex            100%       N/A       0%          1
 Sting                    Tmut/Pois      100%       1d8       0%          1
 Summon Small Mammal      Summ           100%       N/A       0%          1
 Call Imp                 Summ           100%       N/A       0%          2
 Ensorcelled Hibernation  Hex/Ice        100%       N/A       0%          2
 Passwall                 Tmut/Erth      100%       N/A       0%          2
 Poisonous Vapours        Pois/Air       100%       N/A       0%          2
 Scorch                   Fire           100%       2d10      0%          2
 Searing Ray              Conj           100%       2d8       0%          2
 Static Discharge         Conj/Air       100%       3-16/arc  0%          2
 Wereblood                Tmut           100%       N/A       0%          2
 Call Canine Familiar     Summ           100%       N/A       0%          3
 Confusing Touch          Hex            100%       N/A       0%          3
 Conjure Flame            Conj/Fire      100%       6-21      0%          3
 Dazzling Flash           Conj/Hex       100%       N/A       0%          3
 Frozen Ramparts          Ice            100%       1d16      0%          3
 Gell's Gravitas          Tloc           100%       N/A       0%          3
 Ignite Poison            Fire/Tmut/Pois 100%       N/A       0%          3
 Inner Flame              Hex/Fire       100%       N/A       0%          3
 Lesser Beckoning         Tloc           100%       N/A       0%          3
 Mephitic Cloud           Conj/Pois/Air  100%       N/A       0%          3
 Portal Projectile        Hex/Tloc       100%       N/A       0%          3
 Spider Form              Tmut/Pois      100%       N/A       0%          3
 Stone Arrow              Conj/Erth      100%       3d13      0%          3
 Summon Guardian Golem    Hex/Summ       100%       N/A       0%          3
 Swiftness                Air            100%       N/A       0%          3
 Teleport Other           Tloc           100%       N/A       0%          3
 Tukima's Dance           Hex            100%       N/A       0%          3
 Vampiric Draining        Necr           100%       2d13      0%          3
 Airstrike                Air            72%        2d(11-27) 0%          4
 Anguish                  Hex/Necr       72%        N/A       0%          4
 Animate Armour           Summ/Erth      100%       N/A       0%          4
 Animate Dead             Necr           100%       N/A       0%          4
 Cause Fear               Hex            60%        N/A       0%          4
 Corpse Rot               Necr/Pois/Air  100%       N/A       0%          4
 Dispel Undead            Necr           100%       3d31      0%          4
 Flame Wave               Conj/Fire      100%       2d21      0%          4
 Fulminant Prism          Conj/Hex       60%        3d27      0%          4
 Hailstorm                Conj/Ice       100%       3d20      0%          4
 Ice Form                 Ice/Tmut       100%       N/A       0%          4
 Iskenderun's Mystic Bla  Conj/Tloc      100%       2d19      0%          4
 Leda's Liquefaction      Hex/Erth       72%        N/A       0%          4
 Olgreb's Toxic Radiance  Pois           100%       N/A       0%          4
 Passage of Golubria      Tloc           100%       N/A       0%          4
 Petrify                  Tmut/Erth      100%       N/A       0%          4
 Sticky Flame             Conj/Fire      100%       2d11      0%          4
 Summon Ice Beast         Ice/Summ       100%       N/A       0%          4
 Summon Lightning Spire   Summ/Air       100%       N/A       0%          4
 Agony                    Necr           100%       N/A       0%          5
 Alistair's Intoxication  Tmut/Pois      80%        N/A       0%          5
 Blade Hands              Tmut           60%        N/A       0%          5
 Borgnjor's Vile Clutch   Necr/Erth      85%        N/A       0%          5
 Fireball                 Conj/Fire      72%        3d27      0%          5
 Freezing Cloud           Conj/Ice/Air   85%        6-21      0%          5
 Irradiate                Conj/Tmut      60%        3d31      0%          5
 Iskenderun's Battlesphe  Conj           100%       2d15      0%          5
 Lee's Rapid Deconstruct  Erth           72%        3d34*     0%          5
 Lightning Bolt           Conj/Air       72%        1d98      0%          5
 Manifold Assault         Tloc           100%       N/A       0%          5
 Metabolic Englaciation   Hex/Ice        72%        N/A       0%          5
 Silence                  Hex/Air        72%        N/A       0%          5
 Summon Forest            Summ/Tloc      60%        N/A       0%          5
 Summon Mana Viper        Hex/Summ       100%       N/A       0%          5
 Yara's Violent Unravell  Hex/Tmut       60%        3d23      0%          5
 Conjure Ball Lightning   Conj/Air       72%        3x3d27    0%          6
 Death Channel            Necr           72%        N/A       0%          6
 Dispersal                Tloc           60%        N/A       0%          6
 Eringya's Noxious Bog    Tmut/Pois      60%        N/A       0%          6
 Iron Shot                Conj/Erth      72%        9d13      0%          6
 Simulacrum               Ice/Necr       85%        N/A       0%          6
 Starburst                Conj/Fire      72%        6d19      0%          6
 Statue Form              Tmut/Erth      96%        N/A       0%          6
 Summon Cactus Giant      Summ           60%        N/A       0%          6
 Dragon Form              Tmut           60%        N/A       0%          7
 Enfeeble                 Hex            60%        N/A       0%          7
 Haunt                    Necr/Summ      72%        N/A       0%          7
 Malign Gateway           Summ/Tloc      60%        N/A       0%          7
 Monstrous Menagerie      Summ           60%        N/A       0%          7
 Orb of Destruction       Conj           60%        9d15      0%          7
 Ozocubu's Refrigeration  Ice            72%        4d23      0%          7
 Spellforged Servitor     Conj/Summ      60%        N/A       0%          7
 Storm Form               Tmut/Air       72%        N/A       0%          7
 Summon Hydra             Summ           60%        N/A       0%          7
 Borgnjor's Revivificati  Necr           72%        N/A       1%          8
 Disjunction              Tloc           60%        N/A       1%          8
 Infestation              Necr           72%        N/A       1%          8
 Lehudib's Crystal Spear  Conj/Erth      72%        10d16     1%          8
 Maxwell's Capacitive Co  Air            72%        ∞         1%          8
 Summon Horrible Things   Summ           60%        N/A       1%          8
 Chain Lightning          Conj/Air       72%        3d96      1%          9


Dungeon Overview and Level Annotations

Branches:
Dungeon (15/15)            Temple (1/1) D:4            Lair (5/5) D:11
 Shoals (4/4) Lair:2        Snake (4/4) Lair:2        Slime (5/5) Lair:4
    Orc (2/2) D:10            Elf (3/3) Orc:2        Vaults (5/5) D:13
  Crypt (3/3) Vaults:3       Tomb (3/3) Crypt:3      Depths (4/4) D:15
   Hell (visited)             Dis (0/7) Hell            Geh (0/7) Hell
    Coc (0/7) Hell            Tar (0/7) Hell            Zot (0/5) Depths:4
  IceCv (visited)          WizLab (visited)         Gauntlet (visited)

Altars:
Ashenzari
Cheibriados
Dithmenos
Fedhas
Gozag
Hepliaklqana
Kikubaaqudgha
Makhleb
Nemelex Xobeh
Okawaru
Qazlal
Ru
Sif Muna
Trog
Uskayaw
Vehumet
Wu Jian
Xom
Yredelemnul
Jiyva

Shops:
D:8 (   D:9 [   D:10 ?   Orc:2 **?(*=   Elf:3 (   Snake:2 =   Snake:4 **!*[
Vaults:2 *(?*   Vaults:5 =

Portals:
Hell: Depths:1 Depths:2 Depths:3 Depths:4
Abyss: Snake:2 Depths:2 Depths:3
Pandemonium: Depths:2
Ziggurat: Hell


Innate Abilities, Weirdness & Mutations

You are an undead lich.
Your unarmed attacks are suffused with negative energy.
You are immune to unholy pain and torment.
Your necromantic spells are more powerful.
You cannot drink.
You have claws for hands.
You are powered by pain.
Your magical and physical power is greatly enhanced at high health.
((When seriously injured, your blood forms very thick armour. (AC +0)))
Spells you cast and wands you use may paralyse nearby enemies.
You have a pair of small antennae on your head.
You possess an exceptional clarity of mind.
You are strong-willed. (Will+)
Your system is resistant to poisons. (rPois)
Your muscles are strong. (Str +4, Int/Dex -1)


Message History

* * * LOW HITPOINT WARNING * * *
You blink.
A demonspawn warmonger, a demonspawn corrupter, a green death and a shadow demon come into view.
The demonspawn warmonger is wielding a +2 demon whip of freezing, wearing a +3 chain mail of cold resistance and wearing a +0 tower shield of protection.
The demonspawn corrupter is wielding a +0 demon whip of venom.
Found a dagger.
The demonspawn warmonger calls down the wrath of its god upon you.
Your magic feels more tainted.
The green death closely misses you.
The green death is temporarily struck blind!
The Brimstone Fiend barely misses you.
The Brimstone Fiend completely misses you.
The Brimstone Fiend hits you but does no damage.
A demonspawn blood saint comes into view.
It is wielding a +0 vampiric dagger.
A demonspawn black sun comes into view. It is wielding a +0 demon blade.
The ynoxinul moves out of view.
The green death moves out of view.
The orange demon moves out of view.
The large abomination moves out of view.
The demonspawn blood saint moves out of view.
The hell beast moves out of view. x2; The blizzard demon moves out of view.
You are unable to access your magic!
Unknown command.
Okay, then.
Unknown command.
Unknown command.
Okay, then.
Unknown command.
Unknown command.
Blink to where?
Press: ? - help, Dir - move target
Found eleven items.
As you read the scroll of blinking, it crumbles to dust.
Your attacks no longer feel as feeble.
You regain access to your magic.
You hear a shout!
The demonspawn warmonger calls upon its god to speed up the demonspawn blood saint.
The demonspawn blood saint seems to speed up.
The green death gestures at you.
The blast of poison engulfs the Brimstone Fiend.
The Tzitzimitl gestures at you.
You convulse!
You die...

6).12.2.)1A.6.§§§
)[$):26).H.36)4))..)§§1§
!|?)X32.2..6.6......§.§▓
▓:"|..≈≈≈6622.§1≈.2.1.▓▓
▓}2.4≈8≈...61≈.≈1...▓▓
▓..2§≈≈21112≈≈≈3..▓▓
▓.....§1☼☼.1.1.§▓▓
▓....23211....▓▓
▓.L..X§.....▓▓
▓▓▓▓▓▓▓▓▓▓▓▓▓


You could see a demonspawn warmonger (fast, inner flame, black mark, resistant,
drained), a Tzitzimitl (fast, strong, resistant), 4 Brimstone Fiends, 2 Ice
Fiends, a cacodemon (fast, resistant), 5 demonspawn blood saints, a demonspawn
black sun (berserk, fast, resistant), a sphinx (agile), 2 hell beasts, 3
lorocyprocas, a reaper (berserk, fast, strong, agile), a balrug (fast, inner
flame, strong), 2 green deaths, an Executioner (fast, strong, black mark,
resistant), a blizzard demon (wandering, agile, resistant), an orange demon
(strong, resistant), 2 large abominations, a rust devil (fast, resistant), a
sixfirhy (fast, resistant) and 2 ynoxinuls.

Vanquished Creatures
  Cerebov (Pan)
  the Royal Jelly (Slime:5)
  Gloorx Vloq (Pan)
  Dissolution (Slime:3)
  Lom Lobon (Pan)
  Mnoleg (Pan)
  86 dread liches
  Khufu (Tomb:3)
  87 ancient liches
  Mara (Depths:1)
  Mennas (Pan)
  40 juggernauts
  Josephina (Depths:2)
  Sojobo (Depths:1)
  122 royal mummies
  21 shard shrikes
  Boris (Crypt:3)
  Margery (Vaults:2)
  93 Killer Klowns
  Bai Suzhen (Depths:2)
  A curse toe (Crypt:3)
  207 pandemonium lords
  Geryon (Hell)
  65 caustic shrikes
  Nikola (Snake:1)
  105 golden dragons
  The ghost of Jetyrhek the Devastator, a veteran GrEE of Lugonu (Crypt:1)
  Jory (Crypt:2)
  35 profane servitors
  5 pearl dragons
  93 bone dragons
  67 iron giants
  112 Brimstone Fiends
  2 iron giants (shapeshifter)
  86 hellephants
  42 Tzitzimimeh
  143 Hell Sentinels
  85 tentacled monstrosities
  2 shard shrike skeletons
  69 Ice Fiends
  A tainted leviathan (Zig:3)
  6 quicksilver dragons (shapeshifter)
  126 searing wretches
  65 liches
  4 walking earthen tomes
  110 titans
  172 acid blobs
  20 quicksilver dragons
  Asterion (Vaults:1)
  72 deep elf master archers
  An acid blob (shapeshifter) (Zig:17)
  79 deep elf blademasters
  The ghost of Ruk Syex the Severer, an adept MiFi of Cheibriados (Vaults:1)
  47 sphinxes
  5 sphinxes (shapeshifter)
  A kraken (Shoals:3)
  102 tentacled starspawn
  Agnes (D:15)
  106 ancient champions
  3 eldritch tentacles
  10 shadow dragons
  96 Executioners
  6 storm dragons
  Kirke (Snake:1)
  The ghost of sydd the Eclecticist, an adept DgEE (Shoals:4)
  33 tengu reavers
  4 shadow dragons (shapeshifter)
  6 thorn hunters
  Ilsuiw (Shoals:4)
  Donald (Vaults:1)
  A storm dragon (shapeshifter) (Zig:17)
  10 azure jellies (shapeshifter)
  177 nagarajas
  50 rockslimes
  67 draconian monks
  5 fenstrider witches
  48 fire giants
  82 revenants
  3 emperor scorpions (shapeshifter)
  68 demonspawn warmongers
  53 azure jellies
  11 fenstrider witches (shapeshifter)
  A fire giant (shapeshifter) (Zig:17)
  37 narguns
  86 cacodemons
  5 daevas
  72 draconian scorchers
  79 orc warlords
  55 frost giants
  4 frost giants (shapeshifter)
  2 ghost moths (shapeshifter)
  242 balrugs
  46 iron dragons
  17 deep elf sorcerers
  A shard shrike simulacrum (Abyss:3)
  53 emperor scorpions
  62 draconian knights
  46 vault wardens
  66 draconian shifters
  7 juggernaut zombies
  71 quicksilver elementals
  82 ghost moths
  Aizul (Snake:1)
  7 caustic shrike skeletons
  27 ghouls
  2 caustic shrike zombies
  64 draconian stormcallers
  6 angels
  The ghost of Zarnosh the Convoker, a journeyman DgSu (Snake:2)
  113 demonspawn corrupters
  87 reapers
  5 broodmothers
  8 deep elf elementalists
  89 war gargoyles
  74 draconian annihilators
  47 ironbound preservers
  43 quicksilver oozes
  2 spectral caustic shrikes (WizLab)
  53 curse skulls
  69 demonspawn blood saints
  A broodmother (shapeshifter) (Zig:25)
  10 stone giants (shapeshifter)
  111 stone giants
  A quicksilver ooze (shapeshifter) (Zig:17)
  22 bennus
  88 very ugly things
  74 lorocyprocas
  2 starflowers (Abyss:3)
  2 ophanim
  6 juggernaut skeletons
  244 starcursed masses
  2 putrid mouths (Zig:3)
  9 eleionomae (shapeshifter)
  7 ironbound thunderhulks
  18 dire elephants
  3 entropy weavers (shapeshifter)
  74 vampire knights
  71 deep elf demonologists
  32 purple draconians
  43 wendigos
  67 deep elf annihilators
  31 black draconians
  27 eleionomae
  40 bunyips
  7 dire elephants (shapeshifter)
  23 green draconians
  4 halazid warlocks (WizLab)
  4 bunyips (shapeshifter)
  24 red draconians
  A spark wasp (shapeshifter) (Zig:13)
  60 demonspawn black suns
  A spectral titan (WizLab)
  31 yellow draconians
  A minotaur (Gauntlet)
  24 white draconians
  4 minotaurs (shapeshifter)
  71 entropy weavers
  9 spark wasps
  58 eidola
  91 blizzard demons
  5 quicksilver dragon zombies
  64 merfolk javelineers
  98 mummy priests
  The ghost of MisterFreud the Cruncher, a journeyman FoGl of Yredelemnul (Lair:1)
  A fire dragon (shapeshifter) (Zig:19)
  108 iron golems
  26 jiangshi
  30 ettins
  Snorg (D:11)
  158 green deaths
  2 ettins (shapeshifter)
  43 deep elf death magi
  9 fire dragons
  28 crystal guardians
  71 deep elf high priests
  61 merfolk impalers
  6 spriggan zombies
  61 shambling mangroves
  39 yaktaur captains
  46 great orbs of eyes
  11 rakshasas
  2 hydras (shapeshifter)
  35 vault guards
  An ice dragon (shapeshifter) (Zig:23)
  A quicksilver dragon skeleton (Zig:27)
  3 great orbs of eyes (shapeshifter)
  2 juggernaut simulacra
  35 hell beasts
  A peacekeeper (Vaults:3)
  A catoblepas (shapeshifter) (Zig:25)
  7 catoblepae
  124 hydras
  10 ironbound frosthearts
  23 boulder beetles
  3 anacondas (shapeshifter)
  6 caustic shrike simulacra
  17 merfolk avatars
  A jorogumo (shapeshifter) (Zig:21)
  174 salamander tyrants
  24 ice dragons
  13 ghost crabs
  17 radroaches
  8 spriggan skeletons
  11 ogre magi
  3 two-headed ogres (shapeshifter)
  7 spriggan air magi
  40 anacondas
  29 centaur warriors
  20 alligator snapping turtles
  2 death yaks (shapeshifter)
  6 jorogumos
  Erica (D:9)
  A satyr (shapeshifter) (Zig:21)
  4 death knights
  A radroach (shapeshifter) (Zig:25)
  4 alligator snapping turtles (shapeshifter)
  23 two-headed ogres
  28 alligators
  120 merfolk aquamancers
  30 satyrs
  81 death scarabs
  7 death yaks
  8 deep troll shamans
  9 stokers
  41 hell hogs
  11 tengu warriors
  66 naga warriors
  79 vampire magi
  105 dancing weapons
  10 deep troll earth magi
  6 titan zombies
  65 orc high priests
  Urug (Orc:2)
  90 thrashing horrors
  3 shock serpents (shapeshifter)
  108 soul eaters
  83 naga sharpshooters
  43 hell knights
  A spriggan berserker (Zig:15)
  6 holy swine (Pan)
  42 deep elf knights
  73 shock serpents
  69 sixfirhies
  48 iron trolls
  6 storm dragon zombies
  A fire crab (Gauntlet)
  41 crystal echidnas
  2 fire crabs (shapeshifter)
  196 sun demons
  8 iron trolls (shapeshifter)
  6 titan skeletons
  8 golden dragon zombies
  114 wretched stars
  58 sea snakes
  59 shadow wraiths
  3 spectral spark wasps (WizLab)
  A bunyip zombie (Tomb:2)
  25 spatial maelstroms
  7 storm dragon skeletons
  15 salamander mystics
  24 pharaoh ants
  15 sun moths
  342 large abominations
  8 death drakes (shapeshifter)
  An anaconda zombie (Crypt:2)
  41 flayed ghosts
  A cherub (Pan)
  78 deep trolls
  24 goliath frogs
  2 deep trolls (shapeshifter)
  49 death drakes
  An iron giant zombie (Crypt:2)
  A glowing orange brain (shapeshifter) (Vaults:5)
  4 sea snakes (shapeshifter)
  3 orb spiders (shapeshifter)
  23 spriggan druids
  85 swamp dragons
  39 glowing orange brains
  60 skeletal warriors
  16 steelbarb worms
  5 swamp dragons (shapeshifter)
  23 obsidian statues
  14 wizards
  16 bog bodies
  3 steelbarb worms (shapeshifter)
  50 deep elf archers
  24 ironbound convokers
  52 orb spiders
  22 orange crystal statues
  A harpy (shapeshifter) (D:13)
  58 shadow demons
  An anaconda skeleton (Crypt:3)
  34 naga ritualists
  104 harpies
  9 lindwurms
  35 orc knights
  A bunyip skeleton (Pan)
  7 golden dragon skeletons
  5 tengu zombies
  27 necromancers
  5 lindwurms (shapeshifter)
  5 sphinx zombies
  37 orc sorcerers
  5 shadow dragon skeletons
  2 shadow dragon zombies
  61 phantasmal warriors
  97 deep elf zephyrmancers
  A spectral spriggan (WizLab)
  2 iron dragon zombies
  58 fauns
  32 salamanders
  6 wolf spiders (shapeshifter)
  80 deep elf pyromancers
  75 ugly things
  An oklob plant (Zig:23)
  A fire giant zombie (Zig:12)
  47 manticores
  49 shining eyes
  5 mana vipers (shapeshifter)
  A faun (shapeshifter) (Zig:13)
  5 tengu skeletons
  3 frost giant zombies
  34 will-o-the-wisps
  A toenail golem (Zig:20)
  A glowing shapeshifter (Zig:13)
  35 mana vipers
  3 shining eyes (shapeshifter)
  84 moths of wrath
  22 wolf spiders
  A manticore (shapeshifter) (Elf:2)
  7 sphinx skeletons
  10 elephants
  20 worldbinders
  44 cyclopes
  2 iron dragon skeletons
  2 centaur zombies
  A moth of wrath (shapeshifter) (Zig:13)
  A stone giant skeleton (Abyss:3)
  Maurice (D:9)
  21 rust devils
  3 water nymphs (shapeshifter)
  3 cyclopes (shapeshifter)
  57 guardian serpents
  2 fire giant skeletons (Zig:11)
  98 naga magi
  40 eyes of devastation
  3 frost giant skeletons
  49 merfolk sirens
  Joseph (Lair:1)
  2 eyes of devastation (shapeshifter)
  6 molten gargoyles (Hell)
  35 vault sentinels
  244 smoke demons
  21 ice statues
  2 elephants (shapeshifter)
  2 torpor snails (shapeshifter)
  166 black mambas
  A black mamba (shapeshifter) (Zig:14)
  82 apocalypse crabs
  3 guardian serpents (shapeshifter) (Zig:17)
  137 water nymphs
  2 titan simulacra (Zig:21)
  21 cane toads
  A centaur skeleton (Abyss:3)
  12 gargoyles
  An alligator snapping turtle zombie (Crypt:2)
  68 torpor snails
  A death yak zombie (Lair:4)
  5 unseen horrors
  77 orange demons
  2 spectral sea snakes (Shoals:4)
  18 freezing wraiths
  125 hellions
  A rime drake (shapeshifter) (Zig:21)
  Psyche (D:9)
  70 demonic crawlers
  2 komodo dragons (shapeshifter)
  An alligator snapping turtle skeleton (Pan)
  3 kobold demonologists
  4 dire elephant skeletons
  63 yaktaurs
  97 tormentors
  15 komodo dragons
  3 unseen horrors (shapeshifter)
  23 rime drakes
  An unseen horror zombie (D:13)
  4 spark wasp simulacra
  A golden dragon simulacrum (Depths:2)
  2 bunyip simulacra (Hell)
  214 guardian mummies
  A grey draconian skeleton (Crypt:3)
  4 anaconda simulacra
  A minotaur skeleton (Crypt:2)
  60 hellwings
  2 silent spectres
  20 ice devils
  3 tengu conjurers
  18 efreet
  26 red devils
  3 shadow dragon simulacra
  2 human zombies
  104 ancient zymes
  A spectral harpy (WizLab)
  2 polar bears (shapeshifter)
  7 polar bears
  A hydra zombie (Abyss:3)
  3 harpy zombies
  4 meliai
  A meliai (shapeshifter) (Zig:17)
  210 merfolk
  2 merfolk (shapeshifter)
  30 trolls
  12 tyrant leeches
  A queen bee (shapeshifter) (Zig:3)
  A troll (shapeshifter) (Zig:9)
  14 tarantellas
  2 tengu simulacra
  Prince Ribbit (D:8)
  11 bloated husks
  A tyrant leech (shapeshifter) (Zig:21)
  A culicivora zombie (Crypt:1)
  4 tarantellas (shapeshifter)
  118 hornets
  28 wind drakes
  A harpy skeleton (Pan)
  3 raiju (shapeshifter)
  A tarantella zombie (Crypt:2)
  7 slime creatures (shapeshifter)
  2 hydra skeletons
  A hornet (shapeshifter) (Zig:3)
  A sphinx simulacrum (Zig:11)
  218 slime creatures
  9 dream sheep
  2 spectral manticores (Shoals:4)
  An ettin zombie (Vaults:5)
  107 raiju
  5 dream sheep (shapeshifter)
  A blink frog (shapeshifter) (D:15)
  2 iron dragon simulacra
  47 snapping turtles
  2 snapping turtles (shapeshifter) (Zig:19)
  A boulder beetle zombie (D:13)
  22 blink frogs
  Sigmund (D:3)
  2 jumping spiders (shapeshifter)
  118 flying skulls
  An ice dragon skeleton (Crypt:2)
  3 spriggans (shapeshifter)
  20 air elementals
  A naga simulacrum (Tomb:3)
  A spectral black mamba (Gauntlet)
  2 culicivoras (shapeshifter)
  17 culicivoras
  3 vampires
  7 shadows
  A dire elephant simulacrum (IceCv)
  A black mamba zombie (Crypt:1)
  19 jumping spiders
  28 yaks
  An ettin skeleton (Vaults:5)
  15 spriggans
  84 water elementals
  10 wraiths
  9 wyverns
  A wyvern (shapeshifter) (Vaults:5)
  97 ynoxinuls
  3 black mamba skeletons
  25 fire elementals
  4 hogs (Snake:1)
  86 ushabtiu
  A steam dragon (shapeshifter) (Zig:17)
  6 basilisks
  35 golden eyes
  A human (shapeshifter) (Zig:24)
  25 fire bats
  A fire bat (shapeshifter) (Vaults:5)
  132 neqoxecs
  4 steam dragons
  2 redbacks (shapeshifter)
  31 redbacks
  10 vampire mosquitoes
  104 chaos spawn
  A sea snake simulacrum (Shoals:4)
  Menkaure (D:4)
  35 spatial vortices
  6 harpy simulacra
  4 swamp worms (shapeshifter)
  An acid dragon (shapeshifter) (Abyss:3)
  100 nagas
  3 naga zombies
  A two-headed ogre zombie (Crypt:2)
  10 acid dragons
  12 glowing shapeshifter zombies
  24 wargs
  A water moccasin (shapeshifter) (Zig:27)
  2 naga skeletons
  A two-headed ogre skeleton (Pan)
  Duvessa (D:7)
  9 hell hounds
  A merfolk skeleton (Crypt:3)
  A spectral snapping turtle (Shoals:4)
  32 water moccasins
  3 floating eyes (shapeshifter)
  2 hydra simulacra (IceCv)
  18 floating eyes
  2 glowing shapeshifter skeletons
  5 swamp drakes
  A manticore zombie (D:13)
  112 orc warriors
  4 sky beasts
  17 ice beasts
  A merfolk simulacrum (Shoals:4)
  2 black bears (shapeshifter)
  2 black bears
  An ice beast (shapeshifter) (Zig:17)
  An alligator simulacrum (IceCv)
  A sky beast (shapeshifter) (Zig:21)
  59 ogres
  A blink frog zombie (Lair:1)
  An ettin simulacrum (IceCv)
  A fire dragon simulacrum (Hell)
  4 spriggan simulacra
  A swamp dragon zombie (Abyss:1)
  8 centaurs
  11 wolves
  2 wolves (shapeshifter)
  A wind drake simulacrum (Shoals:4)
  3 phantoms
  2 hog skeletons
  2 kobold brigands
  7 bullfrogs
  3 gnoll sergeants
  2 glowing shapeshifter simulacra (Zig:19)
  5 scorpions
  34 earth elementals
  5 necrophages
  A salamander skeleton (Crypt:1)
  A cyclops skeleton (Crypt:3)
  3 wights
  Dowan (D:7)
  A troll zombie (Orc:2)
  2 polar bear zombies
  13 killer bees
  A manticore simulacrum (Shoals:4)
  2 lindwurm simulacra (IceCv)
  A snapping turtle simulacrum (Shoals:4)
  An electric eel (D:14)
  4 howler monkeys
  11 quasits
  5 crimson imps
  2 hounds
  35 orc priests
  A gnoll bouda (D:7)
  11 iron imps
  3 jellies
  Jessica (D:3)
  3 iguanas
  35 orc wizards
  7 lightning spires
  7 hell rats
  96 small abominations
  An ice beast zombie (Crypt:1)
  3 ogre zombies
  An ogre skeleton (Crypt:2)
  A hound skeleton (Crypt:3)
  323 mummies
  19 gnolls
  9 adders
  A steam dragon zombie (Crypt:2)
  A swamp drake skeleton (Crypt:3)
  3 shadow imps
  14 white imps
  11 ufetubi
  2 worms
  A dart slug (D:2)
  71 orcs
  3 bats
  6 endoplasms
  2 giant cockroaches
  6 goblins
  5 hobgoblins
  2 quokkas (D:4)
  6 ball pythons
  3 frilled lizards
  A giant cockroach zombie (Crypt:1)
  13 kobolds
  10 orc zombies
  5 rats
  28 ball lightnings
  2 blocks of ice
  7 briar patches (Zig:24)
  A bush (Lair:5)
  186 fire vortices
  6 lurking horrors
  6 plants
  68 starspawn tentacles
  A tentacle (Shoals:3)
17346 creatures vanquished.

Vanquished Creatures (collateral kills)
  2 juggernauts (Zig:23)
  A royal mummy (Zig:27)
  2 Killer Klowns (Zig:12)
  A golden dragon (Zig:10)
  2 pandemonium lords
  A Brimstone Fiend (Zig:4)
  A hellephant (Zig:16)
  5 deep elf blademasters (Zig:26)
  7 titans (Zig:23)
  4 deep elf master archers (Zig:26)
  An Ice Fiend (Zig:4)
  4 acid blobs (Zig:24)
  A sphinx (shapeshifter) (Zig:24)
  2 sphinxes
  A nagaraja (Zig:17)
  4 rockslimes (Zig:24)
  A fenstrider witch (shapeshifter) (Zig:24)
  4 draconian monks
  A demonspawn warmonger (Zig:26)
  2 frost giants
  An azure jelly (Zig:24)
  5 fire giants
  An emperor scorpion (Zig:8)
  4 draconian scorchers
  6 orc warlords
  An emperor scorpion (shapeshifter) (Zig:24)
  3 vault wardens (Zig:10)
  A ghost moth (Zig:8)
  5 draconian shifters
  2 balrugs
  7 draconian stormcallers
  4 very ugly things
  10 draconian annihilators
  A quicksilver ooze (Zig:24)
  4 green draconians (Zig:16)
  3 black draconians
  4 stone giants
  6 deep elf annihilators (Zig:26)
  4 entropy weavers (Zig:8)
  7 deep elf demonologists (Zig:26)
  A white draconian (Zig:16)
  A spark wasp (Zig:8)
  2 yellow draconians (Zig:16)
  A dire elephant (shapeshifter) (Zig:26)
  3 red draconians (Zig:6)
  A blizzard demon (Zig:4)
  3 purple draconians (Zig:6)
  A deep elf death mage (Zig:26)
  An ettin (Zig:10)
  A merfolk impaler (Zig:27)
  2 yaktaur captains (Zig:10)
  6 deep elf high priests
  2 vault guards (D:13)
  A rakshasa (D:13)
  A naga warrior (Zig:17)
  A merfolk avatar (Zig:27)
  A radroach (Zig:6)
  An anaconda (shapeshifter) (Zig:10)
  3 two-headed ogres
  A merfolk aquamancer (Zig:27)
  2 ogre magi
  A satyr (Zig:27)
  4 dancing weapons (Zig:26)
  A naga sharpshooter (Zig:17)
  11 orc high priests (Zig:13)
  Sonja (Orc:2)
  4 deep elf knights (Zig:26)
  A fire crab (shapeshifter) (Zig:26)
  A wretched star (Zig:22)
  A pharaoh ant (Zig:8)
  4 steelbarb worms (Zig:8)
  A deep troll (Orc:2)
  2 orb spiders (shapeshifter) (Zig:10)
  2 steelbarb worms (shapeshifter) (Zig:10)
  A sea snake (shapeshifter) (Zig:10)
  4 orb spiders (Zig:8)
  3 harpies
  3 phantasmal warriors (Zig:10)
  3 orc knights
  2 deep elf archers
  2 deep elf zephyrmancers (Zig:26)
  A sea snake (Lair:5)
  A sphinx zombie (Zig:27)
  6 deep elf pyromancers (Zig:26)
  An ironbound convoker (Zig:10)
  A lindwurm (Lair:2)
  2 wolf spiders (Zig:8)
  A wolf spider (shapeshifter) (Zig:10)
  2 mana vipers (shapeshifter) (Zig:10)
  6 orc sorcerers (Zig:13)
  8 cyclopes
  4 manticores
  An elephant (Lair:4)
  4 moths of wrath
  4 black mambas
  2 guardian serpents (Zig:17)
  4 torpor snails (Zig:8)
  A guardian serpent (shapeshifter) (Zig:10)
  A human skeleton (Vaults:2)
  A water nymph (Zig:27)
  2 vault sentinels (Zig:10)
  A smoke demon (Pan)
  A kobold demonologist (D:9)
  2 cane toads
  2 demonic crawlers
  A freezing wraith (Zig:10)
  4 komodo dragons
  2 tormentors
  A large abomination (Zig:26)
  4 merfolk
  A troll (shapeshifter) (Zig:24)
  A hornet (Lair:5)
  A sphinx simulacrum (Vaults:2)
  4 trolls
  3 polar bears
  2 tarantellas (Zig:8)
  6 blink frogs
  A snapping turtle (Zig:27)
  5 slime creatures
  2 jumping spiders (Zig:8)
  A centaur simulacrum (D:13)
  A culicivora (Zig:8)
  A water elemental (Zig:26)
  A wraith (D:10)
  An air elemental (Zig:26)
  2 wyverns
  12 yaks
  2 ushabtiu (Zig:27)
  3 chaos spawn
  2 vampire mosquitoes (D:13)
  An acid dragon (D:10)
  5 wargs
  A water moccasin (Lair:5)
  A floating eye (shapeshifter) (Zig:10)
  19 orc warriors
  13 ogres
  4 wolves
  An earth elemental (Zig:26)
  4 killer bees (D:10)
  A starcursed mass (Zig:22)
  5 orc priests
  3 orc wizards
  3 mummies (Zig:27)
  A gnoll (D:7)
  7 orcs
  2 ball pythons
  A goblin (D:4)
  A frilled lizard (D:2)
  3 rats
  2 foxfires
415 creatures vanquished.

Vanquished Creatures (others)
  A dread lich (Zig:23)
  3 juggernauts (Zig:23)
  13 Killer Klowns
  27 pandemonium lords
  A caustic shrike (shapeshifter) (Zig:24)
  A golden dragon (Zig:24)
  An iron giant (Zig:23)
  4 tentacled monstrosities
  2 Ice Fiends (Zig:20)
  3 Brimstone Fiends
  4 deep elf blademasters (Zig:26)
  A quicksilver dragon (shapeshifter) (Zig:20)
  An acid blob (shapeshifter) (Zig:24)
  A deep elf master archer (Zig:26)
  A quicksilver dragon (Zig:17)
  2 eldritch tentacles
  2 draconian monks (Zig:16)
  A nagaraja (Zig:26)
  A tengu reaver (Zig:10)
  A shadow dragon (shapeshifter) (Zig:25)
  An azure jelly (shapeshifter) (Zig:17)
  A fenstrider witch (Zig:15)
  A fenstrider witch (shapeshifter) (Zig:17)
  A draconian knight (Zig:16)
  A demonspawn warmonger (Zig:26)
  A fire giant (shapeshifter) (Zig:25)
  An emperor scorpion (Zig:8)
  2 rockslimes (Zig:24)
  2 fire giants (Zig:23)
  2 orc warlords (Zig:13)
  A draconian scorcher (Zig:6)
  A frost giant (Zig:23)
  3 ghost moths (Zig:8)
  An iron dragon (Zig:21)
  2 draconian annihilators (Zig:16)
  A draconian stormcaller (Zig:27)
  4 very ugly things
  2 broodmothers (Zig:8)
  2 demonspawn blood saints
  2 stone giants
  2 stone giants (shapeshifter) (Zig:24)
  2 deep elf demonologists (Zig:26)
  2 lorocyprocas
  2 green draconians (Zig:16)
  2 eleionomae (shapeshifter)
  A white draconian (Zig:16)
  A bunyip (Zig:15)
  A red draconian (Zig:16)
  An entropy weaver (Zig:8)
  2 deep elf annihilators (Zig:26)
  A deep elf death mage (Zig:19)
  An ettin (Zig:23)
  3 green deaths
  A shambling mangrove (Zig:18)
  2 blizzard demons (Zig:21)
  A salamander tyrant (Zig:8)
  A hydra (Zig:18)
  An alligator (Zig:18)
  A jorogumo (Zig:8)
  2 alligator snapping turtles (shapeshifter)
  3 merfolk aquamancers
  A shock serpent (shapeshifter) (Zig:24)
  3 orc high priests (Zig:13)
  A sun demon (Zig:20)
  A sixfirhy (Pan)
  A wretched star (Zig:17)
  A deep elf knight (Elf:2)
  An orb spider (Zig:8)
  A sea snake (Zig:27)
  3 spatial maelstroms
  3 death drakes
  A goliath frog (shapeshifter) (Zig:24)
  A pharaoh ant (Zig:6)
  A steelbarb worm (shapeshifter) (Zig:20)
  4 swamp dragons
  A phantasmal warrior (Zig:23)
  A glowing orange brain (shapeshifter) (Zig:20)
  A harpy (shapeshifter) (Zig:25)
  4 deep elf pyromancers
  An orc knight (Zig:13)
  A wolf spider (Zig:8)
  A deep elf zephyrmancer (Zig:26)
  A manticore (Shoals:2)
  An ugly thing zombie (D:13)
  3 ugly things
  A faun (Zig:27)
  An orc sorcerer (Zig:13)
  A cyclops (shapeshifter) (Zig:25)
  A moth of wrath (Zig:13)
  A black mamba (Zig:17)
  2 smoke demons (Abyss:3)
  10 apocalypse crabs
  A black mamba (shapeshifter) (Zig:24)
  A guardian serpent (Zig:23)
  A vault sentinel (Vaults:1)
  A hellion (Pan)
  A hellwing (Zig:20)
  2 tormentors
  A guardian mummy (Zig:27)
  A freezing wraith (Zig:10)
  A merfolk (Zig:27)
  A red devil (Zig:20)
  2 ancient zymes (Abyss:3)
  2 trolls (Zig:13)
  A meliai (shapeshifter) (Zig:25)
  A tyrant leech (shapeshifter) (Zig:20)
  A troll (shapeshifter) (Zig:25)
  A hornet (Zig:15)
  4 large abominations
  A snapping turtle (Zig:12)
  A raiju (Abyss:3)
  A stone giant simulacrum (Depths:2)
  A black mamba zombie (Lair:5)
  3 water elementals
  An air elemental (Zig:26)
  A culicivora (Zig:8)
  A wyvern (Zig:23)
  A spriggan (shapeshifter) (Zig:25)
  A starcursed mass (Abyss:3)
  A fire elemental (Zig:24)
  7 chaos spawn
  A redback (shapeshifter) (Zig:10)
  A golden eye (Slime:3)
  A redback (Zig:10)
  An elf zombie (D:13)
  A naga (Zig:8)
  A tengu zombie (D:13)
  10 two-headed ogre zombies
  2 floating eyes (shapeshifter)
  A floating eye (Zig:18)
  2 manticore zombies (Lair:5)
  A black bear (shapeshifter) (Zig:21)
  6 human zombies
  3 blink frog zombies
  An ogre (Zig:13)
  A vampire mosquito zombie (D:13)
  A komodo dragon zombie (Lair:5)
  A wyvern zombie (D:10)
  2 cyclops zombies (D:13)
  2 water moccasin zombies
  A warg zombie (Orc:2)
  A small abomination (Abyss:3)
  A troll zombie (Orc:2)
  11 yak zombies
  5 wolf zombies
  2 bullfrog zombies (Lair:2)
  2 centaur zombies (D:10)
  An orc wizard (Orc:1)
  A lightning spire (Zig:21)
  8 killer bee zombies (D:10)
  2 acid dragon zombies
  5 ogre zombies
  A kobold zombie (D:12)
  3 mummies (Zig:27)
  A howler monkey zombie (D:10)
  A white imp (Zig:21)
  3 gnoll zombies (D:7)
  31 orc zombies
  59 ball lightnings
  A block of ice (Pan)
  2 briar patches (Zig:24)
  5 bushes (Abyss:3)
  12 demonic plants
  368 fire vortices
  611 foxfires
  22 fungi
  A lurking horror (Abyss:2)
  239 plants
  58 starspawn tentacles
  7 tentacles (Shoals:3)
  14 withered plants (Gauntlet)
1752 creatures vanquished.

Grand Total: 19513 creatures vanquished

Notes
Turn   | Place    | Note
-------+----------+-------------------------------------------
     0 | D:1      | Ashen the Demonspawn Necromancer began the quest for the
                  | Orb.
     0 | D:1      | Reached XP level 1. HP: 13/13 MP: 3/3
   278 | D:1      | Found a faded altar of an unknown god.
   401 | D:1      | Gained mutation: When seriously injured, your blood forms
                  | armour. (AC +0) [demonic ancestry]
   401 | D:1      | Reached XP level 2. HP: 20/20 MP: 0/5
  1160 | D:2      | Gained mutation: Spells you cast may paralyse adjacent
                  | enemies. [demonic ancestry]
  1160 | D:2      | Reached XP level 3. HP: 9/25 MP: 0/6
  1221 | D:2      | Reached skill level 1 in Fighting
  1923 | D:2      | Learned a level 3 spell: Vampiric Draining
  2146 | D:3      | Noticed Sigmund
  2254 | D:3      | Gained mutation: You sometimes gain a little power by
                  | taking damage. [demonic ancestry]
  2254 | D:3      | Reached XP level 4. HP: 32/32 MP: 2/7
  2382 | D:3      | Noticed Jessica
  2388 | D:3      | Killed Jessica
  2396 | D:3      | Reached skill level 5 in Necromancy
  2808 | D:4      | Learned a level 4 spell: Animate Dead
  2962 | D:4      | Noticed an ogre
  3098 | D:4      | Killed an ogre
  3099 | D:4      | Gained mutation: You have sharp fingernails. [demonic
                  | ancestry]
  3099 | D:4      | Reached XP level 5. HP: 38/38 MP: 5/9
  3187 | D:4      | Noticed Menkaure
  3276 | D:4      | Found a staircase to the Ecumenical Temple.
  3301 | Temple   | Entered the Ecumenical Temple
  3502 | Temple   | Became a worshipper of Vehumet
  4029 | D:5      | Entered Level 5 of the Dungeon
  4043 | D:5      | Reached XP level 6. HP: 29/46 MP: 4/10
  4205 | D:5      | Found a hide-covered altar of Uskayaw.
  4583 | D:5      | Gained mutation: When seriously injured, your blood forms
                  | thick armour. (AC +0) [demonic ancestry]
  4583 | D:5      | Reached XP level 7. HP: 40/51 MP: 5/12
  5726 | D:6      | Learned a level 2 spell: Blink
  5849 | D:6      | Gained mutation: You have very sharp fingernails. [demonic
                  | ancestry]
  5849 | D:6      | Reached XP level 8. HP: 56/60 MP: 14/14
  5893 | D:6      | Found a broken altar of Ashenzari.
  5914 | D:6      | Reached * piety under Vehumet
  5914 | D:6      | Offered knowledge of Foxfire by Vehumet.
  5920 | D:6      | Learned a level 1 spell: Foxfire
  6040 | D:6      | Found an opulent altar of Gozag.
  6060 | D:6      | Found an ancient bone altar of Kikubaaqudgha.
  6263 | D:6      | Found an ornate altar of the Wu Jian Council.
  6268 | D:6      | Reached skill level 1 in Conjurations
  6449 | D:6      | Found a stormy altar of Qazlal.
  6653 | D:6      | Found a burning altar of Makhleb.
  6654 | D:6      | Found a shimmering blue altar of Sif Muna.
  6659 | D:6      | Reached skill level 5 in Stealth
  6936 | D:7      | Reached skill level 5 in Spellcasting
  7277 | D:7      | Found a shimmering altar of Xom.
  7390 | D:7      | Noticed Duvessa
  7390 | D:7      | Noticed Dowan
  7430 | D:6      | Reached XP level 9. HP: 62/67 MP: 11/16
  7472 | D:6      | Reached skill level 5 in Dodging
  7723 | D:7      | Killed Duvessa
  7724 | D:7      | Reached skill level 5 in Fighting
  7736 | D:7      | Killed Dowan
  7736 | D:7      | Reached ** piety under Vehumet
  7736 | D:7      | Offered knowledge of Shock by Vehumet.
  7740 | D:7      | Learned a level 1 spell: Shock
  8689 | D:7      | Found a shimmering altar of Xom.
  8689 | D:7      | Found a shimmering altar of Xom.
  8690 | D:7      | Found a shimmering altar of Xom.
  8691 | D:7      | Found a shimmering altar of Xom.
  8691 | D:7      | Found a shimmering altar of Xom.
  8854 | D:8      | Noticed Erica
  9195 | D:8      | Found Ferchoucu's Antique Weapon Emporium.
  9238 | D:8      | Noticed a two-headed ogre
  9255 | D:8      | Killed a two-headed ogre
  9434 | D:8      | Noticed Prince Ribbit
  9445 | D:8      | Killed Prince Ribbit
  9717 | D:8      | Your ally Prince Ribbit died
  9743 | D:8      | Gained mutation: You sometimes gain power by taking damage.
                  | [demonic ancestry]
  9743 | D:8      | Reached XP level 10. HP: 30/76 MP: 13/19
 10047 | D:8      | Identified 2 scrolls of acquirement
 10047 | D:8      | Acquired the +0 mask of the Dragon {Will+ Slay+3 SInv}
 10047 | D:8      | Found the +0 mask of the Dragon {Will+ Slay+3 SInv}
 10180 | D:8      | Found Ferchoucu's Antique Weapon Emporium.
 10449 | D:7      | Found a shimmering altar of Xom.
 10452 | D:7      | Found a shimmering altar of Xom.
 10452 | D:7      | Found a shimmering altar of Xom.
 10453 | D:7      | Found a shimmering altar of Xom.
 10454 | D:7      | Found a shimmering altar of Xom.
 10454 | D:7      | Found a shimmering altar of Xom.
 11349 | D:8      | Reached skill level 1 in Shields
 11518 | D:9      | Noticed Maurice
 11572 | D:9      | Found Wypitij's Antique Armour Shop.
 11578 | D:9      | Bought a runed cloak for 217 gold pieces
 11642 | D:9      | Noticed a wizard
 11768 | D:9      | Noticed a soul eater
 11770 | D:9      | Reached skill level 5 in Conjurations
 12043 | D:9      | Killed Maurice
 12140 | D:9      | Noticed Psyche
 12246 | D:10     | Entered Level 10 of the Dungeon
 12543 | D:10     | Noticed a two-headed ogre
 12570 | D:10     | Found a staircase to the Orcish Mines.
 12650 | Orc:1    | Entered Level 1 of the Orcish Mines
 12658 | D:10     | Offered knowledge of Inner Flame by Vehumet.
 13073 | Orc:1    | Noticed an orc high priest
 13295 | Orc:1    | Noticed an orc sorcerer
 13311 | D:10     | Reached *** piety under Vehumet
 13376 | Orc:1    | Noticed a two-headed ogre
 13389 | D:10     | Killed an orc sorcerer
 13390 | D:10     | Reached XP level 11. HP: 46/84 MP: 3/21
 13716 | D:11     | Noticed a boulder beetle
 13716 | D:11     | Noticed a brown ugly thing
 13759 | D:11     | Noticed a soul eater
 13890 | D:11     | Killed a boulder beetle
 14240 | D:10     | Found Ommy's Magic Scroll Boutique.
 14246 | D:10     | Bought a scroll of teleportation for 33 gold pieces
 14246 | D:10     | Bought a scroll of teleportation for 33 gold pieces
 14246 | D:10     | Bought a scroll of brand weapon for 104 gold pieces
 14246 | D:10     | Bought a scroll of magic mapping for 82 gold pieces
 14246 | D:10     | Bought a scroll of identify for 22 gold pieces
 14339 | D:10     | Noticed a two-headed ogre
 14459 | D:10     | Noticed a two-headed ogre
 14470 | D:10     | Killed a two-headed ogre
 14671 | D:10     | Killed a two-headed ogre
 14723 | D:10     | Offered knowledge of Mephitic Cloud by Vehumet.
 14729 | D:10     | Learned a level 3 spell: Mephitic Cloud
 14763 | D:10     | Identified the +6 chain mail of Whack-A-Mole {rPois Str+5
                  | Dex-5}
 14908 | D:10     | Reached skill level 10 in Necromancy
 14955 | D:10     | Noticed a two-headed ogre
 15230 | D:10     | Killed a two-headed ogre
 15565 | D:11     | Noticed Snorg
 15610 | D:11     | Killed Snorg
 15748 | D:11     | Identified the +6 flail of Ajuvi {flame, Fly Will- Int+5}
 15766 | D:11     | Noticed a green ugly thing
 15807 | D:11     | Gained mutation: You are powered by pain. [demonic
                  | ancestry]
 15807 | D:11     | Reached XP level 12. HP: 90/94 MP: 18/24
 15811 | D:11     | Reached skill level 5 in Shields
 15848 | D:11     | Noticed a boulder beetle
 15862 | D:11     | Killed a boulder beetle
 16124 | D:11     | Found a staircase to the Lair.
 16266 | D:11     | Noticed a boulder beetle
 16290 | D:11     | Killed a boulder beetle
 16528 | Lair:1   | Entered Level 1 of the Lair of Beasts
 16829 | Lair:1   | Reached skill level 1 in Translocations
 16832 | Lair:1   | Reached **** piety under Vehumet
 16896 | Lair:1   | Found a large runed translucent door.
 16896 | Lair:1   | Found a large runed translucent door.
 16901 | Lair:1   | Noticed MisterFreud's ghost (journeyman FoGl)
 17078 | Lair:1   | Noticed Joseph
 17119 | Lair:1   | Offered knowledge of Freezing Cloud by Vehumet.
 17126 | Lair:1   | Learned a level 5 spell: Freezing Cloud
 17713 | Lair:2   | Reached skill level 1 in Ice Magic
 17713 | Lair:2   | Reached skill level 1 in Air Magic
 17789 | Lair:2   | Found a staircase to the Snake Pit.
 17986 | Lair:2   | Noticed a death yak
 17992 | Lair:2   | Noticed a death yak
 17994 | Lair:2   | Noticed a death yak
 17994 | Lair:2   | Noticed a death yak
 18569 | D:11     | Killed a death yak
 18596 | D:11     | Killed a death yak
 18649 | D:11     | Killed a death yak
 18750 | Lair:2   | Killed a death yak
 18952 | Lair:2   | Found a staircase to the Shoals.
 19218 | Lair:3   | Reached XP level 13. HP: 100/102 MP: 26/26
 20434 | Lair:4   | Reached skill level 10 in Fighting
 20438 | Lair:4   | Reached ***** piety under Vehumet
 20438 | Lair:4   | Offered knowledge of Iron Shot by Vehumet.
 20449 | Lair:4   | Learned a level 6 spell: Iron Shot
 20527 | Lair:4   | Found a staircase to the Slime Pits.
 21063 | Lair:5   | Entered Level 5 of the Lair of Beasts
 22055 | Lair:5   | Reached skill level 10 in Spellcasting
 22099 | Lair:5   | Reached skill level 10 in Dodging
 22105 | Lair:5   | Reached skill level 5 in Ice Magic
 22313 | Lair:5   | Reached skill level 5 in Air Magic
 22314 | Lair:5   | Reached skill level 10 in Conjurations
 22475 | Lair:5   | Gained mutation: Spells you cast may paralyse nearby
                  | enemies. [demonic ancestry]
 22475 | Lair:5   | Reached XP level 14. HP: 92/110 MP: 17/28
 22622 | Lair:5   | Learned a level 2 spell: Sublimation of Blood
 23487 | Orc:1    | Offered knowledge of Yara's Violent Unravelling by Vehumet.
 23876 | Orc:2    | Entered Level 2 of the Orcish Mines
 23876 | Orc:2    | Found Seosh's General Store.
 23878 | Orc:2    | Noticed Urug
 23884 | Orc:2    | Killed Urug
 23966 | Orc:2    | Found Gufoil's Specific Store.
 24065 | Orc:2    | Noticed Sonja
 24418 | Orc:2    | Killed Sonja
 24506 | Orc:2    | Found Hiahoevu's Weapon Shoppe.
 24508 | Orc:2    | Noticed an orc warlord
 24706 | Orc:2    | Found Qasu's Magic Scroll Shoppe.
 24710 | Orc:2    | Found Vucwull's General Store.
 24715 | Orc:2    | Reached skill level 10 in Ice Magic
 24752 | Orc:2    | Found Dynu's Jewellery Emporium.
 24758 | Orc:2    | Found a staircase to the Elven Halls.
 24862 | Orc:2    | Killed an orc warlord
 25073 | Orc:2    | Bought a scroll of magic mapping for 105 gold pieces
 25073 | Orc:2    | Bought a scroll of fear for 56 gold pieces
 25073 | Orc:2    | Bought a scroll of fog for 56 gold pieces
 25079 | Orc:2    | Bought a scroll of fear for 68 gold pieces
 25765 | Orc:1    | Found a burning altar of Makhleb.
 25888 | D:11     | Offered knowledge of Iskenderun's Battlesphere by Vehumet.
 26855 | D:13     | Found a gate to the Vaults.
 26867 | D:13     | Gained mutation: Your magical and physical power is
                  | slightly enhanced at high health. [demonic ancestry]
 26867 | D:13     | Reached XP level 15. HP: 97/115 MP: 14/29
 28169 | D:13     | Identified the +3 leather armour "Quumiz" {rElec Str-5
                  | Dex+6}
 28369 | D:14     | Offered knowledge of Lightning Bolt by Vehumet.
 28374 | D:14     | Found a gate leading to a gauntlet.
 28421 | Gauntlet | Entered a Gauntlet
 28421 | Gauntlet | Found a large runed translucent door.
 28421 | Gauntlet | Found a large runed translucent door.
 28421 | Gauntlet | Found a large runed translucent door.
 28421 | Gauntlet | Found a transporter.
 28421 | Gauntlet | Found a large runed translucent door.
 28421 | Gauntlet | Found a runed translucent door.
 28421 | Gauntlet | Found a large runed translucent door.
 28421 | Gauntlet | Found a large runed translucent door.
 28421 | Gauntlet | Found a large runed translucent door.
 28421 | Gauntlet | Found a large runed translucent door.
 28421 | Gauntlet | Found a runed translucent gate.
 28421 | Gauntlet | Found a runed translucent gate.
 28421 | Gauntlet | Found a transporter.
 28421 | Gauntlet | Found a transporter.
 28690 | Gauntlet | Found a transporter.
 28693 | Gauntlet | Found a transporter.
 28697 | Gauntlet | Found a runed translucent door.
 28699 | Gauntlet | Found a runed translucent door.
 28701 | Gauntlet | Found a transporter.
 28704 | Gauntlet | Found a transporter.
 28710 | Gauntlet | Found a runed translucent gate.
 28710 | Gauntlet | Found a runed translucent gate.
 28710 | Gauntlet | Found a runed translucent gate.
 28712 | Gauntlet | Found a transporter.
 28730 | Gauntlet | Found a transporter.
 28736 | Gauntlet | Found a transporter.
 28738 | Gauntlet | Found a transporter.
 28748 | Gauntlet | Found a transporter.
 28801 | Gauntlet | Found a runed translucent gate.
 28802 | Gauntlet | Found a large runed translucent door.
 28802 | Gauntlet | Found a large runed translucent door.
 28803 | Gauntlet | Found a large runed translucent door.
 28804 | Gauntlet | Found a large runed translucent door.
 28805 | Gauntlet | Found a large runed translucent door.
 28805 | Gauntlet | Found a large runed translucent door.
 28805 | Gauntlet | Found a runed translucent door.
 28806 | Gauntlet | Found a large runed translucent door.
 28807 | Gauntlet | Found a large runed translucent door.
 28874 | Gauntlet | Learned a level 5 spell: Lightning Bolt
 29304 | Gauntlet | Identified the +2 cloak of the Jackalope {Drain Will+
                  | Stlth+}
 30063 | D:14     | Reached skill level 15 in Ice Magic
 30778 | D:15     | Entered Level 15 of the Dungeon
 31389 | D:15     | Found a staircase to the Depths.
 31389 | D:15     | Noticed a frost giant
 31698 | D:15     | Noticed Agnes
 31760 | D:15     | Killed Agnes
 32104 | D:15     | Gained mutation: You have claws for hands. [demonic
                  | ancestry]
 32104 | D:15     | Reached XP level 16. HP: 124/124 MP: 6/30
 32995 | D:3      | Killed Sigmund
 33149 | D:4      | Killed Menkaure
 33310 | D:9      | Learned a level 7 spell: Ozocubu's Refrigeration
 33320 | D:9      | Killed Psyche
 33399 | D:9      | Killed Erica
 33563 | Shoals:1 | Entered Level 1 of the Shoals
 34157 | Shoals:1 | Offered knowledge of Fireball by Vehumet.
 36365 | Shoals:2 | Offered knowledge of Conjure Ball Lightning by Vehumet.
 37034 | Shoals:3 | Identified the ring of Cihin {rPois rN+}
 37482 | Shoals:3 | Noticed a kraken
 37505 | Shoals:3 | Killed a kraken
 37644 | Shoals:3 | Reached XP level 17. HP: 116/133 MP: 24/32
 38544 | Shoals:4 | Entered Level 4 of the Shoals
 38936 | Shoals:4 | Noticed Ilsuiw
 38943 | Shoals:4 | Killed Ilsuiw
 39277 | Shoals:4 | Offered knowledge of Eringya's Noxious Bog by Vehumet.
 39979 | Shoals:4 | Identified the +10 falchion "Transmigrator" {antimagic,
                  | Str+3 Int+3 Stlth+}
 40781 | Shoals:4 | Got a barnacled rune of Zot
 40938 | Shoals:4 | Found a runed translucent gate.
 40939 | Shoals:4 | Found a runed translucent gate.
 40940 | Shoals:4 | Found a runed translucent gate.
 40965 | Shoals:4 | Noticed sydd's ghost (adept DgEE)
 41763 | Snake:1  | Entered Level 1 of the Snake Pit
 41764 | Snake:1  | Noticed Aizul
 41769 | Snake:1  | Killed Aizul
 42056 | Snake:1  | Noticed Kirke
 42060 | Snake:1  | Killed Kirke
 42599 | Snake:1  | Noticed Nikola
 42606 | Snake:1  | Killed Nikola
 43897 | Snake:2  | Found a transporter.
 43899 | Snake:2  | Found a transporter.
 44254 | Snake:2  | Gained mutation: Your magical and physical power is
                  | enhanced at high health. [demonic ancestry]
 44254 | Snake:2  | Reached XP level 18. HP: 98/143 MP: 24/35
 44263 | Snake:2  | Noticed Zarnosh's ghost (journeyman DgSu)
 44409 | Snake:2  | Found a one-way gate to the infinite horrors of the Abyss.
 45307 | Snake:2  | Found Nuiklakk's Jewellery Emporium.
 45860 | Snake:3  | Reached ****** piety under Vehumet
 45984 | Snake:3  | Reached skill level 1 in Maces & Flails
 46191 | Snake:3  | Offered knowledge of Fire Storm by Vehumet.
 46191 | Snake:3  | Offered knowledge of Polar Vortex by Vehumet.
 46191 | Snake:3  | Offered knowledge of Maxwell's Capacitive Coupling by
                  | Vehumet.
 46204 | Snake:3  | Learned a level 9 spell: Polar Vortex
 47471 | Snake:4  | Entered Level 4 of the Snake Pit
 47471 | Snake:4  | Found Idghoisu's Assorted Antiques.
 48204 | Snake:4  | Reached skill level 1 in Polearms
 48678 | Snake:4  | Got a serpentine rune of Zot
 48772 | Snake:4  | Found Ingacomo's Antique Armour Emporium.
 48773 | Snake:4  | Found Heskoori's General Store.
 48775 | Snake:4  | Found Nineimm's Distillery.
 48785 | Snake:4  | Bought a potion of heal wounds for 85 gold pieces
 48785 | Snake:4  | Bought a potion of heal wounds for 85 gold pieces
 48785 | Snake:4  | Bought a potion of resistance for 170 gold pieces
 48785 | Snake:4  | Bought 2 potions of heal wounds for 170 gold pieces
 48798 | Snake:4  | Bought a +2 pair of boots of rampaging for 301 gold pieces
 48851 | Snake:4  | Found Perr's Assorted Antiques.
 48865 | Snake:4  | Bought a potion of mutation for 304 gold pieces
 49012 | Snake:2  | Bought a ring of wizardry for 450 gold pieces
 49146 | Vaults:1 | Entered Level 1 of the Vaults
 50391 | Vaults:1 | Noticed Donald
 50395 | Vaults:1 | Killed Donald
 50672 | Vaults:1 | Noticed Asterion
 50675 | Vaults:1 | Killed Asterion
 50813 | Vaults:1 | Found a runed translucent door.
 50813 | Vaults:1 | Noticed Ruk Syex's ghost (adept MiFi)
 50938 | Vaults:1 | Gained mutation: Spells you cast and wands you use may
                  | paralyse nearby enemies. [demonic ancestry]
 50938 | Vaults:1 | Reached XP level 19. HP: 151/151 MP: 37/37
 52359 | Vaults:2 | Found Qiaquzec's Weapon Boutique.
 52634 | Vaults:2 | Found Xeusoxu's General Store.
 52642 | Vaults:2 | Bought a scroll of magic mapping for 82 gold pieces
 53344 | Vaults:2 | Found Erosho Byuv's Magic Scroll Boutique.
 53409 | Vaults:2 | Bought a scroll of teleportation for 63 gold pieces
 53755 | Vaults:2 | Identified the ring of Insomnia {Will++ Int+6}
 54535 | Vaults:2 | Reached skill level 15 in Spellcasting
 54700 | Vaults:2 | Found Fotwewn's General Store.
 54708 | Vaults:2 | Bought a scroll of fog for 64 gold pieces
 54738 | Vaults:2 | Reached skill level 5 in Polearms
 54777 | Vaults:2 | Noticed Margery
 54793 | Vaults:2 | Killed Margery
 55692 | Vaults:3 | Found a magical portal.
 55697 | WizLab   | Entered Borgnjor's Mausoleum
 56167 | WizLab   | Reached skill level 1 in Earth Magic
 56333 | WizLab   | Reached XP level 20. HP: 113/153 MP: 15/39
 57381 | WizLab   | Reached skill level 15 in Fighting
 57851 | WizLab   | Got Cigotuvi's Book of Iniquitous Liturgies
 58112 | Vaults:3 | Identified the +3 morningstar "Woezaip" {vorpal, rElec
                  | rPois}
 58728 | Vaults:3 | Found a staircase to the Crypt.
 60085 | Vaults:4 | Reached skill level 5 in Earth Magic
 60483 | Vaults:4 | Reached skill level 15 in Dodging
 61617 | Vaults:4 | Reached skill level 15 in Conjurations
 61780 | Vaults:4 | Reached XP level 21. HP: 80/168 MP: 16/40
 62381 | Vaults:5 | Entered Level 5 of the Vaults
 62714 | Elf:1    | Entered Level 1 of the Elven Halls
 63212 | Elf:1    | Got Mara's Textbook on the Escort
 63797 | Elf:2    | Found a frozen archway.
 63915 | IceCv    | Entered an ice cave
 64960 | Elf:2    | Found a runed translucent gate.
 64961 | Elf:2    | Found a runed translucent gate.
 64961 | Elf:2    | Found a runed translucent gate.
 65087 | Elf:2    | Found a radiant altar of Vehumet.
 66210 | Elf:2    | Reached skill level 5 in Translocations
 66522 | Elf:3    | Entered Level 3 of the Elven Halls
 66523 | Elf:3    | Found Zereiveg's Antique Weapon Boutique.
 66809 | Elf:3    | Learned a level 4 spell: Dispel Undead
 68188 | Elf:3    | Identified the +9 trident "Leonu" {speed, rElec rC- Str+8
                  | Stlth+}
 68232 | Elf:3    | Identified the +6 short sword "Alothi" {venom, rElec}
 69001 | Lair:1   | Killed MisterFreud's ghost
 69010 | Lair:1   | Identified the amulet of Xacre {Spirit Int+3}
 69093 | Lair:1   | Killed Joseph
 69242 | Shoals:4 | Killed sydd's ghost
 69243 | Shoals:4 | Reached XP level 22. HP: 175/175 MP: 41/41
 69519 | Snake:2  | Killed Zarnosh's ghost
 69860 | Snake:2  | Identified the +0 pair of gloves of the Salmon {*Slow rC+
                  | Regen+}
 70218 | Vaults:2 | Learned a level 7 spell: Orb of Destruction
 70365 | Vaults:1 | Killed Ruk Syex's ghost
 70568 | Depths:1 | Entered Level 1 of the Depths
 70827 | Depths:1 | Noticed Mara
 70829 | Depths:1 | Noticed Ashen's illusion
 70961 | Depths:1 | Noticed Sojobo
 71215 | Depths:1 | Killed Sojobo
 71305 | Depths:1 | Killed Mara
 71394 | Depths:1 | Reached skill level 10 in Shields
 71712 | Depths:1 | Reached skill level 10 in Earth Magic
 71945 | Depths:1 | Reached skill level 1 in Evocations
 72234 | Depths:1 | Found a gateway to Hell.
 72352 | Depths:2 | Noticed Bai Suzhen
 72360 | Depths:2 | Killed Bai Suzhen
 72361 | Depths:2 | Reached skill level 5 in Evocations
 72630 | Depths:2 | Identified the ring "Kejaer Nicas" {Ice Int-4 Slay+4}
 72630 | Depths:2 | Noticed Josephina
 72635 | Depths:2 | Killed Josephina
 73300 | Depths:2 | Found a one-way gate leading to the halls of Pandemonium.
 73597 | Depths:3 | Identified the +4 halberd "Meuxt" {flame, Stlth+}
 73693 | Depths:4 | Entered Level 4 of the Depths
 73788 | Depths:4 | Found a one-way gateway to a ziggurat.
 73979 | Depths:4 | Reached skill level 10 in Evocations
 75072 | Depths:3 | Reached XP level 23. HP: 183/183 MP: 42/42
 75852 | Depths:4 | Noticed a juggernaut
 75856 | Depths:4 | Killed a juggernaut
 76103 | Depths:4 | Noticed a caustic shrike
 76103 | Depths:4 | Noticed a caustic shrike
 76107 | Depths:4 | Noticed a caustic shrike
 76109 | Depths:4 | Killed a caustic shrike
 76110 | Depths:4 | Killed a caustic shrike
 76356 | Depths:4 | Killed a caustic shrike
 76654 | Depths:4 | Found a gate to the Realm of Zot.
 78775 | Vaults:5 | Identified the +1 battleaxe of the Ancients {venom, rPois}
 78804 | Vaults:5 | Gained mutation: Your magical and physical power is greatly
                  | enhanced at high health. [demonic ancestry]
 78804 | Vaults:5 | Reached XP level 24. HP: 162/204 MP: 18/42
 79089 | Vaults:5 | Identified the +4 great mace "Hoguis" {vamp, Int+4 Dex+4
                  | Stlth+}
 79284 | Vaults:5 | Found Woamo's Jewellery Boutique.
 79647 | Vaults:5 | Noticed a dread lich
 79650 | Vaults:5 | Killed a dread lich
 79771 | Vaults:5 | Identified the +1 leather armour "Gedeapp" {rPois}
 80091 | Vaults:5 | Got a silver rune of Zot
 80158 | Vaults:5 | Identified the +8 war axe "Vanir" {speed, *Corrode Will+
                  | Stlth+}
 80464 | Vaults:5 | Learned a level 8 spell: Ignition
 80747 | Hell     | Entered the Vestibule of Hell
 80747 | Hell     | Noticed Geryon
 80753 | Hell     | Killed Geryon
 81367 | Hell     | HP: 2/204 [hell hog/fireball (49)]
 82566 | Hell     | Found a gateway to the ashen valley of Gehenna.
 82662 | Hell     | Found a gateway to the decaying netherworld of Tartarus.
 82726 | Hell     | Found a gateway to the freezing wastes of Cocytus.
 82798 | Hell     | Found a gateway to the Iron City of Dis.
 82935 | Depths:2 | Voluntarily entered the Abyss.
 84051 | Depths:2 | Escaped the Abyss
 84293 | Depths:2 | Voluntarily entered the Abyss.
 84311 | Abyss:1  | Found a shimmering blue altar of Sif Muna.
 84400 | Abyss:1  | Reached XP level 25. HP: 139/208 MP: 44/44
 84715 | Depths:2 | Escaped the Abyss
 85016 | Depths:2 | Voluntarily entered the Abyss.
 85330 | Abyss:3  | Found a corrupted altar of Lugonu.
 85426 | Abyss:3  | Found a corrupted altar of Lugonu.
 85550 | Abyss:3  | Found a corrupted altar of Lugonu.
 87070 | Abyss:3  | Upgraded the game from 0.29.1-1-gd02db6906a to
                  | 0.29.1-2-gbd0b4ee654
 87320 | Abyss:3  | Found a burning altar of Makhleb.
 87604 | Depths:2 | Escaped the Abyss
 87920 | Depths:2 | Voluntarily entered the Abyss.
 87940 | Abyss:3  | Noticed a dread lich
 87943 | Abyss:3  | Killed a dread lich
 88112 | Depths:2 | Escaped the Abyss
 88195 | Depths:2 | Voluntarily entered the Abyss.
 88195 | Abyss:3  | Found a corrupted altar of Lugonu.
 88299 | Abyss:3  | Gained mutation: You are frail. (-10% HP) [a neqoxec]
 88301 | Abyss:3  | Lost mutation: You are frail. (-10% HP) [potion of
                  | mutation]
 88301 | Abyss:3  | Gained mutation: You are dopey. (Int -2) [potion of
                  | mutation]
 88301 | Abyss:3  | Gained mutation: You have a pair of small horns on your
                  | head. [potion of mutation]
 88302 | Abyss:3  | Lost mutation: You have a pair of small horns on your head.
                  | [potion of mutation]
 88302 | Abyss:3  | Lost mutation: You are dopey. (Int -2) [potion of mutation]
 88302 | Abyss:3  | Gained mutation: You have sharp toenails. [potion of
                  | mutation]
 88302 | Abyss:3  | Gained mutation: You are agile. (Dex +4, Str/Int -1)
                  | [potion of mutation]
 88302 | Abyss:3  | Gained mutation: Armour fits poorly on your strangely
                  | shaped body. [potion of mutation]
 88302 | Abyss:3  | Gained mutation: You passively map a small area around you.
                  | [potion of mutation]
 88383 | Abyss:3  | Gained mutation: When seriously injured, your blood forms
                  | very thick armour. (AC +0) [demonic ancestry]
 88383 | Abyss:3  | Reached XP level 26. HP: 85/218 MP: 45/46
 88473 | Depths:2 | Escaped the Abyss
 88838 | Depths:2 | Voluntarily entered the Abyss.
 88966 | Abyss:3  | Found a corrupted altar of Lugonu.
 89000 | Abyss:3  | Found a sparkling altar of Nemelex Xobeh.
 89164 | Depths:2 | Escaped the Abyss
 89166 | Depths:2 | Voluntarily entered the Abyss.
 89206 | Abyss:3  | Gained mutation: Your body sometimes deteriorates upon
                  | taking damage. [a cacodemon]
 89249 | Abyss:3  | Got an abyssal rune of Zot
 89557 | Depths:2 | Escaped the Abyss
 90108 | Slime:1  | Entered Level 1 of the Pits of Slime
 91428 | Slime:3  | Noticed Dissolution
 91431 | Slime:3  | Killed Dissolution
 92798 | Slime:5  | Entered Level 5 of the Pits of Slime
 92945 | Slime:5  | Gained mutation: You do not regenerate when monsters are
                  | visible. [a shining eye]
 92946 | Slime:5  | Gained mutation: You sometimes lose your temper in combat.
                  | [a shining eye]
 93167 | Slime:5  | Found a viscous altar of Jiyva.
 93217 | Slime:5  | Noticed the Royal Jelly
 93225 | Slime:5  | Killed the Royal Jelly
 93346 | Slime:5  | Got a slimy rune of Zot
 93347 | Slime:5  | Identified the +5 ring mail "Suisueq" {rElec rC+}
 93363 | Slime:5  | Got Easy Secret Knowledge
 93380 | Slime:5  | Identified the ring of Dumoocim {Fire Int+4 Dex+5}
 93392 | Slime:5  | Identified the +1 scimitar "Daak" {speed, Int+4}
 94240 | Crypt:1  | Entered Level 1 of the Crypt
 94623 | Crypt:1  | Got the Textbook on the Impact and Frostbite
 94644 | Crypt:1  | Found a runed translucent gate.
 94644 | Crypt:1  | Found a runed translucent gate.
 94645 | Crypt:1  | Found a runed translucent gate.
 94647 | Crypt:1  | Noticed a dread lich
 94652 | Crypt:1  | Noticed Jetyrhek's ghost (veteran GrEE)
 94670 | Crypt:1  | Lost mutation: Your body sometimes deteriorates upon taking
                  | damage. [potion of mutation]
 94670 | Crypt:1  | Lost mutation: You do not regenerate when monsters are
                  | visible. [potion of mutation]
 94670 | Crypt:1  | Lost mutation: You are agile. (Dex +4, Str/Int -1) [potion
                  | of mutation]
 94670 | Crypt:1  | Gained mutation: You have a pair of small horns on your
                  | head. [potion of mutation]
 94671 | Crypt:1  | Lost mutation: Armour fits poorly on your strangely shaped
                  | body. [potion of mutation]
 94671 | Crypt:1  | Lost mutation: You have a pair of small horns on your head.
                  | [potion of mutation]
 94671 | Crypt:1  | Gained mutation: Your system is resistant to poisons.
                  | (rPois) [potion of mutation]
 94671 | Crypt:1  | Gained mutation: You have a pair of small antennae on your
                  | head. [potion of mutation]
 94671 | Crypt:1  | Gained mutation: Your mind is acute. (Int +4, Str/Dex -1)
                  | [potion of mutation]
 94687 | Crypt:1  | Killed Jetyrhek's ghost
 94688 | Crypt:1  | Reached skill level 15 in Earth Magic
 94688 | Crypt:1  | Killed a dread lich
 94689 | Crypt:1  | Reached XP level 27. HP: 224/224 MP: 38/47
 95922 | Crypt:2  | Reached skill level 10 in Polearms
 96300 | Crypt:2  | Noticed Jory
 96305 | Crypt:2  | Killed Jory
 96452 | Crypt:3  | Entered Level 3 of the Crypt
 97104 | Crypt:2  | Found an ancient bone altar of Kikubaaqudgha.
 97311 | Crypt:3  | Noticed Boris
 97316 | Crypt:3  | Killed Boris
 97483 | Crypt:3  | Found a staircase to the Tomb.
 97736 | Crypt:3  | Noticed a dread lich
 97736 | Crypt:3  | Noticed a dread lich
 97813 | Crypt:3  | Killed a dread lich
 97840 | Crypt:3  | Identified the amulet of Oxuk {Spirit Rampage Regen+}
 97844 | Crypt:3  | Killed a dread lich
 97849 | Crypt:3  | Got the Grimoire of Gloom
 97950 | Crypt:3  | Learned a level 8 spell: Necromutation
 97985 | Tomb:1   | Entered Level 1 of the Tomb of the Ancients
 98002 | Tomb:1   | Reached skill level 1 in Transmutations
 98671 | Tomb:1   | Noticed a royal mummy
 98680 | Tomb:1   | Killed a royal mummy
 98757 | Tomb:1   | Noticed a royal mummy
 98780 | Tomb:1   | Killed a royal mummy
 98786 | Tomb:1   | Reached skill level 5 in Transmutations
100370 | D:6      | Fell from the grace of Vehumet
100370 | D:6      | Became a worshipper of Makhleb the Destroyer
100611 | Depths:2 | Acquired the Secrets of Grisly Curses
100614 | Depths:2 | Acquired the +0 pair of boots of Theory {Str+3 SInv}
100618 | Depths:2 | Acquired 597 gold pieces
100626 | Depths:2 | Voluntarily entered the Abyss.
100849 | Abyss:3  | Reached * piety under Makhleb
101083 | Depths:2 | Escaped the Abyss
101287 | Vaults:2 | Bought a potion of brilliance for 44 gold pieces
101287 | Vaults:2 | Bought a potion of curing for 33 gold pieces
101287 | Vaults:2 | Bought the +1 dagger of Inquiry {vorpal, rElec} for 242
                  | gold pieces
101287 | Vaults:2 | Bought a wand of iceblast (4) for 105 gold pieces
101489 | Depths:2 | Voluntarily entered the Abyss.
101489 | Abyss:3  | Found a corrupted altar of Lugonu.
101511 | Abyss:3  | Reached ** piety under Makhleb
101635 | Depths:2 | Escaped the Abyss
101664 | Depths:2 | Voluntarily entered the Abyss.
101856 | Depths:2 | Escaped the Abyss
101915 | Depths:2 | Voluntarily entered the Abyss.
101960 | Depths:2 | Escaped the Abyss
101962 | Depths:2 | Voluntarily entered the Abyss.
101962 | Abyss:3  | Found a stormy altar of Qazlal.
102058 | Abyss:3  | Reached *** piety under Makhleb
102179 | Abyss:3  | Reached skill level 10 in Transmutations
102217 | Depths:2 | Escaped the Abyss
102268 | Depths:2 | Voluntarily entered the Abyss.
102277 | Abyss:3  | Found a corrupted altar of Lugonu.
102328 | Abyss:3  | Found a corrupted altar of Lugonu.
102411 | Abyss:3  | Reached **** piety under Makhleb
102539 | Abyss:3  | Noticed an ancient lich
102548 | Abyss:3  | Killed an ancient lich
102550 | Depths:2 | Escaped the Abyss
102913 | Depths:2 | Voluntarily entered the Abyss.
102925 | Abyss:3  | Found a corrupted altar of Lugonu.
103011 | Abyss:3  | Gained mutation: Your magical capacity is low. (-10% MP)
                  | [mutagenic glow]
103158 | Abyss:3  | Lost mutation: You have sharp toenails. [potion of
                  | mutation]
103158 | Abyss:3  | Lost mutation: Your magical capacity is low. (-10% MP)
                  | [potion of mutation]
103158 | Abyss:3  | Lost mutation: Your mind is acute. (Int +4, Str/Dex -1)
                  | [potion of mutation]
103158 | Abyss:3  | Gained mutation: Armour fits poorly on your strangely
                  | shaped body. [potion of mutation]
103158 | Abyss:3  | Gained mutation: You are agile. (Dex +4, Str/Int -1)
                  | [potion of mutation]
103158 | Abyss:3  | Gained mutation: You are robust. (+10% HP) [potion of
                  | mutation]
103158 | Abyss:3  | Gained mutation: You have large cloven feet. [potion of
                  | mutation]
103159 | Abyss:3  | Lost mutation: You are agile. (Dex +4, Str/Int -1) [potion
                  | of mutation]
103159 | Abyss:3  | Lost mutation: You have a pair of small antennae on your
                  | head. [potion of mutation]
103159 | Abyss:3  | Gained mutation: Your natural rate of healing is unusually
                  | fast. [potion of mutation]
103243 | Abyss:3  | Reached ***** piety under Makhleb
103363 | Depths:2 | Escaped the Abyss
103434 | Depths:2 | Voluntarily entered the Abyss.
103434 | Abyss:3  | Found a corrupted altar of Lugonu.
103780 | Depths:2 | Escaped the Abyss
103797 | Depths:2 | Voluntarily entered the Abyss.
103797 | Abyss:3  | Found a corrupted altar of Lugonu.
103828 | Abyss:3  | Was forgiven by Vehumet
103942 | Abyss:3  | Reached skill level 15 in Necromancy
104177 | Abyss:3  | Lost mutation: You sometimes lose your temper in combat.
                  | [potion of mutation]
104177 | Abyss:3  | Lost mutation: Armour fits poorly on your strangely shaped
                  | body. [potion of mutation]
104177 | Abyss:3  | Gained mutation: You are strong-willed. (Will+) [potion of
                  | mutation]
104337 | Abyss:3  | Reached ****** piety under Makhleb
104373 | Abyss:3  | Noticed a dread lich
104390 | Abyss:3  | Killed a dread lich
104450 | Depths:2 | Escaped the Abyss
104893 | Tomb:2   | Noticed a royal mummy
104897 | Tomb:2   | Killed a royal mummy
104899 | Tomb:2   | Noticed a royal mummy
104901 | Tomb:2   | Noticed a royal mummy
104901 | Tomb:2   | Noticed a royal mummy
104905 | Tomb:2   | Killed a royal mummy
104906 | Tomb:2   | Killed a royal mummy
104910 | Tomb:2   | Killed a royal mummy
105315 | Tomb:1   | Noticed a royal mummy
105316 | Tomb:1   | Noticed a royal mummy
105320 | Tomb:1   | Killed a royal mummy
105321 | Tomb:1   | Killed a royal mummy
105323 | Tomb:1   | Noticed a royal mummy
105335 | Tomb:1   | Killed a royal mummy
105415 | Tomb:1   | Noticed a royal mummy
105424 | Tomb:1   | Noticed a royal mummy
105426 | Tomb:1   | Killed a royal mummy
105435 | Tomb:1   | Killed a royal mummy
105441 | Tomb:1   | Noticed a royal mummy
105447 | Tomb:1   | Killed a royal mummy
105481 | Tomb:1   | Noticed a royal mummy
105491 | Tomb:1   | Killed a royal mummy
105550 | Tomb:1   | Noticed a royal mummy
105561 | Tomb:1   | Killed a royal mummy
105565 | Tomb:1   | Noticed a royal mummy
105575 | Tomb:1   | Killed a royal mummy
105590 | Tomb:1   | Noticed a royal mummy
105598 | Tomb:1   | Killed a royal mummy
105599 | Tomb:1   | Reached skill level 15 in Transmutations
105604 | Tomb:1   | Noticed a royal mummy
105613 | Tomb:1   | Killed a royal mummy
105620 | Tomb:1   | Noticed a royal mummy
105622 | Tomb:1   | Noticed a royal mummy
105627 | Tomb:1   | Killed a royal mummy
105627 | Tomb:1   | Killed a royal mummy
105628 | Tomb:1   | Noticed a royal mummy
105636 | Tomb:1   | Killed a royal mummy
106156 | Tomb:3   | Entered Level 3 of the Tomb of the Ancients
106160 | Tomb:3   | Noticed a royal mummy
106160 | Tomb:3   | Noticed a royal mummy
106162 | Tomb:3   | Noticed a royal mummy
106163 | Tomb:3   | Noticed Khufu
106163 | Tomb:3   | Noticed a royal mummy
106165 | Tomb:3   | Killed a royal mummy
106165 | Tomb:3   | Killed a royal mummy
106172 | Tomb:3   | Killed a royal mummy
106174 | Tomb:3   | Killed a royal mummy
106178 | Tomb:3   | Killed Khufu
106179 | Tomb:3   | Noticed a royal mummy
106181 | Tomb:3   | Noticed a royal mummy
106188 | Tomb:3   | Killed a royal mummy
106190 | Tomb:3   | Killed a royal mummy
106195 | Tomb:3   | Noticed a royal mummy
106197 | Tomb:3   | Reached skill level 1 in Fire Magic
106197 | Tomb:3   | Killed a royal mummy
106228 | Tomb:3   | Noticed a royal mummy
106234 | Tomb:3   | Killed a royal mummy
106256 | Tomb:3   | Got a golden rune of Zot
106277 | Tomb:3   | Found the +4 dagger "Morg" {pain, Will+ Int+5}
106286 | Tomb:3   | Found the amulet of the Air {Inacc Air Fly rElec RMsl}
106288 | Tomb:3   | Identified the +5 long sword "Acarinebane" {speed, Str+7}
106290 | Tomb:3   | Identified the -1 buckler of Lust {rElec rF+ Str+5 Stlth-}
106311 | Tomb:3   | Identified the +1 dagger "Funiqy" {antimagic, rPois Int+3}
106314 | Tomb:3   | Identified the ring "Reatsics" {Int+3 Dex+4 SInv}
106373 | Tomb:3   | Identified the +7 shortbow "Aludimpo" {freeze, Int+2}
106408 | Tomb:3   | Learned a level 7 spell: Storm Form
107353 | Pan      | Entered Pandemonium
107380 | Pan      | Noticed Xaer the pandemonium lord
107384 | Pan      | Lost mutation: You are robust. (+10% HP) [a neqoxec]
107439 | Pan      | Reached skill level 5 in Fire Magic
107557 | Pan      | Killed Xaer the pandemonium lord
108880 | Pan      | Noticed Cuen the pandemonium lord
108908 | Pan      | Got a demonic rune of Zot
109135 | Pan      | Reached skill level 10 in Fire Magic
109981 | Pan      | Killed Cuen the pandemonium lord
110318 | Pan      | Noticed Kameafuk the pandemonium lord
110329 | Pan      | Killed Kameafuk the pandemonium lord
110923 | Pan      | Found an exit through the horrors of the Abyss.
111541 | Pan      | Found an exit through the horrors of the Abyss.
111562 | Pan      | Noticed Noirorch the pandemonium lord
111566 | Pan      | Killed Noirorch the pandemonium lord
111681 | Pan      | Got Sulick's Folio of Ozone
112009 | Pan      | Reached skill level 15 in Fire Magic
112053 | Pan      | Reached skill level 1 in Invocations
112334 | Pan      | Reached skill level 5 in Invocations
112351 | Pan      | Found an exit through the horrors of the Abyss.
112500 | Pan      | Noticed Segengoi the pandemonium lord
112504 | Pan      | Killed Segengoi the pandemonium lord
113020 | Pan      | Reached skill level 10 in Invocations
113440 | Pan      | Found an exit through the horrors of the Abyss.
113892 | Pan      | Noticed Vaos the pandemonium lord
113899 | Pan      | Killed Vaos the pandemonium lord
114108 | Pan      | Entered the realm of Mnoleg.
114819 | Pan      | Paralysed by a floating eye for 2 turns
115198 | Pan      | Reached skill level 15 in Invocations
115253 | Pan      | Noticed Mnoleg
115263 | Pan      | Killed Mnoleg
115276 | Pan      | Got a glowing rune of Zot
115302 | Pan      | Identified the ring "Jewan" {rPois rN+ Int+5}
115507 | Pan      | Noticed Alejups the pandemonium lord
115520 | Pan      | Killed Alejups the pandemonium lord
116398 | Pan      | Found an exit through the horrors of the Abyss.
116737 | Pan      | Noticed Pastucoy the pandemonium lord
116757 | Pan      | Killed Pastucoy the pandemonium lord
117173 | Pan      | Acquired the +0 staff of Battle
117173 | Pan      | Found the +0 staff of Battle
117684 | Pan      | Gained mutation: You occasionally lose the ability to read
                  | scrolls when taking damage. [a cacodemon]
117726 | Pan      | Found an exit through the horrors of the Abyss.
117945 | Pan      | Noticed Ifrur the pandemonium lord
117951 | Pan      | Killed Ifrur the pandemonium lord
118490 | Pan      | Lost mutation: You occasionally lose the ability to read
                  | scrolls when taking damage. [potion of mutation]
118490 | Pan      | Lost mutation: You passively map a small area around you.
                  | [potion of mutation]
118490 | Pan      | Lost mutation: Your system is resistant to poisons. (rPois)
                  | [potion of mutation]
118490 | Pan      | Gained mutation: Your muscles are strong. (Str +4, Int/Dex
                  | -1) [potion of mutation]
118490 | Pan      | Gained mutation: Your spells are a little harder to cast,
                  | but a little more powerful. [potion of mutation]
118490 | Pan      | Gained mutation: Your muscles are very strong. (Str +8,
                  | Int/Dex -2) [potion of mutation]
118490 | Pan      | Gained mutation: You have a pair of small antennae on your
                  | head. [potion of mutation]
118491 | Pan      | Lost mutation: Your natural rate of healing is unusually
                  | fast. [potion of mutation]
118491 | Pan      | Lost mutation: You have a pair of small antennae on your
                  | head. [potion of mutation]
118491 | Pan      | Lost mutation: Your muscles are very strong. (Str +8,
                  | Int/Dex -2) [potion of mutation]
118491 | Pan      | Lost mutation: Your muscles are strong. (Str +4, Int/Dex
                  | -1) [potion of mutation]
118491 | Pan      | Gained mutation: You have a pair of small horns on your
                  | head. [potion of mutation]
118491 | Pan      | Gained mutation: You are agile. (Dex +4, Str/Int -1)
                  | [potion of mutation]
118492 | Pan      | Lost mutation: You are strong-willed. (Will+) [potion of
                  | mutation]
118492 | Pan      | Lost mutation: You have large cloven feet. [potion of
                  | mutation]
118492 | Pan      | Gained mutation: You have an increased reservoir of magic.
                  | (+10% MP) [potion of mutation]
118492 | Pan      | Lost mutation: You have an increased reservoir of magic.
                  | (+10% MP) [potion of mutation]
118492 | Pan      | Gained mutation: Your flesh is heat resistant. (rF+)
                  | [potion of mutation]
118567 | Pan      | Reached skill level 15 in Evocations
118691 | Pan      | Reached skill level 1 in Staves
118820 | Pan      | Identified the +0 tower shield of Fabulous Curiosity
                  | {*Corrode Dex+2 SInv}
118820 | Pan      | Noticed Mennas
118843 | Pan      | Killed Mennas
119024 | Pan      | Noticed Nogompiu the pandemonium lord
119036 | Pan      | Killed Nogompiu the pandemonium lord
119315 | Pan      | Found an exit through the horrors of the Abyss.
119498 | Pan      | Entered the realm of Gloorx Vloq.
119554 | Pan      | Reached skill level 5 in Staves
120331 | Pan      | Noticed Gloorx Vloq
120339 | Pan      | Killed Gloorx Vloq
120376 | Pan      | Got a dark rune of Zot
121426 | Pan      | Noticed Nuoracw the pandemonium lord
121774 | Pan      | Killed Nuoracw the pandemonium lord
121809 | Pan      | Found an exit through the horrors of the Abyss.
122328 | Pan      | Noticed Odwubol the pandemonium lord
122363 | Pan      | Killed Odwubol the pandemonium lord
122870 | Pan      | Found an exit through the horrors of the Abyss.
123166 | Pan      | Identified the +8 triple sword of Massacring {speed, rF+
                  | rC- rN++ Int+4}
123693 | Pan      | Entered the realm of Cerebov.
123711 | Pan      | Found an exit through the horrors of the Abyss.
124343 | Pan      | Found the +6 sword of Cerebov {flame}
124343 | Pan      | Noticed Cerebov
124439 | Pan      | Identified the ring "Uranuesa" {rF++ rC+ Str-3}
124461 | Pan      | Killed Cerebov
124503 | Pan      | Identified the +4 great sword "Murileam" {vorpal, rCorr
                  | Dex+3}
124552 | Pan      | Got the Quarto of Captivating Pyromania
124579 | Pan      | Identified the +0 robe of Mezcal {Str+5}
124660 | Pan      | Identified the +1 plate armour of Stoicism {Rampage}
124708 | Pan      | Got a fiery rune of Zot
125277 | Pan      | Noticed Faivi the pandemonium lord
125285 | Pan      | Killed Faivi the pandemonium lord
125984 | Pan      | Entered the realm of Lom Lobon.
126066 | Pan      | Found an exit through the horrors of the Abyss.
127194 | Pan      | Noticed Lom Lobon
128424 | Pan      | Killed Lom Lobon
128432 | Pan      | Got a magical rune of Zot
128914 | Pan      | Found an exit through the horrors of the Abyss.
129003 | Pan      | Noticed Evulicva the pandemonium lord
129008 | Pan      | Killed Evulicva the pandemonium lord
129847 | Pan      | Gained mutation: You do not regenerate when monsters are
                  | visible. [a cacodemon]
129924 | Pan      | Lost mutation: You have a pair of small horns on your head.
                  | [potion of mutation]
129924 | Pan      | Lost mutation: Your flesh is heat resistant. (rF+) [potion
                  | of mutation]
129924 | Pan      | Lost mutation: You are agile. (Dex +4, Str/Int -1) [potion
                  | of mutation]
129924 | Pan      | Gained mutation: Your magical capacity is low. (-10% MP)
                  | [potion of mutation]
129924 | Pan      | Gained mutation: A frigid envelope surrounds you and
                  | freezes all who hurt you. [potion of mutation]
129924 | Pan      | Gained mutation: You have sharp toenails. [potion of
                  | mutation]
129925 | Pan      | Lost mutation: Your spells are a little harder to cast, but
                  | a little more powerful. [potion of mutation]
129925 | Pan      | Lost mutation: You do not regenerate when monsters are
                  | visible. [potion of mutation]
129925 | Pan      | Gained mutation: You are partially covered in large bone
                  | plates. (SH +4) [potion of mutation]
129925 | Pan      | Gained mutation: Potions are less effective at restoring
                  | your health. [potion of mutation]
129926 | Pan      | Lost mutation: A frigid envelope surrounds you and freezes
                  | all who hurt you. [potion of mutation]
129926 | Pan      | Lost mutation: Your magical capacity is low. (-10% MP)
                  | [potion of mutation]
129926 | Pan      | Lost mutation: You have sharp toenails. [potion of
                  | mutation]
129926 | Pan      | Gained mutation: A frigid envelope surrounds you and
                  | freezes all who hurt you. [potion of mutation]
129988 | Pan      | Noticed Nelox the pandemonium lord
129999 | Pan      | Killed Nelox the pandemonium lord
130038 | Pan      | Identified the amulet of Nobility {Faith Harm rCorr Stlth+}
131599 | Pan      | Found an exit through the horrors of the Abyss.
131615 | Pan      | Found a transporter.
131691 | Pan      | Found a transporter.
131892 | Pan      | Paralysed by accursed screaming for 1 turns
132595 | Pan      | Identified the +3 helmet of Hepliaklqana's Esteem {rPois
                  | Int-4 Dex+8 Slay+4}
132601 | Pan      | Identified the ring "Laniyneit" {Fire rN++}
133156 | Pan      | Noticed Mealiw the pandemonium lord
133169 | Pan      | Killed Mealiw the pandemonium lord
133883 | Pan      | Found an exit through the horrors of the Abyss.
134171 | Pan      | Noticed Hilan the pandemonium lord
134186 | Pan      | Killed Hilan the pandemonium lord
134451 | Pan      | Noticed Beaqipn the pandemonium lord
134457 | Pan      | Killed Beaqipn the pandemonium lord
135025 | Pan      | Found an exit through the horrors of the Abyss.
135189 | Pan      | Gained mutation: You are clumsy. (Dex -2) [a neqoxec]
135198 | Pan      | Noticed Jewnavid the pandemonium lord
135207 | Pan      | Killed Jewnavid the pandemonium lord
136145 | Pan      | Found an exit through the horrors of the Abyss.
136400 | Pan      | Noticed Feanoi the pandemonium lord
136407 | Pan      | Killed Feanoi the pandemonium lord
137722 | Pan      | Found a runed translucent door.
137727 | Pan      | Found a runed translucent door.
137732 | Pan      | Found a runed translucent door.
137739 | Pan      | Found a runed translucent door.
137774 | Pan      | Noticed Waumn the pandemonium lord
137783 | Pan      | Killed Waumn the pandemonium lord
138001 | Pan      | Identified the +3 scale mail of the Accordion {Int+3}
138431 | Depths:2 | Escaped Pandemonium
138558 | Hell     | Learned a level 3 spell: Ozocubu's Armour
139502 | Orc:2    | Bought a wand of iceblast (8) for 249 gold pieces
139820 | Zig:1    | Entered Level 1 of a ziggurat
139820 | Zig:1    | Noticed Cuip the pandemonium lord
139832 | Zig:1    | Killed Cuip the pandemonium lord
140104 | Zig:2    | Entered Level 2 of a ziggurat
140134 | Zig:3    | Entered Level 3 of a ziggurat
140194 | Zig:4    | Entered Level 4 of a ziggurat
140254 | Zig:5    | Entered Level 5 of a ziggurat
140259 | Zig:5    | Noticed a juggernaut
140259 | Zig:5    | Noticed a juggernaut
140266 | Zig:5    | Killed a juggernaut
140267 | Zig:5    | Killed a juggernaut
140331 | Zig:6    | Entered Level 6 of a ziggurat
140367 | Zig:6    | Lost mutation: You are partially covered in large bone
                  | plates. (SH +4) [potion of mutation]
140367 | Zig:6    | Lost mutation: A frigid envelope surrounds you and freezes
                  | all who hurt you. [potion of mutation]
140367 | Zig:6    | Lost mutation: Potions are less effective at restoring your
                  | health. [potion of mutation]
140367 | Zig:6    | Gained mutation: You have hidden genetic potential. [potion
                  | of mutation]
140367 | Zig:6    | Gained mutation: You have great hidden genetic potential.
                  | [potion of mutation]
140379 | Zig:7    | Entered Level 7 of a ziggurat
140417 | Zig:7    | Got the Collected Works on Earth and Intoxication
140419 | Zig:7    | Identified the +0 troll leather armour "Leumetetiz" {+Blink
                  | rF+ rC- Regen+ Int+5}
140423 | Zig:7    | Identified the +3 leather armour of Ethics {rElec Stlth+}
140427 | Zig:7    | Identified the ring "Burudu" {Fly rElec MP+9 Int+3}
140429 | Zig:7    | Identified the +3 leather armour of Pydaom {Will+ MP+9
                  | Dex-2}
140463 | Zig:8    | Entered Level 8 of a ziggurat
140471 | Zig:8    | Noticed a dread lich
140472 | Zig:8    | Noticed a dread lich
140472 | Zig:8    | Noticed a dread lich
140472 | Zig:8    | Noticed a dread lich
140474 | Zig:8    | Killed a dread lich
140475 | Zig:8    | Killed a dread lich
140478 | Zig:8    | Killed a dread lich
140478 | Zig:8    | Killed a dread lich
140517 | Zig:8    | Identified the ring "Diojuiqo" {Fly rN+}
140526 | Zig:8    | Identified the +0 helmet "Feuthem" {rC+}
140536 | Zig:9    | Entered Level 9 of a ziggurat
140543 | Zig:9    | Noticed Ohuysana the pandemonium lord
140565 | Zig:9    | Killed Ohuysana the pandemonium lord
140588 | Zig:9    | Identified the amulet "Boikikot" {Regen+ Str+3}
140765 | Zig:10   | Entered Level 10 of a ziggurat
140906 | Zig:11   | Entered Level 11 of a ziggurat
140919 | Zig:11   | Found the +7 great mace "Undeadhunter" {disrupt, rN+}
140919 | Zig:11   | Found the +8 whip "Snakebite" {venom, curare, rPois}
141006 | Zig:11   | Learned a level 9 spell: Shatter
141040 | Zig:12   | Entered Level 12 of a ziggurat
141047 | Zig:12   | Noticed a dread lich
141051 | Zig:12   | Killed a dread lich
141053 | Zig:12   | Noticed a dread lich
141054 | Zig:12   | Noticed a dread lich
141059 | Zig:12   | Noticed a dread lich
141063 | Zig:12   | Killed a dread lich
141064 | Zig:12   | Killed a dread lich
141065 | Zig:12   | Noticed a dread lich
141074 | Zig:12   | Killed a dread lich
141093 | Zig:12   | Identified the +10 arbalest "Utwucaarhy" {elec, rPois MP+9
                  | Str+3}
141295 | Zig:13   | Entered Level 13 of a ziggurat
141492 | Zig:14   | Entered Level 14 of a ziggurat
141503 | Zig:14   | Noticed a juggernaut
141510 | Zig:14   | Noticed a juggernaut
141512 | Zig:14   | Killed a juggernaut
141518 | Zig:14   | Killed a juggernaut
141697 | Zig:14   | Identified the +4 whip of Noarodall {elec, rCorr Int+7}
141771 | Zig:15   | Entered Level 15 of a ziggurat
141781 | Zig:15   | Noticed a royal mummy
141781 | Zig:15   | Noticed a royal mummy
141782 | Zig:15   | Noticed a royal mummy
141782 | Zig:15   | Noticed a royal mummy
141782 | Zig:15   | Noticed a royal mummy
141786 | Zig:15   | Killed a royal mummy
141786 | Zig:15   | Killed a royal mummy
141786 | Zig:15   | Killed a royal mummy
141787 | Zig:15   | Killed a royal mummy
141800 | Zig:15   | Killed a royal mummy
141808 | Zig:15   | Found the +12 pair of quick blades "Gyre" and "Gimble"
                  | {protect}
141818 | Zig:15   | Identified the +6 quick blade of the Shifting Messenger
                  | {vorpal, SInv}
141822 | Zig:15   | Identified the +3 great sword of the Screaming Wolf {chaos,
                  | Will+ rCorr Str-2}
141824 | Zig:15   | Identified the amulet "Boatheha" {RegenMP Fragile rN+
                  | Str+5}
141831 | Zig:15   | Identified the +4 leather armour of the Lonely Dreams
                  | {*Slow rCorr Str+4}
141977 | Zig:16   | Entered Level 16 of a ziggurat
142051 | Zig:16   | Identified the +1 mace of the Rescuing Shrike {spect, rN+
                  | rCorr Dex+2 Stlth+}
142065 | Zig:16   | Identified the +7 great mace of Cobwebs {speed, Fragile
                  | +Blink rPois Str-5}
142067 | Zig:16   | Identified the +10 hand crossbow "Meteps" {freeze, rElec
                  | rF- Dex+5}
142103 | Zig:16   | Lost mutation: You are clumsy. (Dex -2) [potion of
                  | mutation]
142103 | Zig:16   | Lost mutation: You have great hidden genetic potential.
                  | [potion of mutation]
142103 | Zig:16   | Lost mutation: You have hidden genetic potential. [potion
                  | of mutation]
142103 | Zig:16   | Gained mutation: Your mind is acute. (Int +4, Str/Dex -1)
                  | [potion of mutation]
142103 | Zig:16   | Gained mutation: You are covered in fur. (AC +1) [potion of
                  | mutation]
142104 | Zig:16   | Lost mutation: Your mind is acute. (Int +4, Str/Dex -1)
                  | [potion of mutation]
142104 | Zig:16   | Lost mutation: You are covered in fur. (AC +1) [potion of
                  | mutation]
142104 | Zig:16   | Gained mutation: You are robust. (+10% HP) [potion of
                  | mutation]
142104 | Zig:16   | Gained mutation: Your muscles are strong. (Str +4, Int/Dex
                  | -1) [potion of mutation]
142104 | Zig:16   | Gained mutation: You are covered in fur. (AC +1) [potion of
                  | mutation]
142104 | Zig:16   | Gained mutation: You have sharp toenails. [potion of
                  | mutation]
142123 | Zig:17   | Entered Level 17 of a ziggurat
142139 | Zig:17   | Noticed a juggernaut
142145 | Zig:17   | Killed a juggernaut
142148 | Zig:17   | Noticed a juggernaut
142153 | Zig:17   | Killed a juggernaut
142163 | Zig:17   | Got the Compilation of Beckoning
142196 | Zig:17   | Identified the ring of Kerynek {Will+ rCorr MP+9}
142307 | Zig:17   | Identified the ring "Eralokh" {Fire rN+ Will- Str+5}
142421 | Zig:18   | Entered Level 18 of a ziggurat
142468 | Zig:18   | Identified the +8 halberd of the Clean God {flame, rPois
                  | rN+ Int-4}
142469 | Zig:18   | Identified the +0 ring mail of Qiettaa {rF+ rC+ Will-}
142479 | Zig:18   | Identified the +5 mace "Utoko" {antimagic, *Slow rElec
                  | Int-2 Dex+8}
142481 | Zig:18   | Identified the +3 morningstar of the Leaping Gods {flame,
                  | rPois rC- rN++ Dex+2}
142484 | Zig:18   | Identified the +1 helmet of Pantheism {Harm rF+ Str+4}
142486 | Zig:18   | Identified the +4 halberd "Jedaammu" {speed, *Noise rN+
                  | Dex+3}
142499 | Zig:18   | Identified the +1 robe "Zyiheikhle" {Int+3 Dex+2}
142630 | Zig:19   | Entered Level 19 of a ziggurat
142712 | Zig:19   | Got the Omnibus of the Ground and Hypothermia
142715 | Zig:19   | Identified the +8 dagger "Killer Bee's Doom" {vorpal, rF+
                  | Str+4 Dex+4}
142733 | Zig:19   | Identified the +2 pair of boots "Bilykh" {+Inv rElec rPois
                  | Stlth-}
142885 | Zig:20   | Entered Level 20 of a ziggurat
142899 | Zig:20   | Noticed a juggernaut
142904 | Zig:20   | Noticed a juggernaut
142904 | Zig:20   | Noticed a juggernaut
142904 | Zig:20   | Noticed a juggernaut
142907 | Zig:20   | Killed a juggernaut
142907 | Zig:20   | Killed a juggernaut
142909 | Zig:20   | Killed a juggernaut
142909 | Zig:20   | Killed a juggernaut
142914 | Zig:20   | Found the +7 captain's cutlass {speed, disarm}
143048 | Zig:20   | Identified the +6 halberd of Dowdy Valiance {freeze, Str+7
                  | Int-5}
143079 | Zig:20   | Identified the +0 scale mail "Wuodoryt" {rPois rF+ rN+
                  | Stlth-}
143085 | Zig:20   | Identified the +7 spear of Etaad {speed, rC+++ rCorr Int+2
                  | Dex-3}
143151 | Zig:20   | Learned a level 8 spell: Lehudib's Crystal Spear
143177 | Zig:21   | Entered Level 21 of a ziggurat
143205 | Zig:21   | Paralysed by a wendigo for 1 turns
143206 | Zig:21   | Noticed an ancient lich
143210 | Zig:21   | Killed an ancient lich
143216 | Zig:21   | Found the +3 warlock's mirror {reflect}
143228 | Zig:21   | Identified the ring "Faeximua" {Fly AC+4}
143288 | Zig:21   | Identified the +5 spear of Catug {drain, Int+2 Dex+4}
143293 | Zig:21   | Identified the +3 flail "Ydeigi Ystrigg" {freeze, rC- rN++
                  | rCorr Str+3}
143296 | Zig:21   | Identified the +3 hand axe "Zaowk" {vorpal, Str+3}
143388 | Zig:22   | Entered Level 22 of a ziggurat
143415 | Zig:22   | Reached skill level 1 in Throwing
143420 | Zig:22   | Found the +5 demon whip "Spellbinder" {antimagic, Will+}
143440 | Zig:22   | Identified the +1 robe of the Serpent {rN+}
143441 | Zig:22   | Identified the ring of Sanaclor {Fly rElec rPois rC+ Str-4}
143445 | Zig:22   | Identified the +4 ice dragon scales of the Unbroken {+Inv
                  | rF- rC++ rCorr Int-5}
143450 | Zig:22   | Reached skill level 5 in Throwing
143494 | Zig:22   | Identified the +4 glaive of Jizunwa Avva {vorpal, Dex+3}
143499 | Zig:22   | Identified the +5 shortbow "Worm" {flame, Str+3 Dex-3}
143555 | Zig:23   | Entered Level 23 of a ziggurat
143567 | Zig:23   | Noticed an ancient lich
143573 | Zig:23   | Killed an ancient lich
143576 | Zig:23   | Noticed a dread lich
143582 | Zig:23   | Noticed a dread lich
143584 | Zig:23   | Killed a dread lich
143586 | Zig:23   | Noticed an ancient lich
143593 | Zig:23   | Killed a dread lich
143597 | Zig:23   | Killed an ancient lich
143806 | Zig:23   | Identified the +0 pair of gloves of Zin's Righteous Anger
                  | {Drain rF+ rN+}
143823 | Zig:23   | Identified the +4 quarterstaff of Defenestration {flame,
                  | rC+++ Will- rCorr Int-2}
143833 | Zig:23   | Identified the ring "Codd" {rF+ Will+ Str-5 Dex+2 Stlth+}
143867 | Zig:23   | Learned a level 9 spell: Death's Door
143883 | Zig:24   | Entered Level 24 of a ziggurat
143901 | Zig:24   | Noticed a dread lich
143904 | Zig:24   | Killed a dread lich
143905 | Zig:24   | Reached skill level 10 in Throwing
143905 | Zig:24   | Noticed a dread lich
143905 | Zig:24   | Noticed an ancient lich
143907 | Zig:24   | Killed a dread lich
143908 | Zig:24   | Noticed a dread lich
143910 | Zig:24   | Killed an ancient lich
143910 | Zig:24   | Killed a dread lich
143910 | Zig:24   | Noticed a dread lich
143911 | Zig:24   | Noticed a dread lich
143912 | Zig:24   | Noticed a dread lich
143914 | Zig:24   | Killed a dread lich
143915 | Zig:24   | Killed a dread lich
143915 | Zig:24   | Killed a dread lich
143922 | Zig:24   | Found the +7 mace of Variability {chain chaos}
143925 | Zig:24   | Identified the +6 dagger of the Lonely Mice {protect,
                  | Str+4}
143926 | Zig:24   | Identified the ring "Fetubloasch" {Will+ MP+9 Str+3 Stlth+}
143930 | Zig:24   | Identified the +6 whip of Qazlal's Esteem {pain, Str+2}
144006 | Zig:24   | Identified the +3 arbalest of Reason {speed, rElec rF++
                  | Int+2 Stlth-}
144011 | Zig:24   | Identified the +4 whip "Zitiggai" {vorpal, Will+}
144012 | Zig:24   | Identified the ring "Wuten" {MP+9 Dex+6}
144043 | Zig:24   | Identified the +10 bardiche "Eshroty" {vamp, +Blink}
144044 | Zig:24   | Identified the +1 quarterstaff of Filigreed Forgiveness
                  | {elec, *Noise rF+ Int+3}
144157 | Zig:25   | Entered Level 25 of a ziggurat
144213 | Zig:25   | Identified the +6 ice dragon scales of Supple Strength
                  | {*Corrode +Blink rF- rC++ SInv}
144221 | Zig:25   | Identified the ring of Tittuelo {Fire Fly rCorr Int+2
                  | Dex-4}
144257 | Zig:25   | Identified the +10 mace "Zeta" {spect, rElec rCorr Dex+3}
144361 | Zig:26   | Entered Level 26 of a ziggurat
144385 | Zig:26   | Paralysed by a floating eye for 4 turns
144426 | Zig:26   | Reached skill level 15 in Throwing
144582 | Zig:26   | Found the +8 mithril axe "Arga" {speed, Will+}
144582 | Zig:26   | Found the +8 storm bow {elec, penet}
144606 | Zig:26   | Identified the ring of Xabbaa {Fly rElec rPois}
144619 | Zig:26   | Got the Lectures on Confrontation and Command
144633 | Zig:26   | Identified the +9 battleaxe "Uczeleg" {freeze, +Blink rF+
                  | rN++ Int-5}
144680 | Zig:27   | Entered Level 27 of a ziggurat
144735 | Zig:27   | Noticed Avilat the pandemonium lord
144739 | Zig:27   | Killed Avilat the pandemonium lord
144859 | Zig:27   | Found the +8 Vampire's Tooth {vamp}
144859 | Zig:27   | Found the +4 Cigotuvi's embrace {rMiasma Drain rN+}
144867 | Zig:27   | Identified the ring "Utomun" {rF+ AC+4 SInv}
144930 | Zig:27   | Identified the +5 scale mail "Xiuzxak" {Regen+ Dex+3}
147410 | Zig:1    | Entered Level 1 of a ziggurat
147421 | Zig:2    | Entered Level 2 of a ziggurat
147438 | Zig:2    | Identified the +0 cloak of Lucidity {rF+}
147444 | Zig:3    | Entered Level 3 of a ziggurat
147476 | Zig:4    | Entered Level 4 of a ziggurat
147477 | Zig:4    | Noticed an ancient lich
147483 | Zig:4    | Killed an ancient lich
147497 | Zig:4    | Identified the +0 robe of the Wilderness {Dex+4}
147560 | Zig:5    | Entered Level 5 of a ziggurat
147584 | Zig:5    | Identified the +5 ring mail of Beogh's Righteous Fury {rF++
                  | Dex-4 SInv}
147608 | Zig:6    | Entered Level 6 of a ziggurat
147702 | Zig:7    | Entered Level 7 of a ziggurat
147723 | Zig:7    | Identified the ring "Xyahac" {rCorr Slay+6}
147811 | Zig:8    | Entered Level 8 of a ziggurat
147835 | Zig:8    | Identified the +1 ring mail of Truth {rF+ rC+ Regen+}
147903 | Zig:9    | Entered Level 9 of a ziggurat
147918 | Zig:9    | Noticed Abes the pandemonium lord
147922 | Zig:9    | Killed Abes the pandemonium lord
147939 | Zig:9    | Identified the +6 great mace "Tormentor" {vorpal, rC+}
147980 | Zig:9    | Identified the +5 mace "Newtbane" {vorpal, *Slow rPois
                  | Int+4 Stlth+}
147983 | Zig:9    | Identified the +4 whip of the Eternal Void {spect, rC+
                  | Str+5}
148014 | Zig:10   | Entered Level 10 of a ziggurat
148021 | Zig:10   | Found the amulet of Vitality {RegenMP++ Regen++}
148037 | Zig:10   | Identified the +0 robe "Ysakh" {Harm Str+6}
148166 | Zig:11   | Entered Level 11 of a ziggurat
148179 | Zig:11   | Found the +7 great mace "Firestarter" {inner flame, rF++}
148259 | Zig:12   | Entered Level 12 of a ziggurat
148350 | Zig:12   | Identified the +7 flail of Ysatesu {vorpal, rElec}
148352 | Zig:12   | Identified the +6 trident of Kindness {vorpal, Fly rF-
                  | Str+5 Dex+3}
148365 | Zig:12   | Identified the amulet "Catwoclo" {Faith Rampage Str+2}
148402 | Zig:13   | Entered Level 13 of a ziggurat
148417 | Zig:13   | Reached skill level 5 in Unarmed Combat
148421 | Zig:13   | Found the necklace of Bloodlust {*Rage Will++ Int-3 Slay+6}
148460 | Zig:13   | Identified the +5 quarterstaff of the Two Names {vorpal,
                  | Dex+8 Stlth-}
148469 | Zig:13   | Identified the +9 dagger of Birphum {vamp, Fragile rElec
                  | rPois SInv}
148519 | Zig:14   | Entered Level 14 of a ziggurat
148529 | Zig:14   | Noticed an ancient lich
148530 | Zig:14   | Noticed an ancient lich
148534 | Zig:14   | Reached skill level 10 in Unarmed Combat
148534 | Zig:14   | Killed an ancient lich
148535 | Zig:14   | Killed an ancient lich
148644 | Zig:15   | Entered Level 15 of a ziggurat
148703 | Zig:15   | Identified the +8 sling "Riuh" {flame, rF+ Int+4 SInv}
148707 | Zig:15   | Identified the ring "Poug" {rElec EV+4 Str+4 Int+4 Dex-2}
148710 | Zig:15   | Identified the +3 mace "Ysyzxoulo" {vorpal, rC+ SInv}
148768 | Zig:15   | Learned a level 7 spell: Enfeeble
148769 | Zig:16   | Entered Level 16 of a ziggurat
148783 | Zig:16   | Noticed Ufeumuja the pandemonium lord
148785 | Zig:16   | Killed Ufeumuja the pandemonium lord
148786 | Zig:16   | Reached skill level 15 in Unarmed Combat
148819 | Zig:16   | Identified the ring "Zucrixuv" {rElec rPois rN+ rCorr}
148944 | Zig:17   | Entered Level 17 of a ziggurat
149009 | Zig:17   | Paralysed by a floating eye for 2 turns
149019 | Zig:17   | Identified the ring "Luits" {Wiz Fly rF- Int+2 Dex+3}
149026 | Zig:17   | Identified the +4 long sword "Sokaur" {protect, rCorr
                  | Stlth+}
149030 | Zig:17   | Identified the ring of Vanity {Fire *Slow Dex+6}
149073 | Zig:17   | Identified the +1 arbalest "Xiutael" {penet, +Blink Fly
                  | rCorr Dex-2}
149074 | Zig:17   | Identified the -2 pair of gloves "Ahyt" {Int+6}
149080 | Zig:17   | Reached skill level 10 in Air Magic
149167 | Zig:18   | Entered Level 18 of a ziggurat
149184 | Zig:18   | Noticed an ancient lich
149186 | Zig:18   | Noticed a dread lich
149193 | Zig:18   | Killed a dread lich
149195 | Zig:18   | Killed an ancient lich
149196 | Zig:18   | Noticed an ancient lich
149201 | Zig:18   | Noticed a dread lich
149202 | Zig:18   | Killed an ancient lich
149205 | Zig:18   | Killed a dread lich
149207 | Zig:18   | Found the +4 robe of Folly {Brilliance Will-∞ Int+8}
149229 | Zig:18   | Identified the +10 battleaxe of Eternal Night {elec, rPois
                  | Str+4 Dex-4 SInv}
149235 | Zig:18   | Identified the amulet of Ashenzari's Approval {Reflect
                  | rElec Dex-3 Slay+5 SH+5}
149260 | Zig:18   | Identified the +5 arbalest "Gatweyc" {flame, rF+ Str+3}
149301 | Zig:18   | Identified the +3 shortbow "Ifot" {flame, SInv}
149415 | Zig:19   | Entered Level 19 of a ziggurat
149437 | Zig:19   | Reached skill level 15 in Air Magic
149487 | Zig:19   | Identified the ring "Laink" {rC- rCorr Str+6 Dex+6 Stlth+}
149493 | Zig:19   | Identified the +7 long sword of Duinuipn {drain, Str+5
                  | Dex+3}
149499 | Zig:19   | Identified the +1 troll leather armour of the Ancient
                  | Dreams {Harm rElec Regen+ Dex+4}
149522 | Zig:19   | Identified the +5 ring mail "Xemab" {rF+ Str+4}
149590 | Zig:20   | Entered Level 20 of a ziggurat
149644 | Zig:20   | Identified the ring "Nopn" {Wiz rCorr}
149677 | Zig:20   | Identified the +6 scimitar "Eliogus" {venom, rF+ Str+3
                  | SInv}
149809 | Zig:21   | Entered Level 21 of a ziggurat
149824 | Zig:21   | Noticed an ancient lich
149824 | Zig:21   | Noticed a dread lich
149825 | Zig:21   | Noticed an ancient lich
149825 | Zig:21   | Noticed a dread lich
149826 | Zig:21   | Noticed a dread lich
149826 | Zig:21   | Noticed an ancient lich
149827 | Zig:21   | Killed an ancient lich
149827 | Zig:21   | Noticed an ancient lich
149828 | Zig:21   | Noticed an ancient lich
149828 | Zig:21   | Killed an ancient lich
149828 | Zig:21   | Killed a dread lich
149828 | Zig:21   | Killed a dread lich
149834 | Zig:21   | Killed a dread lich
149837 | Zig:21   | Killed an ancient lich
149837 | Zig:21   | Killed an ancient lich
149846 | Zig:21   | Killed an ancient lich
149926 | Zig:21   | Identified the ring of Tokekos {rPois rC+++ rN+ Int+2
                  | Dex+6}
149933 | Zig:21   | Identified the +0 hat of the Four Tales {Int+4 Dex+5}
150038 | Zig:22   | Entered Level 22 of a ziggurat
150054 | Zig:22   | Noticed an ancient lich
150062 | Zig:22   | Killed an ancient lich
150075 | Zig:22   | Noticed an ancient lich
150079 | Zig:22   | Noticed an ancient lich
150082 | Zig:22   | Killed an ancient lich
150088 | Zig:22   | Killed an ancient lich
150090 | Zig:22   | Noticed an ancient lich
150099 | Zig:22   | Killed an ancient lich
150184 | Zig:22   | Found the +14 obsidian axe {vorpal, Mesm Drain Fly SInv}
150225 | Zig:22   | Identified the ring "Wacuyronn" {Fire Dex+4}
150233 | Zig:22   | Identified the +7 quarterstaff of the Healing Sybil {vamp,
                  | Will+ Dex+3}
150357 | Zig:23   | Entered Level 23 of a ziggurat
150444 | Zig:23   | Found the +9 scales of the Dragon King {rPois rF+ rC+
                  | Will+}
150444 | Zig:23   | Found the +6 Majin-Bo {vamp, MP+6 Int+6}
150460 | Zig:23   | Identified the amulet "Zogioj" {+Blink rN++ Regen+ Stlth+}
150495 | Zig:23   | Identified the +4 scale mail of Weot {Str+3}
150541 | Zig:24   | Entered Level 24 of a ziggurat
150572 | Zig:24   | Paralysed by an air elemental for 1 turns
150612 | Zig:24   | Identified the +10 battleaxe of Noon {holy, rF+ rCorr}
150838 | Zig:25   | Entered Level 25 of a ziggurat
150852 | Zig:25   | Noticed an ancient lich
150858 | Zig:25   | Killed an ancient lich
150861 | Zig:25   | Noticed an ancient lich
150863 | Zig:25   | Noticed a dread lich
150870 | Zig:25   | Killed an ancient lich
150872 | Zig:25   | Killed a dread lich
150981 | Zig:25   | Identified the +2 plate armour "Hokhoi" {Rampage}
151083 | Zig:26   | Entered Level 26 of a ziggurat
151128 | Zig:26   | Reached skill level 1 in Hexes
151143 | Zig:26   | Reached skill level 5 in Hexes
151146 | Zig:26   | Found the ring of the Octopus King
151146 | Zig:26   | Found the +3 greatsling "Punk" {acid, rCorr}
151164 | Zig:26   | Found the +8 orange crystal plate armour {Archmagi, Int+3
                  | Clar}
151168 | Zig:26   | Identified a ring of the Octopus King {Fly HP+2 AC+2 EV+2
                  | SH+2}
151173 | Zig:26   | Identified the amulet of Understanding {Reflect Int+6 SH+5}
151190 | Zig:26   | Identified the ring of Faziwace {rF+ rCorr Str-4 Dex+4
                  | SInv}
151202 | Zig:26   | Identified the +1 chain mail "Qivainua" {Will- rCorr Slay+5
                  | Stlth-}
151325 | Zig:26   | Identified the ring of Guojoll {rElec rF+ Stlth+}
151403 | Zig:26   | Identified the +0 chain mail "Famym" {Harm rC+}
151591 | Zig:27   | Entered Level 27 of a ziggurat
151604 | Zig:27   | Noticed an ancient lich
151609 | Zig:27   | Noticed a dread lich
151610 | Zig:27   | Killed an ancient lich
151611 | Zig:27   | Reached skill level 10 in Hexes
151611 | Zig:27   | Noticed a dread lich
151611 | Zig:27   | Noticed an ancient lich
151612 | Zig:27   | Noticed a dread lich
151612 | Zig:27   | Noticed a dread lich
151613 | Zig:27   | Noticed a dread lich
151613 | Zig:27   | Noticed a dread lich
151614 | Zig:27   | Noticed an ancient lich
151614 | Zig:27   | Noticed a dread lich
151615 | Zig:27   | Noticed an ancient lich
151616 | Zig:27   | Noticed an ancient lich
151617 | Zig:27   | Killed an ancient lich
151617 | Zig:27   | Killed a dread lich
151617 | Zig:27   | Killed a dread lich
151617 | Zig:27   | Killed a dread lich
151617 | Zig:27   | Killed a dread lich
151617 | Zig:27   | Killed an ancient lich
151617 | Zig:27   | Killed an ancient lich
151617 | Zig:27   | Killed an ancient lich
151617 | Zig:27   | Noticed an ancient lich
151620 | Zig:27   | Killed a dread lich
151620 | Zig:27   | Killed a dread lich
151622 | Zig:27   | Killed a dread lich
151623 | Zig:27   | Reached skill level 15 in Hexes
151627 | Zig:27   | Killed an ancient lich
151632 | Zig:27   | Noticed an ancient lich
151653 | Zig:27   | Killed an ancient lich
151707 | Zig:27   | Found the +7 sceptre of Torment {pain, torment}
151714 | Zig:27   | Identified the ring of Attitude {Fly rF- AC+4 SInv}
151732 | Zig:27   | Identified the ring of Pigimam {Fly EV+4}
151775 | Zig:27   | Identified the +6 long sword "Worm" {flame, rF+ SInv}
151999 | Hell     | Acquired 755 gold pieces
152032 | Hell     | Lost mutation: You have sharp toenails. [potion of
                  | mutation]
152032 | Hell     | Lost mutation: Your muscles are strong. (Str +4, Int/Dex
                  | -1) [potion of mutation]
152032 | Hell     | Gained mutation: You have supernaturally acute eyesight.
                  | (SInv) [potion of mutation]
152032 | Hell     | Gained mutation: Your spells are a little harder to cast,
                  | but a little more powerful. [potion of mutation]
152033 | Hell     | Lost mutation: You are robust. (+10% HP) [potion of
                  | mutation]
152033 | Hell     | Lost mutation: You have supernaturally acute eyesight.
                  | (SInv) [potion of mutation]
152033 | Hell     | Lost mutation: You are covered in fur. (AC +1) [potion of
                  | mutation]
152033 | Hell     | Gained mutation: You have hidden genetic potential. [potion
                  | of mutation]
152033 | Hell     | Gained mutation: You occasionally lose the ability to read
                  | scrolls when taking damage. [potion of mutation]
152033 | Hell     | Gained mutation: You sometimes lose your temper in combat.
                  | [potion of mutation]
152034 | Hell     | Lost mutation: Your spells are a little harder to cast, but
                  | a little more powerful. [potion of mutation]
152034 | Hell     | Lost mutation: You sometimes lose your temper in combat.
                  | [potion of mutation]
152034 | Hell     | Gained mutation: You have a pair of small horns on your
                  | head. [potion of mutation]
152034 | Hell     | Gained mutation: You are covered in fur. (AC +1) [potion of
                  | mutation]
152035 | Hell     | Lost mutation: You occasionally lose the ability to read
                  | scrolls when taking damage. [potion of mutation]
152035 | Hell     | Lost mutation: You are covered in fur. (AC +1) [potion of
                  | mutation]
152036 | Hell     | Lost mutation: You have a pair of small horns on your head.
                  | [potion of mutation]
152036 | Hell     | Lost mutation: You have hidden genetic potential. [potion
                  | of mutation]
152036 | Hell     | Gained mutation: Armour fits poorly on your strangely
                  | shaped body. [potion of mutation]
152036 | Hell     | Gained mutation: You occasionally shout uncontrollably at
                  | your foes. [potion of mutation]
152036 | Hell     | Gained mutation: Your movements are slightly less
                  | encumbered by armour. (ER -2) [potion of mutation]
152037 | Hell     | Lost mutation: You occasionally shout uncontrollably at
                  | your foes. [potion of mutation]
152037 | Hell     | Lost mutation: Your movements are slightly less encumbered
                  | by armour. (ER -2) [potion of mutation]
152037 | Hell     | Lost mutation: Armour fits poorly on your strangely shaped
                  | body. [potion of mutation]
152037 | Hell     | Gained mutation: You have sharp toenails. [potion of
                  | mutation]
152037 | Hell     | Gained mutation: Your flesh is cold resistant. (rC+)
                  | [potion of mutation]
152037 | Hell     | Gained mutation: You have razor-sharp toenails. [potion of
                  | mutation]
152042 | Hell     | Lost mutation: You have razor-sharp toenails. [potion of
                  | mutation]
152042 | Hell     | Lost mutation: You have sharp toenails. [potion of
                  | mutation]
152042 | Hell     | Lost mutation: Your flesh is cold resistant. (rC+) [potion
                  | of mutation]
152042 | Hell     | Gained mutation: You have sharp toenails. [potion of
                  | mutation]
152042 | Hell     | Gained mutation: You are agile. (Dex +4, Str/Int -1)
                  | [potion of mutation]
152042 | Hell     | Gained mutation: Your magical capacity is low. (-10% MP)
                  | [potion of mutation]
152043 | Hell     | Lost mutation: Your magical capacity is low. (-10% MP)
                  | [potion of mutation]
152043 | Hell     | Lost mutation: You are agile. (Dex +4, Str/Int -1) [potion
                  | of mutation]
152043 | Hell     | Gained mutation: You have an increased reservoir of magic.
                  | (+10% MP) [potion of mutation]
152043 | Hell     | Gained mutation: You occasionally lose the ability to drink
                  | potions when taking damage. [potion of mutation]
152043 | Hell     | Gained mutation: Your movements are slightly less
                  | encumbered by armour. (ER -2) [potion of mutation]
152043 | Hell     | Gained mutation: You have hidden genetic potential. [potion
                  | of mutation]
152044 | Hell     | Lost mutation: You have sharp toenails. [potion of
                  | mutation]
152044 | Hell     | Lost mutation: Your movements are slightly less encumbered
                  | by armour. (ER -2) [potion of mutation]
152044 | Hell     | Lost mutation: You occasionally lose the ability to drink
                  | potions when taking damage. [potion of mutation]
152044 | Hell     | Gained mutation: You have a pair of small antennae on your
                  | head. [potion of mutation]
152045 | Hell     | Lost mutation: You have an increased reservoir of magic.
                  | (+10% MP) [potion of mutation]
152045 | Hell     | Lost mutation: You have a pair of small antennae on your
                  | head. [potion of mutation]
152045 | Hell     | Lost mutation: You have hidden genetic potential. [potion
                  | of mutation]
152045 | Hell     | Gained mutation: You are somewhat resistant to further
                  | mutation. [potion of mutation]
152046 | Hell     | Lost mutation: You are somewhat resistant to further
                  | mutation. [potion of mutation]
152046 | Hell     | Gained mutation: You have a beak for a mouth. [potion of
                  | mutation]
152046 | Hell     | Gained mutation: You passively dampen the noise of your
                  | surroundings. [potion of mutation]
152046 | Hell     | Gained mutation: You have supernaturally acute eyesight.
                  | (SInv) [potion of mutation]
152046 | Hell     | Gained mutation: You have a pair of small horns on your
                  | head. [potion of mutation]
152047 | Hell     | Lost mutation: You passively dampen the noise of your
                  | surroundings. [potion of mutation]
152047 | Hell     | Lost mutation: You have a pair of small horns on your head.
                  | [potion of mutation]
152047 | Hell     | Lost mutation: You have a beak for a mouth. [potion of
                  | mutation]
152047 | Hell     | Gained mutation: Your spells are a little harder to cast,
                  | but a little more powerful. [potion of mutation]
152047 | Hell     | Gained mutation: You have hidden genetic defects. [potion
                  | of mutation]
152047 | Hell     | Gained mutation: You passively map a small area around you.
                  | [potion of mutation]
152047 | Hell     | Lost mutation: You have hidden genetic defects. [potion of
                  | mutation]
152048 | Hell     | Lost mutation: Your spells are a little harder to cast, but
                  | a little more powerful. [potion of mutation]
152048 | Hell     | Lost mutation: You passively map a small area around you.
                  | [potion of mutation]
152048 | Hell     | Gained mutation: You are partially covered in large bone
                  | plates. (SH +4) [potion of mutation]
152048 | Hell     | Gained mutation: You are strong-willed. (Will+) [potion of
                  | mutation]
152049 | Hell     | Lost mutation: You have supernaturally acute eyesight.
                  | (SInv) [potion of mutation]
152049 | Hell     | Lost mutation: You are strong-willed. (Will+) [potion of
                  | mutation]
152049 | Hell     | Lost mutation: You are partially covered in large bone
                  | plates. (SH +4) [potion of mutation]
152049 | Hell     | Gained mutation: You are dopey. (Int -2) [potion of
                  | mutation]
152049 | Hell     | Gained mutation: You are covered in fur. (AC +1) [potion of
                  | mutation]
152050 | Hell     | Lost mutation: You are covered in fur. (AC +1) [potion of
                  | mutation]
152050 | Hell     | Lost mutation: You are dopey. (Int -2) [potion of mutation]
152050 | Hell     | Gained mutation: You are occasionally teleported next to
                  | monsters. [potion of mutation]
152050 | Hell     | Gained mutation: You have a pair of small antennae on your
                  | head. [potion of mutation]
152050 | Hell     | Gained mutation: Your flesh is heat resistant. (rF+)
                  | [potion of mutation]
152051 | Hell     | Lost mutation: You have a pair of small antennae on your
                  | head. [potion of mutation]
152051 | Hell     | Lost mutation: You are occasionally teleported next to
                  | monsters. [potion of mutation]
152051 | Hell     | Gained mutation: You have a pair of small antennae on your
                  | head. [potion of mutation]
152051 | Hell     | Gained mutation: Potions are less effective at restoring
                  | your health. [potion of mutation]
152051 | Hell     | Gained mutation: You expend magic power (3 MP) to
                  | strengthen your wands. [potion of mutation]
152052 | Hell     | Lost mutation: You have a pair of small antennae on your
                  | head. [potion of mutation]
152052 | Hell     | Lost mutation: You expend magic power (3 MP) to strengthen
                  | your wands. [potion of mutation]
152052 | Hell     | Gained mutation: You occasionally lose the ability to drink
                  | potions when taking damage. [potion of mutation]
152052 | Hell     | Gained mutation: Potions cannot restore your health.
                  | [potion of mutation]
152052 | Hell     | Gained mutation: Your flesh is very heat resistant. (rF++)
                  | [potion of mutation]
152052 | Hell     | Gained mutation: Your movements are slightly less
                  | encumbered by armour. (ER -2) [potion of mutation]
152053 | Hell     | Lost mutation: Your movements are slightly less encumbered
                  | by armour. (ER -2) [potion of mutation]
152053 | Hell     | Lost mutation: Your flesh is very heat resistant. (rF++)
                  | [potion of mutation]
152053 | Hell     | Lost mutation: Potions cannot restore your health. [potion
                  | of mutation]
152053 | Hell     | Lost mutation: You occasionally lose the ability to drink
                  | potions when taking damage. [potion of mutation]
152053 | Hell     | Gained mutation: You are somewhat resistant to further
                  | mutation. [potion of mutation]
152054 | Hell     | Lost mutation: Your flesh is heat resistant. (rF+) [potion
                  | of mutation]
152054 | Hell     | Lost mutation: Potions are less effective at restoring your
                  | health. [potion of mutation]
152054 | Hell     | Lost mutation: You are somewhat resistant to further
                  | mutation. [potion of mutation]
152054 | Hell     | Gained mutation: You occasionally lose the ability to drink
                  | potions when taking damage. [potion of mutation]
152054 | Hell     | Gained mutation: Your spells are a little harder to cast,
                  | but a little more powerful. [potion of mutation]
152055 | Hell     | Lost mutation: You occasionally lose the ability to drink
                  | potions when taking damage. [potion of mutation]
152055 | Hell     | Lost mutation: Your spells are a little harder to cast, but
                  | a little more powerful. [potion of mutation]
152055 | Hell     | Gained mutation: You are dopey. (Int -2) [potion of
                  | mutation]
152055 | Hell     | Gained mutation: You expend magic power (3 MP) to
                  | strengthen your wands. [potion of mutation]
152055 | Hell     | Gained mutation: Your flesh is heat resistant. (rF+)
                  | [potion of mutation]
152056 | Hell     | Lost mutation: You are dopey. (Int -2) [potion of mutation]
152056 | Hell     | Lost mutation: You expend magic power (3 MP) to strengthen
                  | your wands. [potion of mutation]
152056 | Hell     | Lost mutation: Your flesh is heat resistant. (rF+) [potion
                  | of mutation]
152056 | Hell     | Gained mutation: You expend magic power (3 MP) to
                  | strengthen your wands. [potion of mutation]
152057 | Hell     | Lost mutation: You expend magic power (3 MP) to strengthen
                  | your wands. [potion of mutation]
152057 | Hell     | Gained mutation: Your magical capacity is low. (-10% MP)
                  | [potion of mutation]
152057 | Hell     | Gained mutation: Your skin changes colour to match your
                  | surroundings (Stealth+). [potion of mutation]
152057 | Hell     | Gained mutation: You are resistant to electric shocks.
                  | (rElec) [potion of mutation]
152058 | Hell     | Lost mutation: You are resistant to electric shocks.
                  | (rElec) [potion of mutation]
152058 | Hell     | Lost mutation: Your magical capacity is low. (-10% MP)
                  | [potion of mutation]
152058 | Hell     | Gained mutation: Your spells are a little easier to cast,
                  | but a little less powerful. [potion of mutation]
152058 | Hell     | Gained mutation: Your flesh is cold resistant. (rC+)
                  | [potion of mutation]
152059 | Hell     | Lost mutation: Your flesh is cold resistant. (rC+) [potion
                  | of mutation]
152059 | Hell     | Lost mutation: Your skin changes colour to match your
                  | surroundings (Stealth+). [potion of mutation]
152059 | Hell     | Lost mutation: Your spells are a little easier to cast, but
                  | a little less powerful. [potion of mutation]
152059 | Hell     | Gained mutation: You have hidden genetic potential. [potion
                  | of mutation]
152059 | Hell     | Gained mutation: Your mind is acute. (Int +4, Str/Dex -1)
                  | [potion of mutation]
152060 | Hell     | Lost mutation: Your mind is acute. (Int +4, Str/Dex -1)
                  | [potion of mutation]
152060 | Hell     | Lost mutation: You have hidden genetic potential. [potion
                  | of mutation]
152060 | Hell     | Gained mutation: You are agile. (Dex +4, Str/Int -1)
                  | [potion of mutation]
152061 | Hell     | Lost mutation: You are agile. (Dex +4, Str/Int -1) [potion
                  | of mutation]
152061 | Hell     | Gained mutation: You are weak. (Str -2) [potion of
                  | mutation]
152061 | Hell     | Gained mutation: You expend magic power (3 MP) to
                  | strengthen your wands. [potion of mutation]
152061 | Hell     | Gained mutation: Your movements are slightly less
                  | encumbered by armour. (ER -2) [potion of mutation]
152062 | Hell     | Lost mutation: You are weak. (Str -2) [potion of mutation]
152062 | Hell     | Lost mutation: Your movements are slightly less encumbered
                  | by armour. (ER -2) [potion of mutation]
152062 | Hell     | Gained mutation: You occasionally lose the ability to drink
                  | potions when taking damage. [potion of mutation]
152062 | Hell     | Gained mutation: You sometimes lose your temper in combat.
                  | [potion of mutation]
152062 | Hell     | Gained mutation: Your magical capacity is low. (-10% MP)
                  | [potion of mutation]
152062 | Hell     | Gained mutation: You are robust. (+10% HP) [potion of
                  | mutation]
152063 | Hell     | Lost mutation: You are robust. (+10% HP) [potion of
                  | mutation]
152063 | Hell     | Lost mutation: You sometimes lose your temper in combat.
                  | [potion of mutation]
152063 | Hell     | Lost mutation: You expend magic power (3 MP) to strengthen
                  | your wands. [potion of mutation]
152063 | Hell     | Gained mutation: Your muscles are strong. (Str +4, Int/Dex
                  | -1) [potion of mutation]
152063 | Hell     | Gained mutation: You have sharp toenails. [potion of
                  | mutation]
152064 | Hell     | Lost mutation: You have sharp toenails. [potion of
                  | mutation]
152064 | Hell     | Lost mutation: You occasionally lose the ability to drink
                  | potions when taking damage. [potion of mutation]
152064 | Hell     | Lost mutation: Your magical capacity is low. (-10% MP)
                  | [potion of mutation]
152064 | Hell     | Gained mutation: You have a pair of small antennae on your
                  | head. [potion of mutation]
152064 | Hell     | Gained mutation: You have hidden genetic potential. [potion
                  | of mutation]
152064 | Hell     | Gained mutation: Your flesh is cold resistant. (rC+)
                  | [potion of mutation]
152085 | Zig:1    | Entered Level 1 of a ziggurat
152086 | Zig:1    | Noticed Suhunef the pandemonium lord
152092 | Zig:1    | Killed Suhunef the pandemonium lord
152103 | Zig:1    | Acquired a manual of Unarmed Combat
152110 | Zig:2    | Entered Level 2 of a ziggurat
152140 | Zig:3    | Entered Level 3 of a ziggurat
152177 | Zig:4    | Entered Level 4 of a ziggurat
152222 | Zig:5    | Entered Level 5 of a ziggurat
152274 | Zig:6    | Entered Level 6 of a ziggurat
152279 | Zig:6    | Noticed a juggernaut
152291 | Zig:6    | Killed a juggernaut
152303 | Zig:6    | Reached skill level 15 in Shields
152316 | Zig:6    | Identified the +7 war axe "Figeon" {freeze, rF+ Str+4
                  | Dex-5}
152355 | Zig:7    | Entered Level 7 of a ziggurat
152360 | Zig:7    | Found the +2 hood of the Assassin {Detection Stab+ Stlth++}
152363 | Zig:7    | Noticed Doigakh the pandemonium lord
152374 | Zig:7    | Killed Doigakh the pandemonium lord
152411 | Zig:8    | Entered Level 8 of a ziggurat
152414 | Zig:8    | Noticed a juggernaut
152415 | Zig:8    | Noticed a juggernaut
152419 | Zig:8    | Killed a juggernaut
152420 | Zig:8    | Noticed a juggernaut
152424 | Zig:8    | Killed a juggernaut
152424 | Zig:8    | Killed a juggernaut
152483 | Zig:9    | Entered Level 9 of a ziggurat
152503 | Zig:9    | Identified the ring of Lixteczar {rElec rF+ Will+ Dex+3
                  | Stlth+}
152511 | Zig:9    | Identified the +1 robe of the Quiescent God {rC+ Regen+
                  | Archmagi}
152514 | Zig:9    | Identified the +4 arbalest of Kuewiq {venom, rElec Will-
                  | Str+6 Dex+3}
152517 | Zig:9    | Got the Grimoire of the Land of Plenty
152549 | Zig:10   | Entered Level 10 of a ziggurat
152569 | Zig:10   | Identified the ring of Igilom {Fly rElec rC++ MP+9}
152578 | Zig:10   | Identified the ring "Zolupuih" {*Corrode rN+ EV+4 Int+5}
152588 | Zig:10   | Identified the ring of Winil {rPois rF+ MP+9 Str-3}
152600 | Zig:11   | Entered Level 11 of a ziggurat
152685 | Zig:12   | Entered Level 12 of a ziggurat
152689 | Zig:12   | Noticed a royal mummy
152690 | Zig:12   | Noticed a royal mummy
152690 | Zig:12   | Noticed a royal mummy
152691 | Zig:12   | Noticed a royal mummy
152691 | Zig:12   | Noticed a royal mummy
152692 | Zig:12   | Noticed a royal mummy
152693 | Zig:12   | Killed a royal mummy
152693 | Zig:12   | Killed a royal mummy
152694 | Zig:12   | Killed a royal mummy
152694 | Zig:12   | Killed a royal mummy
152694 | Zig:12   | Killed a royal mummy
152694 | Zig:12   | Killed a royal mummy
152694 | Zig:12   | Noticed a royal mummy
152697 | Zig:12   | Noticed a royal mummy
152697 | Zig:12   | Noticed a royal mummy
152697 | Zig:12   | Noticed a royal mummy
152699 | Zig:12   | Noticed a royal mummy
152701 | Zig:12   | Killed a royal mummy
152702 | Zig:12   | Killed a royal mummy
152702 | Zig:12   | Killed a royal mummy
152712 | Zig:12   | Killed a royal mummy
152712 | Zig:12   | Killed a royal mummy
152722 | Zig:12   | Identified the +3 leather armour "Moylerhy" {Str+2}
152733 | Zig:12   | Identified the ring "Trusted Companion" {Ice Contam
                  | *Corrode rElec rN+++}
152737 | Zig:12   | Identified the +4 falchion "Eviscerator" {speed, Will+
                  | Dex+4}
152771 | Zig:13   | Entered Level 13 of a ziggurat
152777 | Zig:13   | Noticed Ystudad the pandemonium lord
152777 | Zig:13   | Noticed Baurchota the pandemonium lord
152778 | Zig:13   | Noticed Nikhleba the pandemonium lord
152778 | Zig:13   | Noticed Oggegoyv the pandemonium lord
152780 | Zig:13   | Killed Baurchota the pandemonium lord
152780 | Zig:13   | Killed Oggegoyv the pandemonium lord
152780 | Zig:13   | Noticed Mikyurr the pandemonium lord
152782 | Zig:13   | Noticed Reuskaoh the pandemonium lord
152782 | Zig:13   | Noticed Epehol the pandemonium lord
152787 | Zig:13   | Killed Ystudad the pandemonium lord
152788 | Zig:13   | Killed Nikhleba the pandemonium lord
152789 | Zig:13   | Killed Reuskaoh the pandemonium lord
152793 | Zig:13   | Killed Epehol the pandemonium lord
152798 | Zig:13   | Killed Mikyurr the pandemonium lord
152806 | Zig:13   | Identified the +3 cloak of Perpetual Drought {Str+2}
152812 | Zig:13   | Identified the ring of Lady Luck {rC+ Will+}
152840 | Zig:13   | Identified the +1 mace "Typrizumes" {distort, *Noise rElec
                  | Dex+9}
152870 | Zig:14   | Entered Level 14 of a ziggurat
152886 | Zig:14   | Found the +7 Spriggan's Knife {stab, EV+4 Stlth+}
152902 | Zig:14   | Identified the +1 troll leather armour of Calculation
                  | {*Slow rElec Regen+ rCorr Dex+4}
152903 | Zig:14   | Identified the +5 demon trident of the Five Tales {freeze,
                  | rPois rF+++ Str-5 Dex+3}
152907 | Zig:14   | Identified the +5 rapier "Qoezal" {vamp, Will+}
152914 | Zig:14   | Identified the +9 falchion of Conscience {venom, *Slow
                  | rElec rPois Dex+6}
152923 | Zig:14   | Identified the +5 shortbow "Cyezio" {flame, rCorr Stlth+}
152927 | Zig:14   | Identified the +2 sling of Quantum Leap {vorpal, Fly rPois
                  | Int-4}
152960 | Zig:15   | Entered Level 15 of a ziggurat
152987 | Zig:15   | Identified the ring "Ruevom" {rPois Dex+3}
152992 | Zig:15   | Identified the ring of the Last Ears {rC+ rN+ Str+3}
153000 | Zig:15   | Identified the +1 halberd of Cowardice {freeze, Str+4}
153011 | Zig:15   | Identified the +7 rapier "Xyry" {elec, rN++}
153012 | Zig:15   | Identified the +1 arbalest of Emyrghomu {freeze, rElec
                  | rCorr Stlth+}
153024 | Zig:16   | Entered Level 16 of a ziggurat
153067 | Zig:16   | Identified the +0 helmet "Ovvumom" {Will++ Regen+ Slay-6
                  | Stlth+}
153072 | Zig:16   | Identified the -2 buckler "Qieqy" {rF++ Str+3 Slay+2}
153151 | Zig:16   | Learned a level 8 spell: Infestation
153152 | Zig:17   | Entered Level 17 of a ziggurat
153159 | Zig:17   | Noticed an ancient lich
153161 | Zig:17   | Noticed an ancient lich
153162 | Zig:17   | Noticed a dread lich
153163 | Zig:17   | Killed an ancient lich
153164 | Zig:17   | Killed an ancient lich
153167 | Zig:17   | Noticed an ancient lich
153167 | Zig:17   | Killed a dread lich
153168 | Zig:17   | Noticed an ancient lich
153177 | Zig:17   | Killed an ancient lich
153177 | Zig:17   | Killed an ancient lich
153178 | Zig:17   | Found the +6 lightning scales {swift, rElec}
153195 | Zig:17   | Identified the ring "Hihe" {rC+ EV+4}
153210 | Zig:17   | Identified the +2 ring mail of Past Mistakes {+Inv}
153216 | Zig:18   | Entered Level 18 of a ziggurat
153265 | Zig:18   | Identified the ring of Cyixkiwea {rN+ MP+9 Int-4 Dex+3}
153278 | Zig:18   | Identified the ring of Baechiacw {Fly Int+2 Dex+4 SInv}
153281 | Zig:18   | Identified the ring "Yfuacati" {rF+ rN+++ rCorr Str-2
                  | Int+3}
153284 | Zig:18   | Identified the +2 dagger of Wuech {elec, rC+ Stlth+}
153297 | Zig:19   | Entered Level 19 of a ziggurat
153324 | Zig:19   | Identified the +4 flail of Uncertain Death {chaos, Fly
                  | Int+5 Dex-5 SInv}
153329 | Zig:19   | Got Rarianwa's Parchment of the Feathery Entourage
153336 | Zig:19   | Identified the ring of Fun {rF+ rC+ Dex+3}
153345 | Zig:19   | Identified the ring of Ciwnuash {rC- rCorr Str+4 Int+6
                  | Stlth+}
153401 | Zig:20   | Entered Level 20 of a ziggurat
153407 | Zig:20   | Noticed Vaef the pandemonium lord
153408 | Zig:20   | Noticed Epo Voe the pandemonium lord
153409 | Zig:20   | Noticed Lystuana the pandemonium lord
153409 | Zig:20   | Noticed Beofomegg the pandemonium lord
153409 | Zig:20   | Noticed Birigar the pandemonium lord
153409 | Zig:20   | Noticed Laod the pandemonium lord
153409 | Zig:20   | Noticed Jaok Kin the pandemonium lord
153409 | Zig:20   | Noticed Webbu the pandemonium lord
153409 | Zig:20   | Noticed Beciel the pandemonium lord
153410 | Zig:20   | Noticed Otujol the pandemonium lord
153410 | Zig:20   | Noticed Xusodiy the pandemonium lord
153410 | Zig:20   | Noticed Pullidid the pandemonium lord
153410 | Zig:20   | Noticed Werus the pandemonium lord
153411 | Zig:20   | Killed Laod the pandemonium lord
153411 | Zig:20   | Killed Pullidid the pandemonium lord
153411 | Zig:20   | Killed Webbu the pandemonium lord
153411 | Zig:20   | Noticed Osamauxacu the pandemonium lord
153412 | Zig:20   | Noticed Mitaties the pandemonium lord
153414 | Zig:20   | Killed Osamauxacu the pandemonium lord
153416 | Zig:20   | Killed Birigar the pandemonium lord
153416 | Zig:20   | Killed Jaok Kin the pandemonium lord
153417 | Zig:20   | Killed Xusodiy the pandemonium lord
153417 | Zig:20   | Killed Epo Voe the pandemonium lord
153418 | Zig:20   | Noticed Fazoov the pandemonium lord
153418 | Zig:20   | Killed Werus the pandemonium lord
153418 | Zig:20   | Noticed Mel Zufe the pandemonium lord
153418 | Zig:20   | Noticed Gegiaman the pandemonium lord
153419 | Zig:20   | Killed Beofomegg the pandemonium lord
153419 | Zig:20   | Noticed Faj Ell the pandemonium lord
153420 | Zig:20   | Noticed Isenk the pandemonium lord
153420 | Zig:20   | Noticed Zucvu the pandemonium lord
153420 | Zig:20   | Killed Otujol the pandemonium lord
153420 | Zig:20   | Killed Beciel the pandemonium lord
153420 | Zig:20   | Noticed Elami the pandemonium lord
153420 | Zig:20   | Noticed Ugred the pandemonium lord
153420 | Zig:20   | Noticed Kichyir the pandemonium lord
153422 | Zig:20   | Killed Mel Zufe the pandemonium lord
153425 | Zig:20   | Killed Mitaties the pandemonium lord
153427 | Zig:20   | Noticed Kumerch the pandemonium lord
153430 | Zig:20   | Killed Gegiaman the pandemonium lord
153433 | Zig:20   | Killed Zucvu the pandemonium lord
153436 | Zig:20   | Killed Vaef the pandemonium lord
153437 | Zig:20   | Killed Kichyir the pandemonium lord
153437 | Zig:20   | Killed Ugred the pandemonium lord
153438 | Zig:20   | Killed Lystuana the pandemonium lord
153441 | Zig:20   | Killed Fazoov the pandemonium lord
153442 | Zig:20   | Killed Kumerch the pandemonium lord
153442 | Zig:20   | Killed Elami the pandemonium lord
153443 | Zig:20   | Killed Faj Ell the pandemonium lord
153449 | Zig:20   | Killed Isenk the pandemonium lord
153450 | Zig:20   | Found the +5 scythe "Finisher" {speed, eviscerate}
153486 | Zig:20   | Identified the +8 mace "Bafio" {venom, rF- Will++}
153494 | Zig:20   | Identified the +5 quarterstaff of Intense Fortitude {drain,
                  | Contam rElec rPois Dex-5}
153506 | Zig:20   | Identified the ring of Saipufu {Will+++ rCorr Str+2 Dex-2
                  | SInv}
153576 | Zig:21   | Entered Level 21 of a ziggurat
153588 | Zig:21   | Reached skill level 27 in Invocations
153592 | Zig:21   | Noticed Poychi the pandemonium lord
153601 | Zig:21   | Killed Poychi the pandemonium lord
153629 | Zig:21   | Identified the +1 pair of gloves of Bihes {rPois rF- Str-5
                  | Stlth+}
153631 | Zig:21   | Identified the +3 battleaxe of Jufyseto {vorpal, rF+ Will+
                  | rCorr}
153747 | Zig:21   | Lost mutation: You have hidden genetic potential. [potion
                  | of mutation]
153747 | Zig:21   | Lost mutation: You have a pair of small antennae on your
                  | head. [potion of mutation]
153747 | Zig:21   | Gained mutation: You have supernaturally acute eyesight.
                  | (SInv) [potion of mutation]
153747 | Zig:21   | Gained mutation: You have hidden genetic potential. [potion
                  | of mutation]
153747 | Zig:21   | Gained mutation: Your system is resistant to poisons.
                  | (rPois) [potion of mutation]
153748 | Zig:21   | Lost mutation: Your flesh is cold resistant. (rC+) [potion
                  | of mutation]
153748 | Zig:21   | Lost mutation: You have supernaturally acute eyesight.
                  | (SInv) [potion of mutation]
153748 | Zig:21   | Gained mutation: You possess an exceptional clarity of
                  | mind. [potion of mutation]
153748 | Zig:21   | Gained mutation: You have a pair of small antennae on your
                  | head. [potion of mutation]
153769 | Zig:22   | Entered Level 22 of a ziggurat
153828 | Zig:22   | Identified the +0 sling of Crystal {speed, Str+2 Dex+5}
153839 | Zig:22   | Identified the +9 dagger of Evolution {flame, rPois Str-5
                  | Int+6 SInv}
153844 | Zig:23   | Entered Level 23 of a ziggurat
153877 | Zig:23   | Found the +3 crown of Dyrovepreva {rElec Int+2 SInv}
153892 | Zig:23   | Identified the ring "Yxiuruco" {rElec rPois}
153894 | Zig:23   | Identified the +4 glaive of Extremism {vorpal, rPois SInv
                  | Stlth+}
153895 | Zig:23   | Identified the +6 shortbow of Insufficient Pleasure
                  | {vorpal, Drain Str+4 Stlth+}
153903 | Zig:23   | Identified the +8 sling of Ruination {flame, Will+ Str+3
                  | Int+2}
154040 | Zig:24   | Entered Level 24 of a ziggurat
154061 | Zig:24   | Found the ring of the Octopus King
154088 | Zig:24   | Identified the +2 battleaxe of Sin {drain, Contam rC+ Will+
                  | Str+2}
154089 | Zig:24   | Identified a ring of the Octopus King {HP+2 AC+2 EV+2 SH+2
                  | SInv}
154094 | Zig:24   | Identified the +1 ring mail "Univias" {Str+4}
154095 | Zig:24   | Identified the +2 pair of boots of Darkness {Rampage
                  | *Corrode rPois rC+}
154096 | Zig:24   | Identified the +1 leather armour of the Beggar {Contam
                  | +Blink rN+ Dex+2}
154110 | Zig:24   | Identified the +5 longbow of Eternal War {vorpal, rPois
                  | rCorr MP+9 Int+2}
154111 | Zig:24   | Identified the amulet "Muqo" {Faith Regen+}
154125 | Zig:24   | Identified the +1 plate armour "Vorux" {Harm Drain rPois
                  | Str+3}
154179 | Zig:25   | Entered Level 25 of a ziggurat
154204 | Zig:25   | Found the +8 frozen axe "Frostbite" {freezing cloud, *Noise
                  | Fly rC+}
154225 | Zig:25   | Identified the +7 chain mail "Vyucvih" {rN+ rCorr MP+9
                  | Dex+3}
154226 | Zig:25   | Identified the +2 leather armour "Isuetism" {rPois Will+++
                  | Str+5 Dex-3}
154237 | Zig:25   | Identified the +8 long sword of Italu {venom, rF++ Will++}
154246 | Zig:25   | Identified the +0 leather armour of Leaves {MP+9 Str+4}
154250 | Zig:25   | Identified the +1 leather armour of Liberty {rCorr}
154330 | Zig:26   | Entered Level 26 of a ziggurat
154370 | Zig:26   | Found the +8 demon blade "Leech" {vamp, Harm Drain rN+}
154373 | Zig:26   | Found the +5 lochaber axe {reach-cleave, poleaxe}
154373 | Zig:26   | Found the +5 glaive of the Guard {elec, spectral, AC+5}
154382 | Zig:26   | Gained mutation: You are strong-willed. (Will+) [hidden
                  | potential]
154382 | Zig:26   | Lost mutation: You have hidden genetic potential. [hidden
                  | potential expressed]
154383 | Zig:26   | Identified the +4 morningstar "Vadi" {spect, rC+ Int+6
                  | Dex-5}
154394 | Zig:26   | Identified the +7 arbalest "Testudine's Regret" {penet,
                  | Fragile Will+ Str+4 Int+4}
154405 | Zig:26   | Reached skill level 27 in Fire Magic
154426 | Zig:26   | Identified the +9 halberd of Kyofachuh {protect, rC+ Str+3}
154452 | Zig:26   | Identified the +7 short sword of Buisuot {elec, Int+5}
154551 | Zig:27   | Entered Level 27 of a ziggurat
154573 | Zig:27   | Noticed Beeggo the pandemonium lord
154577 | Zig:27   | Killed Beeggo the pandemonium lord
154605 | Zig:27   | Found the +8 trishula "Condemnation" {holy, anguish, *Noise
                  | Fly rN+}
154638 | Zig:27   | Identified the +7 hand axe of Jialaiv {vorpal, Str+3}
154640 | Zig:27   | Identified the +1 pair of boots "Waw Rike" {rPois rCorr
                  | Int+4 Dex-2}
154641 | Zig:27   | Identified the ring "Qootalits" {rN+ rCorr}
154745 | Zig:27   | Identified the +8 rapier of Ambiguity {elec, rElec rF++
                  | Str+2 Int-3}
154758 | Zig:27   | Identified the +5 sling of Perversion {venom, rN+}
154924 | Abyss:5  | Cast into level 5 of the Abyss (unwielding a weapon of
                  | distortion)
154963 | Zig:27   | Escaped the Abyss
155444 | Zig:1    | Entered Level 1 of a ziggurat
155470 | Zig:1    | Learned a level 8 spell: Discord
155481 | Zig:1    | Learned a level 9 spell: Fire Storm
155483 | Zig:2    | Entered Level 2 of a ziggurat
155508 | Zig:3    | Entered Level 3 of a ziggurat
155548 | Zig:4    | Entered Level 4 of a ziggurat
155597 | Zig:5    | Entered Level 5 of a ziggurat
155601 | Zig:5    | Noticed Doem the pandemonium lord
155602 | Zig:5    | Killed Doem the pandemonium lord
155623 | Zig:5    | Acquired 427 gold pieces
155647 | Zig:6    | Entered Level 6 of a ziggurat
155657 | Zig:6    | Reached skill level 27 in Spellcasting
155674 | Zig:6    | Identified the +9 trident of the Chewing Gods {flame, Str+4
                  | Dex+4 SInv}
155712 | Zig:7    | Entered Level 7 of a ziggurat
155725 | Zig:7    | Found the ring of the Hare {EV+8}
155732 | Zig:7    | Identified the +3 falchion of the Tundras {vorpal, rF+
                  | Will+ Str+5 Int+4}
155754 | Zig:8    | Entered Level 8 of a ziggurat
155762 | Zig:8    | Reached skill level 27 in Fighting
155790 | Zig:8    | Identified the +5 plate armour "Cequtz" {Dex+3}
155793 | Zig:8    | Identified the +5 chain mail "Jitz" {rF+ Str-5 SInv}
155797 | Zig:8    | Identified the +1 chain mail "Oterch" {Harm rC+ Str+3
                  | Int-5}
155826 | Zig:9    | Entered Level 9 of a ziggurat
155887 | Zig:10   | Entered Level 10 of a ziggurat
155894 | Zig:10   | Noticed an ancient lich
155902 | Zig:10   | Killed an ancient lich
155919 | Zig:10   | Identified the ring "Qielel" {rPois Dex+4}
155934 | Zig:10   | Identified the +2 scimitar "Neose" {flame, rF++ rC+ Int-5}
155944 | Zig:10   | Identified the +8 quarterstaff of the Equinox {vorpal,
                  | *Noise rF++}
155965 | Zig:11   | Entered Level 11 of a ziggurat
155969 | Zig:11   | Noticed a royal mummy
155970 | Zig:11   | Noticed a royal mummy
155973 | Zig:11   | Killed a royal mummy
155974 | Zig:11   | Noticed a royal mummy
155975 | Zig:11   | Killed a royal mummy
155977 | Zig:11   | Noticed a royal mummy
155979 | Zig:11   | Killed a royal mummy
155983 | Zig:11   | Killed a royal mummy
156001 | Zig:11   | Identified the +4 dagger "Pegebluo" {venom, Int+4}
156031 | Zig:11   | Identified the +1 longbow of Slow Death {flame, rN+ Int+2}
156040 | Abyss:6  | Cast into level 6 of the Abyss (unwielding a weapon of
                  | distortion)
156066 | Zig:11   | Escaped the Abyss
156082 | Zig:12   | Entered Level 12 of a ziggurat
156086 | Zig:12   | Noticed Lawkil the pandemonium lord
156087 | Zig:12   | Noticed Potunezu the pandemonium lord
156087 | Zig:12   | Noticed Zuill the pandemonium lord
156088 | Zig:12   | Noticed Hiwker the pandemonium lord
156091 | Zig:12   | Killed Potunezu the pandemonium lord
156091 | Zig:12   | Killed Zuill the pandemonium lord
156091 | Zig:12   | Noticed Kocoox the pandemonium lord
156091 | Zig:12   | Noticed Uwnaazeh the pandemonium lord
156091 | Zig:12   | Noticed Toxzum the pandemonium lord
156092 | Zig:12   | Killed Lawkil the pandemonium lord
156092 | Zig:12   | Noticed Tipe the pandemonium lord
156093 | Zig:12   | Killed Toxzum the pandemonium lord
156093 | Zig:12   | Killed Hiwker the pandemonium lord
156094 | Zig:12   | Killed Kocoox the pandemonium lord
156094 | Zig:12   | Noticed Xerad the pandemonium lord
156095 | Zig:12   | Killed Tipe the pandemonium lord
156095 | Zig:12   | Killed Uwnaazeh the pandemonium lord
156096 | Zig:12   | Noticed Gutorr the pandemonium lord
156096 | Zig:12   | Noticed Hompil the pandemonium lord
156099 | Zig:12   | Killed Hompil the pandemonium lord
156101 | Zig:12   | Killed Xerad the pandemonium lord
156101 | Zig:12   | Killed Gutorr the pandemonium lord
156142 | Zig:12   | Identified the +11 trident of Terra Cotta {antimagic,
                  | rCorr}
156143 | Zig:12   | Identified the +2 shortbow of Deflation {speed, rF+ rN+
                  | Str-3 Stlth+}
156156 | Zig:13   | Entered Level 13 of a ziggurat
156173 | Zig:13   | Found the +1 robe of Vines {NoPotionHeal Regen++++}
156302 | Zig:14   | Entered Level 14 of a ziggurat
156380 | Zig:14   | Identified the +8 morningstar "Xegycuimyll" {venom, Fragile
                  | rElec rPois rF+ rC+}
156426 | Zig:15   | Entered Level 15 of a ziggurat
156436 | Zig:15   | Reached skill level 27 in Conjurations
156446 | Zig:15   | Reached skill level 27 in Dodging
156453 | Zig:15   | Found the +9 heavy crossbow "Sniper" {vorpal, Acc+∞ SInv}
156483 | Zig:15   | Identified the ring of Sosadygab {rF+ rN+ Dex+4}
156534 | Zig:16   | Entered Level 16 of a ziggurat
156547 | Zig:16   | Reached skill level 27 in Earth Magic
156549 | Zig:16   | Found the +2 shield of Resistance {rF++ rC++ Will++}
156560 | Zig:16   | Reached skill level 27 in Ice Magic
156567 | Zig:16   | Identified the +2 pair of gloves of the Stars {rF++ Will-
                  | Str+4}
156605 | Zig:17   | Entered Level 17 of a ziggurat
156619 | Zig:17   | Reached skill level 27 in Evocations
156653 | Zig:17   | Identified the +7 hand axe "Qachiusi" {drain, rC+ Int+5
                  | SInv}
156720 | Zig:18   | Entered Level 18 of a ziggurat
156844 | Zig:18   | Identified the ring of Raevuck {Wiz Fly rN+ Will- SInv}
156853 | Zig:18   | Identified the amulet "Orren" {Acrobat Rampage rPois MP-9}
156863 | Zig:18   | Identified the ring of Roexufet {rPois rCorr Dex+5}
156867 | Zig:18   | Acquired a manual of Summonings
156868 | Zig:18   | Acquired 965 gold pieces
156955 | Zig:19   | Entered Level 19 of a ziggurat
156957 | Zig:19   | Noticed a royal mummy
156957 | Zig:19   | Noticed a royal mummy
156957 | Zig:19   | Noticed a royal mummy
156958 | Zig:19   | Noticed a royal mummy
156958 | Zig:19   | Noticed a royal mummy
156959 | Zig:19   | Noticed a royal mummy
156963 | Zig:19   | Noticed a royal mummy
156963 | Zig:19   | Noticed a royal mummy
156964 | Zig:19   | Noticed a royal mummy
156964 | Zig:19   | Noticed a royal mummy
156965 | Zig:19   | Killed a royal mummy
156965 | Zig:19   | Killed a royal mummy
156965 | Zig:19   | Killed a royal mummy
156965 | Zig:19   | Killed a royal mummy
156965 | Zig:19   | Killed a royal mummy
156965 | Zig:19   | Killed a royal mummy
156965 | Zig:19   | Killed a royal mummy
156965 | Zig:19   | Killed a royal mummy
156966 | Zig:19   | Reached skill level 27 in Shields
156966 | Zig:19   | Killed a royal mummy
156967 | Zig:19   | Killed a royal mummy
156968 | Zig:19   | Noticed a royal mummy
156968 | Zig:19   | Noticed a royal mummy
156968 | Zig:19   | Noticed a royal mummy
156970 | Zig:19   | Killed a royal mummy
156970 | Zig:19   | Killed a royal mummy
156970 | Zig:19   | Noticed a royal mummy
156971 | Zig:19   | Reached skill level 10 in Armour
156973 | Zig:19   | Killed a royal mummy
156975 | Zig:19   | Killed a royal mummy
156977 | Zig:19   | Found the +8 Wrath of Trog {antimagic, *Rage Rampage}
156998 | Zig:19   | Identified the +0 barding of the Nightingale {rCorr}
157001 | Zig:19   | Identified the ring of Kalaxoes {rPois rCorr EV+4 Str+4
                  | SInv}
157004 | Zig:19   | Identified the ring "Mosu" {Fire rPois Dex+3}
157008 | Zig:19   | Identified the ring "Ynanod" {Ice rN+ Will+ Slay-3}
157016 | Zig:19   | Identified the +9 battleaxe of Grace {freeze, rElec}
157076 | Zig:20   | Entered Level 20 of a ziggurat
157090 | Zig:20   | Reached skill level 15 in Armour
157108 | Zig:20   | Identified the ring of Baddyili {Str+6 Dex+2}
157111 | Zig:20   | Identified the ring of Nujits {rElec rC+ Will+ MP+9 Str-2}
157118 | Zig:20   | Identified the ring of Democracy {rC- Will+ MP+9 Int+6}
157121 | Zig:20   | Identified the +5 falchion "Jobban" {freeze, Fragile Str-3
                  | Int+6 Dex+8}
157149 | Zig:21   | Entered Level 21 of a ziggurat
157191 | Zig:21   | Identified the amulet "Qymum" {Reflect +Blink rF+ SH+5}
157203 | Zig:21   | Identified the amulet "Ynunt" {*Corrode Regen+ Int+4 Dex+3}
157269 | Zig:22   | Entered Level 22 of a ziggurat
157359 | Zig:22   | Identified the +8 arbalest of Xaxtub {venom, Str+4}
157377 | Zig:22   | Identified the +5 short sword of Voec {elec, rElec Str-5
                  | Dex+5}
157475 | Zig:23   | Entered Level 23 of a ziggurat
157482 | Zig:23   | Noticed a dread lich
157484 | Zig:23   | Noticed a dread lich
157484 | Zig:23   | Noticed an ancient lich
157485 | Zig:23   | Noticed a dread lich
157486 | Zig:23   | Noticed a dread lich
157488 | Zig:23   | Noticed an ancient lich
157489 | Zig:23   | Noticed a dread lich
157489 | Zig:23   | Noticed a dread lich
157489 | Zig:23   | Noticed an ancient lich
157490 | Zig:23   | Noticed a dread lich
157490 | Zig:23   | Noticed a dread lich
157490 | Zig:23   | Killed an ancient lich
157490 | Zig:23   | Killed a dread lich
157490 | Zig:23   | Noticed a dread lich
157491 | Zig:23   | Noticed an ancient lich
157491 | Zig:23   | Killed a dread lich
157491 | Zig:23   | Killed a dread lich
157492 | Zig:23   | Noticed an ancient lich
157492 | Zig:23   | Killed a dread lich
157493 | Zig:23   | Killed an ancient lich
157494 | Zig:23   | Killed an ancient lich
157494 | Zig:23   | Killed a dread lich
157494 | Zig:23   | Killed a dread lich
157494 | Zig:23   | Killed an ancient lich
157494 | Zig:23   | Killed a dread lich
157494 | Zig:23   | Killed a dread lich
157495 | Zig:23   | Killed a dread lich
157495 | Zig:23   | Killed an ancient lich
157518 | Zig:23   | Identified the +8 quarterstaff of Doom {vorpal, Fly rF+ rN+
                  | SInv}
157527 | Zig:23   | Identified the +1 robe "Weydgh" {*Slow rElec Dex+3}
157528 | Zig:23   | Identified the ring of Yvose {Wiz rF+ Dex+4}
157546 | Zig:23   | Identified the +4 longbow of Suicidal Tendencies {flame,
                  | Fly}
157560 | Zig:23   | Identified the +6 short sword "Ziread" {antimagic, +Blink
                  | rPois rCorr Dex-4}
157629 | Zig:24   | Entered Level 24 of a ziggurat
157643 | Zig:24   | Reached skill level 27 in Armour
157670 | Zig:24   | Identified the +3 ring mail of Youthful Indiscretion {rF+}
157674 | Zig:24   | Identified the amulet "Xoucach" {Regen+ Dex+6 Stlth-}
157683 | Zig:24   | Identified the ring of Tucad {*Corrode rF+ Will+ Str+9
                  | Stlth+}
157695 | Zig:24   | Identified the +0 plate armour of Wicked New Discoveries
                  | {rCorr Int+3 Dex-5}
157721 | Zig:24   | Identified the +8 shortbow "Negemn" {flame, Str+3 Dex+3}
157724 | Zig:24   | Acquired 803 gold pieces
157806 | Zig:25   | Entered Level 25 of a ziggurat
157813 | Zig:25   | Noticed Taonamu Etoa the pandemonium lord
157813 | Zig:25   | Noticed Fah Cuho the pandemonium lord
157813 | Zig:25   | Noticed Hopul the pandemonium lord
157813 | Zig:25   | Noticed Pumn the pandemonium lord
157813 | Zig:25   | Noticed Amoywour the pandemonium lord
157814 | Zig:25   | Noticed Arodghoba the pandemonium lord
157814 | Zig:25   | Noticed Otex the pandemonium lord
157814 | Zig:25   | Noticed Nyidevua the pandemonium lord
157817 | Zig:25   | Noticed Fumus the pandemonium lord
157817 | Zig:25   | Noticed Nokim the pandemonium lord
157817 | Zig:25   | Noticed Tydgh the pandemonium lord
157818 | Zig:25   | Killed Fah Cuho the pandemonium lord
157818 | Zig:25   | Killed Arodghoba the pandemonium lord
157818 | Zig:25   | Killed Amoywour the pandemonium lord
157818 | Zig:25   | Killed Taonamu Etoa the pandemonium lord
157818 | Zig:25   | Noticed Sayhy the pandemonium lord
157819 | Zig:25   | Noticed Enwaw the pandemonium lord
157820 | Zig:25   | Noticed Kabram the pandemonium lord
157820 | Zig:25   | Noticed Rale the pandemonium lord
157821 | Zig:25   | Killed Tydgh the pandemonium lord
157821 | Zig:25   | Killed Pumn the pandemonium lord
157821 | Zig:25   | Killed Hopul the pandemonium lord
157822 | Zig:25   | Killed Nyidevua the pandemonium lord
157822 | Zig:25   | Noticed Qicsem the pandemonium lord
157823 | Zig:25   | Killed Rale the pandemonium lord
157823 | Zig:25   | Killed Otex the pandemonium lord
157823 | Zig:25   | Killed Nokim the pandemonium lord
157823 | Zig:25   | Noticed Oniothrir the pandemonium lord
157823 | Zig:25   | Noticed Jocraog the pandemonium lord
157824 | Zig:25   | Noticed Fowkyohu the pandemonium lord
157824 | Zig:25   | Noticed Ustrutzaad the pandemonium lord
157824 | Zig:25   | Killed Fumus the pandemonium lord
157824 | Zig:25   | Killed Enwaw the pandemonium lord
157824 | Zig:25   | Noticed Taonuty the pandemonium lord
157825 | Zig:25   | Killed Sayhy the pandemonium lord
157825 | Zig:25   | Noticed Ceacoka the pandemonium lord
157826 | Zig:25   | Noticed Zuar the pandemonium lord
157826 | Zig:25   | Noticed Bechig the pandemonium lord
157826 | Zig:25   | Noticed Zyco the pandemonium lord
157827 | Zig:25   | Killed Taonuty the pandemonium lord
157827 | Zig:25   | Noticed Laffisashri the pandemonium lord
157827 | Zig:25   | Noticed Hehogeto the pandemonium lord
157829 | Zig:25   | Noticed Rebrenaf the pandemonium lord
157829 | Zig:25   | Noticed Ythranorgh the pandemonium lord
157829 | Zig:25   | Noticed Biczofaq the pandemonium lord
157829 | Zig:25   | Noticed Moeg the pandemonium lord
157830 | Zig:25   | Killed Fowkyohu the pandemonium lord
157830 | Zig:25   | Killed Kabram the pandemonium lord
157830 | Zig:25   | Killed Bechig the pandemonium lord
157830 | Zig:25   | Killed Ceacoka the pandemonium lord
157831 | Zig:25   | Killed Hehogeto the pandemonium lord
157831 | Zig:25   | Killed Zyco the pandemonium lord
157831 | Zig:25   | Killed Ustrutzaad the pandemonium lord
157831 | Zig:25   | Noticed Iploajim the pandemonium lord
157831 | Zig:25   | Noticed Tuwe the pandemonium lord
157831 | Zig:25   | Noticed Rarhigyr the pandemonium lord
157832 | Zig:25   | Killed Tuwe the pandemonium lord
157832 | Zig:25   | Killed Oniothrir the pandemonium lord
157832 | Zig:25   | Killed Biczofaq the pandemonium lord
157832 | Zig:25   | Killed Jocraog the pandemonium lord
157832 | Zig:25   | Killed Qicsem the pandemonium lord
157832 | Zig:25   | Killed Moeg the pandemonium lord
157833 | Zig:25   | Killed Laffisashri the pandemonium lord
157833 | Zig:25   | Killed Rebrenaf the pandemonium lord
157834 | Zig:25   | Killed Iploajim the pandemonium lord
157838 | Zig:25   | Killed Ythranorgh the pandemonium lord
157840 | Zig:25   | Killed Rarhigyr the pandemonium lord
157841 | Zig:25   | Killed Zuar the pandemonium lord
157907 | Zig:25   | Identified the ring of Lodaucoul {Str+7 Int+4 Dex+6}
157908 | Zig:25   | Identified the amulet of Polytheism {RegenMP SInv}
157911 | Zig:25   | Identified the +6 war axe "Ynamoly" {vorpal, rElec rC+
                  | Str-2 Dex+9}
157914 | Zig:25   | Identified the ring "Unlunet" {Fly rN+}
157937 | Zig:25   | Identified the +6 mace of Fusodghips {flame, rCorr SInv}
157964 | Zig:26   | Entered Level 26 of a ziggurat
157974 | Zig:26   | Paralysed by an air elemental for 1 turns
158050 | Zig:26   | Identified the +5 spear of Karma {protect, Str+4 Int+4}
158058 | Zig:26   | Identified the +1 leather armour of the Blessed Realm
                  | {-Cast rElec rF++ Slay+2}
158098 | Zig:27   | Entered Level 27 of a ziggurat
158112 | Zig:27   | Reached skill level 27 in Hexes
158137 | Zig:27   | Found the +0 pair of fencer's gloves {Riposte Dex+3}
158147 | Zig:27   | Identified the amulet "Otei" {*Slow rPois Regen+ rCorr
                  | Int+8}
158154 | Zig:27   | Identified the ring of Qenygum {rC- Will++ MP+9 Int+4 SInv}
158164 | Zig:27   | Identified the +1 helmet of the Iron City of Dis {+Blink
                  | rElec rF++ Dex+4}
158168 | Zig:27   | Identified the +0 kite shield of Yppizeam {Rampage rPois
                  | Dex-2 SInv}
158238 | Zig:27   | Identified the +8 trident "Nuziej" {elec, rElec Dex+3}
158479 | Zig:1    | Entered Level 1 of a ziggurat
158501 | Zig:2    | Entered Level 2 of a ziggurat
158537 | Zig:3    | Entered Level 3 of a ziggurat
158539 | Zig:3    | Noticed a dread lich
158539 | Zig:3    | Noticed an ancient lich
158544 | Zig:3    | Killed a dread lich
158545 | Zig:3    | Killed an ancient lich
158574 | Zig:4    | Entered Level 4 of a ziggurat
158576 | Zig:4    | Noticed Caitump Ogyr the pandemonium lord
158583 | Zig:4    | Killed Caitump Ogyr the pandemonium lord
158602 | Zig:5    | Entered Level 5 of a ziggurat
158604 | Zig:5    | Noticed a dread lich
158607 | Zig:5    | Noticed an ancient lich
158607 | Zig:5    | Noticed an ancient lich
158609 | Zig:5    | Noticed a dread lich
158610 | Zig:5    | Found the -2 hat of the Alchemist {rElec rPois rF+ rC+ rN+
                  | Will+ rMut rCorr}
158610 | Zig:5    | Killed a dread lich
158613 | Zig:5    | Killed an ancient lich
158613 | Zig:5    | Killed an ancient lich
158617 | Zig:5    | Killed a dread lich
158677 | Zig:6    | Entered Level 6 of a ziggurat
158706 | Zig:6    | Identified the +8 flail of Honour {flame, *Slow rN++ Dex+2}
158750 | Zig:7    | Entered Level 7 of a ziggurat
158754 | Zig:7    | Noticed Qasat the pandemonium lord
158755 | Zig:7    | Noticed Juyrem the pandemonium lord
158755 | Zig:7    | Noticed Uno Xeist the pandemonium lord
158755 | Zig:7    | Noticed Asaraliv the pandemonium lord
158755 | Zig:7    | Noticed Veiloide the pandemonium lord
158757 | Zig:7    | Killed Uno Xeist the pandemonium lord
158758 | Zig:7    | Killed Veiloide the pandemonium lord
158758 | Zig:7    | Killed Asaraliv the pandemonium lord
158759 | Zig:7    | Killed Qasat the pandemonium lord
158767 | Zig:7    | Killed Juyrem the pandemonium lord
158838 | Zig:8    | Entered Level 8 of a ziggurat
158849 | Zig:8    | Reached skill level 27 in Unarmed Combat
158850 | Zig:8    | Reached skill level 1 in Summonings
158865 | Zig:8    | Identified the amulet of Discord {Spirit rElec rPois Dex+4}
158867 | Zig:8    | Identified the +6 scimitar of Ragnarok {vamp, +Blink rElec
                  | Dex-5}
158880 | Zig:8    | Identified the ring "Naug Rua" {Will+ Str+4 Int+2}
158883 | Zig:8    | Identified the +1 pair of boots "Coohef Vepo" {rF+ rCorr
                  | Int+5 Slay-5}
158884 | Zig:8    | Identified the +4 short sword of Intuition {vamp, rElec
                  | Will+}
158890 | Zig:8    | Identified the +5 falchion of Success {protect, rN+ Str+2
                  | Dex+3}
158894 | Zig:8    | Identified the +5 dagger of Pyromania {speed, Str+4 Dex+8
                  | Stlth-}
158919 | Zig:9    | Entered Level 9 of a ziggurat
158986 | Zig:10   | Entered Level 10 of a ziggurat
159037 | Zig:10   | Identified the +1 helmet of the Desert {+Blink rCorr}
159068 | Zig:11   | Entered Level 11 of a ziggurat
159069 | Zig:11   | Noticed a royal mummy
159072 | Zig:11   | Noticed a royal mummy
159076 | Zig:11   | Noticed a royal mummy
159078 | Zig:11   | Killed a royal mummy
159078 | Zig:11   | Killed a royal mummy
159079 | Zig:11   | Noticed a royal mummy
159079 | Zig:11   | Noticed a royal mummy
159080 | Zig:11   | Found the +8 autumn katana {vorpal, manifold assault}
159082 | Zig:11   | Killed a royal mummy
159083 | Zig:11   | Killed a royal mummy
159083 | Zig:11   | Killed a royal mummy
159103 | Zig:11   | Identified the +6 scimitar of Charity {vorpal, *Rage rC++
                  | Will+ Str+3 Int+4}
159109 | Zig:11   | Identified the +7 chain mail of the Armoured One {rN+
                  | Regen+}
159122 | Zig:11   | Identified the +2 leather armour "Fotuposs" {rC+}
159124 | Zig:11   | Identified the +9 flail of Integrity {drain, Will- MP+9
                  | Str+5 Int+2}
159132 | Zig:12   | Entered Level 12 of a ziggurat
159171 | Zig:12   | Identified the ring "Ydiyz" {rF- AC+4 Int+6 Dex+3}
159179 | Zig:12   | Identified the +10 rapier of Wounding {speed, rPois rCorr}
159200 | Zig:13   | Entered Level 13 of a ziggurat
159205 | Zig:13   | Noticed an ancient lich
159205 | Zig:13   | Noticed a dread lich
159208 | Zig:13   | Killed an ancient lich
159208 | Zig:13   | Killed a dread lich
159228 | Zig:13   | Identified the +3 mace of Niymuaphu {freeze, +Blink Int+5
                  | Dex+4}
159239 | Zig:13   | Identified the ring of Spite {rElec MP+9 Slay+3}
159321 | Zig:14   | Entered Level 14 of a ziggurat
159328 | Zig:14   | Reached skill level 10 in Translocations
159357 | Zig:14   | Identified the ring of Muxaih {rC+ SInv}
159430 | Zig:15   | Entered Level 15 of a ziggurat
159444 | Zig:15   | Found the +4 skin of Zhor {*Englaciate rC+++ SInv}
159498 | Zig:15   | Identified the +1 chain mail of Gallantry {rElec Regen+}
159515 | Zig:16   | Entered Level 16 of a ziggurat
159521 | Zig:16   | Reached skill level 27 in Necromancy
159556 | Zig:16   | Identified the +1 cloak of Iniely {rN++ Regen+ Dex-5
                  | Stlth+}
159566 | Zig:16   | Identified the +2 mace of Wokk {vorpal, rC++ SInv}
159573 | Zig:16   | Identified the +7 rapier of Kail {vamp, rCorr Str+8}
159590 | Zig:17   | Entered Level 17 of a ziggurat
159592 | Zig:17   | Noticed a royal mummy
159592 | Zig:17   | Noticed a royal mummy
159593 | Zig:17   | Noticed a royal mummy
159594 | Zig:17   | Noticed a royal mummy
159595 | Zig:17   | Killed a royal mummy
159595 | Zig:17   | Killed a royal mummy
159595 | Zig:17   | Noticed a royal mummy
159595 | Zig:17   | Noticed a royal mummy
159598 | Zig:17   | Noticed a royal mummy
159599 | Zig:17   | Killed a royal mummy
159600 | Zig:17   | Killed a royal mummy
159600 | Zig:17   | Killed a royal mummy
159600 | Zig:17   | Killed a royal mummy
159600 | Zig:17   | Noticed a royal mummy
159600 | Zig:17   | Noticed a royal mummy
159601 | Zig:17   | Killed a royal mummy
159602 | Zig:17   | Killed a royal mummy
159602 | Zig:17   | Killed a royal mummy
159602 | Zig:17   | Noticed a royal mummy
159603 | Zig:17   | Reached skill level 27 in Throwing
159607 | Zig:17   | Killed a royal mummy
159608 | Zig:17   | Noticed a royal mummy
159610 | Zig:17   | Noticed a royal mummy
159611 | Zig:17   | Noticed a royal mummy
159612 | Zig:17   | Killed a royal mummy
159612 | Zig:17   | Killed a royal mummy
159615 | Zig:17   | Killed a royal mummy
159624 | Zig:17   | Found the +11 plutonium sword {Contam Stlth-}
159628 | Zig:17   | Identified the ring of Ruxup {rN+ rCorr MP-9 SInv}
159639 | Zig:17   | Identified the +1 rapier of the Witching Puffin {freeze,
                  | Contam Fly Str+3}
159642 | Zig:17   | Identified the +11 halberd "Wyrr" {freeze, rN+}
159714 | Zig:18   | Entered Level 18 of a ziggurat
159721 | Zig:18   | Noticed an ancient lich
159722 | Zig:18   | Noticed an ancient lich
159723 | Zig:18   | Killed an ancient lich
159723 | Zig:18   | Noticed a dread lich
159723 | Zig:18   | Noticed an ancient lich
159724 | Zig:18   | Killed an ancient lich
159724 | Zig:18   | Killed an ancient lich
159724 | Zig:18   | Killed a dread lich
159725 | Zig:18   | Noticed a dread lich
159726 | Zig:18   | Noticed a dread lich
159726 | Zig:18   | Noticed a dread lich
159727 | Zig:18   | Killed a dread lich
159728 | Zig:18   | Killed a dread lich
159728 | Zig:18   | Killed a dread lich
159729 | Zig:18   | Noticed an ancient lich
159732 | Zig:18   | Noticed an ancient lich
159732 | Zig:18   | Noticed an ancient lich
159738 | Zig:18   | Killed an ancient lich
159739 | Zig:18   | Reached skill level 15 in Translocations
159739 | Zig:18   | Killed an ancient lich
159739 | Zig:18   | Killed an ancient lich
159743 | Zig:18   | Found the +8 arc blade {discharge, rElec}
159754 | Zig:18   | Identified the amulet of Soasius {Spirit rPois rF+}
159777 | Zig:18   | Identified the +7 mace of Uqekhyr {elec, Str+3}
159790 | Zig:18   | Identified the +0 leather armour of the Arcane {Str+4}
159857 | Zig:19   | Entered Level 19 of a ziggurat
159862 | Zig:19   | Noticed an ancient lich
159862 | Zig:19   | Noticed an ancient lich
159866 | Zig:19   | Killed an ancient lich
159868 | Zig:19   | Killed an ancient lich
159868 | Zig:19   | Noticed an ancient lich
159870 | Zig:19   | Noticed an ancient lich
159872 | Zig:19   | Noticed a dread lich
159872 | Zig:19   | Noticed an ancient lich
159875 | Zig:19   | Noticed a dread lich
159878 | Zig:19   | Killed an ancient lich
159878 | Zig:19   | Killed a dread lich
159879 | Zig:19   | Killed an ancient lich
159879 | Zig:19   | Killed an ancient lich
159879 | Zig:19   | Killed a dread lich
159896 | Zig:19   | Found the +1 cloak of Starlight {*Dazzle EV+4 Stlth--}
159901 | Zig:19   | Identified the +6 long sword "Tickibax" {vorpal, *Noise
                  | rElec rCorr MP-9}
159905 | Zig:19   | Acquired the +2 hat of the Bear Spirit {Spirit, *Rage
                  | Will++}
159905 | Zig:19   | Found the +2 hat of the Bear Spirit {Spirit, *Rage Will++}
159913 | Zig:19   | Identified the +8 demon whip of the Red Skies {vamp, rC+
                  | Dex+2}
159939 | Zig:19   | Identified the +11 longbow "Situeshe" {flame, *Slow Str+6
                  | Int+4}
160007 | Zig:20   | Entered Level 20 of a ziggurat
160094 | Zig:20   | Identified the +0 leather armour "Efyur" {rPois rN++}
160095 | Zig:20   | Identified the +9 arbalest "Roefehot" {elec, rF+ rC+
                  | Stlth+}
160097 | Zig:20   | Identified the +5 rapier "Hograr" {venom, *Rage rPois rN+}
160154 | Zig:21   | Entered Level 21 of a ziggurat
160175 | Zig:21   | Noticed Vuylow the pandemonium lord
160186 | Zig:21   | Found the +8 demon trident "Rift" {distort, reach+}
160220 | Zig:21   | Killed Vuylow the pandemonium lord
160276 | Zig:21   | Identified the ring "Vagot" {Ice rElec rPois rN+ Int+2}
160277 | Zig:21   | Identified the amulet "Tyroej" {Spirit rN++ Str+4 Dex-2}
160281 | Zig:21   | Identified the +8 executioner's axe of the Hammering Whale
                  | {freeze, Drain Will++ Str+4 SInv}
160283 | Zig:21   | Identified the +3 quarterstaff of Veurat {protect, rF+ rN+
                  | Int-3}
160303 | Abyss:6  | Found a corrupted altar of Lugonu.
160303 | Abyss:6  | Cast into level 6 of the Abyss (unwielding a weapon of
                  | distortion)
160489 | Zig:21   | Escaped the Abyss
160590 | Zig:22   | Entered Level 22 of a ziggurat
160616 | Zig:22   | Noticed a dread lich
160622 | Zig:22   | Killed a dread lich
160626 | Zig:22   | Reached skill level 27 in Transmutations
160626 | Zig:22   | Reached skill level 27 in Air Magic
160670 | Zig:22   | Identified the +8 mace "Kunox" {vorpal, Fragile rN++ Int+3}
160671 | Zig:22   | Identified the +8 quarterstaff of Valiance {freeze, rF+ rC+
                  | rN+}
160672 | Zig:22   | Identified the ring of Finevyf {Str+2 Slay+4}
160675 | Zig:22   | Identified the +6 flail of Jadeo {holy, rC++ Int+3}
160682 | Zig:22   | Identified the +4 rapier of Wu Jian's Regard {vorpal, Fly
                  | rC- Str+3 Int+3}
160727 | Zig:22   | Identified the +0 chain mail of Juxtisi {rF+ Regen+ SInv
                  | Stlth+}
160731 | Zig:22   | Identified the +1 chain mail "Linuit" {rF+ rN+ Will+++
                  | Slay-5}
160736 | Zig:22   | Identified the +0 leather armour "Vusel" {Harm rPois}
160749 | Zig:22   | Identified the +1 scale mail of Vaorhane {+Blink rPois
                  | Will+ Int-4}
160796 | Zig:23   | Entered Level 23 of a ziggurat
160800 | Zig:23   | Noticed a juggernaut
160801 | Zig:23   | Noticed a juggernaut
160802 | Zig:23   | Noticed a juggernaut
160804 | Zig:23   | Noticed a juggernaut
160808 | Zig:23   | Killed a juggernaut
160808 | Zig:23   | Killed a juggernaut
160808 | Zig:23   | Killed a juggernaut
160810 | Zig:23   | Noticed a juggernaut
160810 | Zig:23   | Killed a juggernaut
160810 | Zig:23   | Noticed a juggernaut
160810 | Zig:23   | Noticed a juggernaut
160811 | Zig:23   | Noticed a juggernaut
160811 | Zig:23   | Noticed a juggernaut
160812 | Zig:23   | Killed a juggernaut
160820 | Zig:23   | Noticed a juggernaut
160822 | Zig:23   | Killed a juggernaut
160827 | Zig:23   | Killed a juggernaut
160830 | Zig:23   | Killed a juggernaut
160833 | Zig:23   | Killed a juggernaut
160834 | Zig:23   | Noticed a juggernaut
160836 | Zig:23   | Killed a juggernaut
160840 | Zig:23   | Killed a juggernaut
160844 | Zig:23   | Noticed a juggernaut
160846 | Zig:23   | Killed a juggernaut
160846 | Zig:23   | Noticed a juggernaut
160851 | Zig:23   | Noticed a juggernaut
160852 | Zig:23   | Killed a juggernaut
160855 | Zig:23   | Killed a juggernaut
160982 | Zig:23   | Identified the +6 plate armour of the Spheres {+Inv}
160987 | Zig:23   | Identified the +8 war axe of Gravity {flame, rElec rF-
                  | Will+++ Int+4}
161008 | Zig:24   | Entered Level 24 of a ziggurat
161161 | Zig:24   | Identified the +10 halberd "Ikulus" {vorpal, rC+ Str+4
                  | Dex+6}
161182 | Zig:24   | Identified the +2 pair of gloves of Supple Strength {rF-
                  | Str+8 Int-4}
161183 | Zig:24   | Identified the +7 whip "Xack" {drain, Contam rElec MP-9
                  | Str+8}
161193 | Zig:24   | Identified the +9 dagger "Heitrobb" {pain, rF+}
161196 | Zig:24   | Identified the +8 halberd "Cuishraep" {elec, rF+ rN+}
161244 | Zig:25   | Entered Level 25 of a ziggurat
161248 | Zig:25   | Noticed a juggernaut
161250 | Zig:25   | Noticed a juggernaut
161255 | Zig:25   | Killed a juggernaut
161262 | Zig:25   | Killed a juggernaut
161263 | Zig:25   | Noticed a juggernaut
161264 | Zig:25   | Noticed a juggernaut
161264 | Zig:25   | Noticed a juggernaut
161264 | Zig:25   | Noticed a juggernaut
161265 | Zig:25   | Noticed a juggernaut
161267 | Zig:25   | Reached skill level 27 in Translocations
161267 | Zig:25   | Noticed a juggernaut
161268 | Zig:25   | Reached skill level 15 in Polearms
161269 | Zig:25   | Killed a juggernaut
161269 | Zig:25   | Killed a juggernaut
161269 | Zig:25   | Killed a juggernaut
161269 | Zig:25   | Killed a juggernaut
161270 | Zig:25   | Killed a juggernaut
161272 | Zig:25   | Killed a juggernaut
161299 | Zig:25   | Found the +3 pair of gauntlets of War {Slay+5}
161304 | Zig:25   | Identified the ring "Yttau" {rElec Will+ rCorr Str+3}
161307 | Zig:25   | Identified the +10 flail "Fiustelej" {antimagic, *Noise
                  | rElec rCorr}
161356 | Zig:25   | Reached skill level 27 in Polearms
161361 | Zig:25   | Reached skill level 15 in Summonings
161392 | Zig:26   | Entered Level 26 of a ziggurat
161439 | Zig:26   | Noticed Zuoshrua the pandemonium lord
161447 | Zig:26   | Killed Zuoshrua the pandemonium lord
161529 | Zig:26   | Identified the ring "Leczack" {rN+ Str+5}
161539 | Zig:26   | Identified the amulet "Aplam" {Acrobat rElec rC+ Str-2}
161552 | Zig:26   | Identified the +2 cloak of the Earth {Fly}
161674 | Zig:27   | Entered Level 27 of a ziggurat
161676 | Zig:27   | Noticed a royal mummy
161676 | Zig:27   | Noticed a royal mummy
161676 | Zig:27   | Noticed a royal mummy
161677 | Zig:27   | Noticed a royal mummy
161677 | Zig:27   | Noticed a royal mummy
161677 | Zig:27   | Noticed a royal mummy
161678 | Zig:27   | Noticed a royal mummy
161679 | Zig:27   | Noticed a royal mummy
161680 | Zig:27   | Noticed a royal mummy
161681 | Zig:27   | Killed a royal mummy
161681 | Zig:27   | Noticed a royal mummy
161683 | Zig:27   | Killed a royal mummy
161683 | Zig:27   | Killed a royal mummy
161683 | Zig:27   | Noticed a royal mummy
161684 | Zig:27   | Killed a royal mummy
161685 | Zig:27   | Noticed a royal mummy
161685 | Zig:27   | Noticed a royal mummy
161685 | Zig:27   | Noticed a royal mummy
161685 | Zig:27   | Killed a royal mummy
161685 | Zig:27   | Killed a royal mummy
161685 | Zig:27   | Noticed a royal mummy
161685 | Zig:27   | Noticed a royal mummy
161686 | Zig:27   | Noticed a royal mummy
161686 | Zig:27   | Killed a royal mummy
161686 | Zig:27   | Noticed a royal mummy
161686 | Zig:27   | Noticed a royal mummy
161686 | Zig:27   | Noticed a royal mummy
161687 | Zig:27   | Killed a royal mummy
161687 | Zig:27   | Killed a royal mummy
161687 | Zig:27   | Noticed a royal mummy
161688 | Zig:27   | Noticed a royal mummy
161689 | Zig:27   | Killed a royal mummy
161689 | Zig:27   | Killed a royal mummy
161689 | Zig:27   | Killed a royal mummy
161689 | Zig:27   | Killed a royal mummy
161689 | Zig:27   | Noticed a royal mummy
161689 | Zig:27   | Noticed a royal mummy
161689 | Zig:27   | Noticed a royal mummy
161689 | Zig:27   | Noticed a royal mummy
161689 | Zig:27   | Noticed a royal mummy
161690 | Zig:27   | Killed a royal mummy
161690 | Zig:27   | Killed a royal mummy
161690 | Zig:27   | Killed a royal mummy
161690 | Zig:27   | Killed a royal mummy
161690 | Zig:27   | Noticed a royal mummy
161691 | Zig:27   | Killed a royal mummy
161691 | Zig:27   | Killed a royal mummy
161691 | Zig:27   | Killed a royal mummy
161691 | Zig:27   | Killed a royal mummy
161691 | Zig:27   | Killed a royal mummy
161691 | Zig:27   | Noticed a royal mummy
161692 | Zig:27   | Killed a royal mummy
161692 | Zig:27   | Killed a royal mummy
161692 | Zig:27   | Killed a royal mummy
161692 | Zig:27   | Killed a royal mummy
161692 | Zig:27   | Killed a royal mummy
161692 | Zig:27   | Noticed a royal mummy
161693 | Zig:27   | Killed a royal mummy
161693 | Zig:27   | Noticed a royal mummy
161693 | Zig:27   | Noticed a royal mummy
161693 | Zig:27   | Noticed a royal mummy
161694 | Zig:27   | Killed a royal mummy
161695 | Zig:27   | Reached skill level 27 in Summonings
161695 | Zig:27   | Killed a royal mummy
161695 | Zig:27   | Killed a royal mummy
161695 | Zig:27   | Killed a royal mummy
161696 | Zig:27   | Reached skill level 5 in Axes
161697 | Zig:27   | Killed a royal mummy
161697 | Zig:27   | Noticed a royal mummy
161698 | Zig:27   | Noticed a royal mummy
161699 | Zig:27   | Killed a royal mummy
161699 | Zig:27   | Noticed a royal mummy
161699 | Zig:27   | Noticed a royal mummy
161699 | Zig:27   | Noticed a royal mummy
161699 | Zig:27   | Noticed a royal mummy
161701 | Zig:27   | Noticed a royal mummy
161702 | Zig:27   | Killed a royal mummy
161702 | Zig:27   | Killed a royal mummy
161703 | Zig:27   | Reached skill level 10 in Axes
161703 | Zig:27   | Noticed a royal mummy
161703 | Zig:27   | Killed a royal mummy
161703 | Zig:27   | Killed a royal mummy
161703 | Zig:27   | Killed a royal mummy
161704 | Zig:27   | Noticed a royal mummy
161704 | Zig:27   | Noticed a royal mummy
161704 | Zig:27   | Killed a royal mummy
161707 | Zig:27   | Killed a royal mummy
161708 | Zig:27   | Killed a royal mummy
161710 | Zig:27   | Banished a royal mummy
161751 | Zig:27   | Identified the +5 double sword of Fear {freeze, rPois}
161753 | Zig:27   | Identified the +6 bardiche of the Cup {flame, Int+5}
161756 | Zig:27   | Identified the +6 shortbow of Okawaru {flame, rN+ Str+3}
161763 | Zig:27   | Identified the +10 long sword of Huroutae {freeze, Dex+5}
161764 | Zig:27   | Identified the +8 long sword "Saiblur" {antimagic, Int+2
                  | Dex+2}
161771 | Zig:27   | Identified the +6 falchion "Fellecargh" {speed, rCorr Str+4
                  | Dex-2}
161971 | Zig:1    | Entered Level 1 of a ziggurat
161983 | Zig:2    | Entered Level 2 of a ziggurat
161986 | Zig:2    | Reached skill level 15 in Axes
162004 | Zig:3    | Entered Level 3 of a ziggurat
162038 | Zig:4    | Entered Level 4 of a ziggurat
162039 | Zig:4    | Noticed an ancient lich
162042 | Zig:4    | Killed an ancient lich
162064 | Zig:5    | Entered Level 5 of a ziggurat
162096 | Zig:5    | Identified the +4 battleaxe of Arrival {venom, rElec Str-4
                  | Int+7 SInv}
162105 | Zig:6    | Entered Level 6 of a ziggurat
162108 | Zig:6    | Found the +10 zealot's sword {holy, *Rage rN+ EV+3}
162175 | Zig:7    | Entered Level 7 of a ziggurat
162184 | Zig:7    | Found the +10 morningstar "Eos" {elec, Halo rElec}
162193 | Zig:7    | Identified the +6 dire flail "Gagegar" {vorpal, rC+ Will+}
162198 | Zig:7    | Identified the +1 leather armour of Eternal Vigilance
                  | {*Slow +Blink rElec Will+++}
162240 | Zig:8    | Entered Level 8 of a ziggurat
162282 | Zig:8    | Found the ring of the Mage {Wiz Archmagi}
162288 | Zig:8    | Identified the ring "Naah Dug" {rPois MP+9}
162352 | Zig:9    | Entered Level 9 of a ziggurat
162390 | Zig:9    | Identified the +2 trident of Beruoh {flame, rC- rN+ Dex+3}
162395 | Zig:9    | Identified the +0 whip of Cataclysm {vorpal, *Noise rF+
                  | Stlth+}
162424 | Zig:10   | Entered Level 10 of a ziggurat
162514 | Zig:10   | Identified the +0 demon blade of Fynyxt {vorpal, Dex+4}
162528 | Zig:10   | Identified the +2 cloak of the Tarantula {Will+}
162542 | Zig:10   | Identified the +6 short sword "Ykhubbo" {vorpal, rF+ Int-4
                  | SInv}
162567 | Zig:11   | Entered Level 11 of a ziggurat
162575 | Zig:11   | Noticed a dread lich
162617 | Zig:11   | Identified the +0 leather armour of Oblivion {Dex+2}
162679 | Zig:11   | Learned a level 9 spell: Dragon's Call
162680 | Zig:12   | Entered Level 12 of a ziggurat
162690 | Zig:12   | Noticed an ancient lich
162693 | Zig:12   | Noticed an ancient lich
162695 | Zig:12   | Noticed a dread lich
162696 | Zig:12   | Reached skill level 10 in Stealth
162696 | Zig:12   | Killed an ancient lich
162698 | Zig:12   | Killed an ancient lich
162700 | Zig:12   | Noticed an ancient lich
162701 | Zig:12   | Killed a dread lich
162706 | Zig:12   | Killed an ancient lich
162722 | Zig:12   | Identified the +9 broad axe of Doubt {vorpal, Will+ rCorr}
162768 | Zig:12   | Identified the +5 battleaxe "Geic" {flame, rElec Str+2}
162830 | Zig:13   | Entered Level 13 of a ziggurat
162846 | Zig:13   | Reached skill level 15 in Stealth
162879 | Zig:13   | Identified the ring "Rifual" {Will+ MP+9 Dex+5 SInv}
162881 | Zig:13   | Identified the +4 flail of the Beast {flame, rN+ Dex+2}
162903 | Zig:13   | Identified the +4 chain mail "Deodiwib" {Regen+ Str+2}
162930 | Zig:13   | Identified the +2 plate armour of Leocyos {rPois Int+6}
162976 | Zig:14   | Entered Level 14 of a ziggurat
162985 | Zig:14   | Noticed a juggernaut
162985 | Zig:14   | Noticed a juggernaut
162985 | Zig:14   | Noticed a juggernaut
162986 | Zig:14   | Killed a juggernaut
162986 | Zig:14   | Killed a juggernaut
162988 | Zig:14   | Noticed a juggernaut
162989 | Zig:14   | Killed a juggernaut
162992 | Zig:14   | Noticed a juggernaut
162993 | Zig:14   | Killed a juggernaut
162998 | Zig:14   | Killed a juggernaut
163020 | Zig:14   | Identified the +7 hand axe of the Chickpea {venom, rPois
                  | Dex+2 SInv}
163035 | Zig:14   | Identified the amulet "Diusa" {Faith +Inv rN+ Will+ Regen+}
163048 | Zig:14   | Identified the +7 arbalest "Vulos" {venom, rElec rC- rN++
                  | Will+}
163140 | Zig:15   | Entered Level 15 of a ziggurat
163176 | Zig:15   | Identified the +11 quarterstaff of an ice cave {drain,
                  | Dex+5 Stlth-}
163183 | Zig:15   | Identified the +5 halberd of the Shark {venom, +Blink rF+
                  | rC- Will+}
163187 | Zig:15   | Identified the +1 robe "Cojius" {-Tele Rampage Str+10
                  | Stlth-}
163257 | Zig:16   | Entered Level 16 of a ziggurat
163268 | Zig:16   | Noticed an ancient lich
163274 | Zig:16   | Killed an ancient lich
163281 | Zig:16   | Noticed a dread lich
163283 | Zig:16   | Killed a dread lich
163303 | Zig:16   | Identified the ring of Paorch {Fly Will- rCorr Str+7 Int+3}
163427 | Zig:17   | Entered Level 17 of a ziggurat
163434 | Zig:17   | Noticed Gouff the pandemonium lord
163435 | Zig:17   | Noticed Lifrun the pandemonium lord
163436 | Zig:17   | Noticed Buaprug the pandemonium lord
163440 | Zig:17   | Killed Gouff the pandemonium lord
163441 | Zig:17   | Killed Lifrun the pandemonium lord
163442 | Zig:17   | Killed Buaprug the pandemonium lord
163442 | Zig:17   | Noticed Jefyug the pandemonium lord
163442 | Zig:17   | Noticed Giut the pandemonium lord
163443 | Zig:17   | Noticed Qaqetrat the pandemonium lord
163443 | Zig:17   | Noticed Bypluh the pandemonium lord
163444 | Zig:17   | Noticed Hausos Lodo the pandemonium lord
163444 | Zig:17   | Noticed Ymaosk the pandemonium lord
163445 | Zig:17   | Noticed Dudyope the pandemonium lord
163445 | Zig:17   | Noticed Rietrenn the pandemonium lord
163445 | Zig:17   | Noticed Wups the pandemonium lord
163445 | Zig:17   | Noticed Fenurch the pandemonium lord
163448 | Zig:17   | Killed Qaqetrat the pandemonium lord
163450 | Zig:17   | Noticed Ylomytz the pandemonium lord
163456 | Zig:17   | Killed Wups the pandemonium lord
163457 | Zig:17   | Killed Jefyug the pandemonium lord
163459 | Zig:17   | Noticed Vacruate the pandemonium lord
163459 | Zig:17   | Noticed Ruiwaim the pandemonium lord
163459 | Zig:17   | Noticed Wapa the pandemonium lord
163459 | Zig:17   | Noticed Laesch the pandemonium lord
163461 | Zig:17   | Noticed Ugreuc the pandemonium lord
163475 | Zig:17   | Noticed Lesm the pandemonium lord
163476 | Zig:17   | Killed Ugreuc the pandemonium lord
163477 | Zig:17   | Killed Rietrenn the pandemonium lord
163479 | Zig:17   | Noticed Linimyul the pandemonium lord
163479 | Zig:17   | Noticed Rogy the pandemonium lord
163479 | Zig:17   | Noticed Aporragu the pandemonium lord
163485 | Zig:17   | Killed Rogy the pandemonium lord
163486 | Zig:17   | Reached skill level 27 in Stealth
163487 | Zig:17   | Reached skill level 5 in Maces & Flails
163488 | Zig:17   | Killed Aporragu the pandemonium lord
163491 | Zig:17   | Killed Ymaosk the pandemonium lord
163493 | Zig:17   | Killed Vacruate the pandemonium lord
163493 | Zig:17   | Killed Ylomytz the pandemonium lord
163497 | Zig:17   | Killed Laesch the pandemonium lord
163497 | Zig:17   | Killed Linimyul the pandemonium lord
163498 | Zig:17   | Reached skill level 10 in Maces & Flails
163502 | Zig:17   | Killed Hausos Lodo the pandemonium lord
163502 | Zig:17   | Killed Wapa the pandemonium lord
163506 | Zig:17   | Killed Fenurch the pandemonium lord
163506 | Zig:17   | Noticed Qyofofum the pandemonium lord
163507 | Zig:17   | Killed Ruiwaim the pandemonium lord
163508 | Zig:17   | Killed Giut the pandemonium lord
163508 | Zig:17   | Killed Bypluh the pandemonium lord
163509 | Zig:17   | Killed Dudyope the pandemonium lord
163514 | Zig:17   | Killed Lesm the pandemonium lord
163526 | Zig:17   | Killed Qyofofum the pandemonium lord
163527 | Zig:17   | Reached skill level 1 in Long Blades
163585 | Zig:17   | Identified the +9 flail of the Toadstool {antimagic, rC+
                  | SInv}
163592 | Zig:17   | Identified the +11 great mace "Vixut" {venom, Str-3 Dex+5}
163739 | Zig:18   | Entered Level 18 of a ziggurat
163761 | Zig:18   | Reached skill level 5 in Long Blades
163764 | Zig:18   | Reached skill level 15 in Maces & Flails
163765 | Zig:18   | Found the +6 arbalest "Damnation" {damnation}
163778 | Zig:18   | Identified the +2 helmet "Iwugiso" {rPois Regen+ Dex+7
                  | SInv}
163787 | Zig:18   | Identified the +3 dagger "Risivo" {protect, Dex+2}
163807 | Zig:18   | Identified the +11 trident "Meze" {holy, rC+ Str+3}
163890 | Zig:19   | Entered Level 19 of a ziggurat
163900 | Zig:19   | Noticed a dread lich
163901 | Zig:19   | Noticed an ancient lich
163901 | Zig:19   | Noticed a dread lich
163901 | Zig:19   | Noticed a dread lich
163903 | Zig:19   | Noticed a dread lich
163903 | Zig:19   | Noticed an ancient lich
163903 | Zig:19   | Noticed a dread lich
163904 | Zig:19   | Killed a dread lich
163904 | Zig:19   | Noticed an ancient lich
163905 | Zig:19   | Reached skill level 10 in Long Blades
163905 | Zig:19   | Noticed a dread lich
163906 | Zig:19   | Killed a dread lich
163906 | Zig:19   | Killed an ancient lich
163906 | Zig:19   | Killed an ancient lich
163906 | Zig:19   | Noticed an ancient lich
163907 | Zig:19   | Killed a dread lich
163907 | Zig:19   | Killed a dread lich
163907 | Zig:19   | Killed a dread lich
163909 | Zig:19   | Noticed an ancient lich
163909 | Zig:19   | Noticed a dread lich
163909 | Zig:19   | Noticed an ancient lich
163911 | Zig:19   | Killed an ancient lich
163911 | Zig:19   | Killed an ancient lich
163911 | Zig:19   | Noticed a dread lich
163912 | Zig:19   | Killed an ancient lich
163913 | Zig:19   | Noticed a dread lich
163913 | Zig:19   | Killed a dread lich
163914 | Zig:19   | Noticed a dread lich
163914 | Zig:19   | Noticed an ancient lich
163914 | Zig:19   | Killed a dread lich
163914 | Zig:19   | Killed an ancient lich
163916 | Zig:19   | Noticed an ancient lich
163917 | Zig:19   | Killed a dread lich
163917 | Zig:19   | Killed a dread lich
163918 | Zig:19   | Reached skill level 15 in Long Blades
163918 | Zig:19   | Killed a dread lich
163918 | Zig:19   | Killed an ancient lich
163919 | Zig:19   | Killed an ancient lich
164072 | Zig:20   | Entered Level 20 of a ziggurat
164122 | Zig:20   | Identified the +0 robe of Purpose {rN+ Will+}
164132 | Zig:20   | Identified the +6 hand axe of Cowailuj {elec, rF- Dex+3
                  | Stlth+}
164138 | Zig:20   | Identified the +7 scale mail "Yrurimp" {rCorr}
164141 | Zig:20   | Identified the +1 robe "Qiuh" {rN+++ Dex-3 SInv}
164150 | Zig:20   | Identified the +1 robe "Yppev" {rN+++ Dex-4}
164269 | Zig:21   | Entered Level 21 of a ziggurat
164276 | Zig:21   | Noticed Goass the pandemonium lord
164276 | Zig:21   | Noticed Xoasuedi the pandemonium lord
164277 | Zig:21   | Noticed Pifaamomp the pandemonium lord
164279 | Zig:21   | Noticed Qunlicw the pandemonium lord
164280 | Zig:21   | Noticed Ruxeut the pandemonium lord
164280 | Zig:21   | Noticed Luirr the pandemonium lord
164281 | Zig:21   | Noticed Xaephy the pandemonium lord
164281 | Zig:21   | Noticed Abonoc the pandemonium lord
164282 | Zig:21   | Killed Luirr the pandemonium lord
164282 | Zig:21   | Killed Ruxeut the pandemonium lord
164282 | Zig:21   | Killed Goass the pandemonium lord
164282 | Zig:21   | Killed Qunlicw the pandemonium lord
164283 | Zig:21   | Killed Xoasuedi the pandemonium lord
164283 | Zig:21   | Noticed Oshrilela the pandemonium lord
164284 | Zig:21   | Noticed Qauhiqas the pandemonium lord
164284 | Zig:21   | Noticed Hexziuc the pandemonium lord
164284 | Zig:21   | Noticed Jiwk the pandemonium lord
164284 | Zig:21   | Killed Pifaamomp the pandemonium lord
164285 | Zig:21   | Killed Abonoc the pandemonium lord
164285 | Zig:21   | Noticed Ezyogav the pandemonium lord
164285 | Zig:21   | Killed Qauhiqas the pandemonium lord
164285 | Zig:21   | Noticed Plog the pandemonium lord
164286 | Zig:21   | Killed Oshrilela the pandemonium lord
164286 | Zig:21   | Noticed Asall the pandemonium lord
164287 | Zig:21   | Noticed Jexkene the pandemonium lord
164288 | Zig:21   | Killed Plog the pandemonium lord
164288 | Zig:21   | Noticed Enkyh the pandemonium lord
164289 | Zig:21   | Noticed Yfik the pandemonium lord
164289 | Zig:21   | Noticed Moteaxtoes the pandemonium lord
164289 | Zig:21   | Noticed Oschikeb the pandemonium lord
164290 | Zig:21   | Killed Jiwk the pandemonium lord
164290 | Zig:21   | Noticed Eletubae the pandemonium lord
164291 | Zig:21   | Killed Asall the pandemonium lord
164291 | Zig:21   | Killed Jexkene the pandemonium lord
164291 | Zig:21   | Killed Ezyogav the pandemonium lord
164291 | Zig:21   | Noticed Qahe the pandemonium lord
164292 | Zig:21   | Noticed Peimilast the pandemonium lord
164292 | Zig:21   | Noticed Tiugg the pandemonium lord
164292 | Zig:21   | Noticed Qeogam the pandemonium lord
164292 | Zig:21   | Noticed Xunorch the pandemonium lord
164293 | Zig:21   | Killed Oschikeb the pandemonium lord
164293 | Zig:21   | Killed Xunorch the pandemonium lord
164293 | Zig:21   | Killed Hexziuc the pandemonium lord
164293 | Zig:21   | Noticed Wochimod the pandemonium lord
164293 | Zig:21   | Noticed Wippil Sipp the pandemonium lord
164294 | Zig:21   | Noticed Nasch the pandemonium lord
164294 | Zig:21   | Noticed Fewk the pandemonium lord
164294 | Zig:21   | Killed Qahe the pandemonium lord
164294 | Zig:21   | Killed Eletubae the pandemonium lord
164294 | Zig:21   | Killed Xaephy the pandemonium lord
164295 | Zig:21   | Noticed Vudid the pandemonium lord
164295 | Zig:21   | Noticed Fulu the pandemonium lord
164296 | Zig:21   | Killed Wochimod the pandemonium lord
164296 | Zig:21   | Killed Fewk the pandemonium lord
164296 | Zig:21   | Killed Enkyh the pandemonium lord
164296 | Zig:21   | Killed Yfik the pandemonium lord
164296 | Zig:21   | Killed Moteaxtoes the pandemonium lord
164296 | Zig:21   | Killed Peimilast the pandemonium lord
164296 | Zig:21   | Killed Nasch the pandemonium lord
164296 | Zig:21   | Noticed Tozu the pandemonium lord
164297 | Zig:21   | Killed Vudid the pandemonium lord
164297 | Zig:21   | Killed Fulu the pandemonium lord
164297 | Zig:21   | Killed Tiugg the pandemonium lord
164297 | Zig:21   | Killed Qeogam the pandemonium lord
164297 | Zig:21   | Noticed Xoku the pandemonium lord
164297 | Zig:21   | Noticed Mooseco the pandemonium lord
164297 | Zig:21   | Noticed Efyon the pandemonium lord
164297 | Zig:21   | Noticed Missone the pandemonium lord
164297 | Zig:21   | Killed Wippil Sipp the pandemonium lord
164301 | Zig:21   | Killed Tozu the pandemonium lord
164304 | Zig:21   | Noticed Taucluid the pandemonium lord
164305 | Zig:21   | Killed Efyon the pandemonium lord
164305 | Zig:21   | Noticed Dimnaf the pandemonium lord
164306 | Zig:21   | Killed Mooseco the pandemonium lord
164306 | Zig:21   | Noticed Koim the pandemonium lord
164308 | Zig:21   | Killed Taucluid the pandemonium lord
164308 | Zig:21   | Killed Xoku the pandemonium lord
164311 | Zig:21   | Killed Dimnaf the pandemonium lord
164312 | Zig:21   | Killed Missone the pandemonium lord
164312 | Zig:21   | Noticed Limis the pandemonium lord
164317 | Zig:21   | Noticed Uthre the pandemonium lord
164318 | Zig:21   | Noticed Lobbe the pandemonium lord
164326 | Zig:21   | Killed Koim the pandemonium lord
164329 | Zig:21   | Killed Uthre the pandemonium lord
164329 | Zig:21   | Killed Lobbe the pandemonium lord
164329 | Zig:21   | Killed Limis the pandemonium lord
164332 | Zig:21   | Noticed Hydoddux the pandemonium lord
164340 | Zig:21   | Killed Hydoddux the pandemonium lord
164395 | Zig:21   | Identified the +3 quarterstaff "Julifocy" {freeze, Fragile
                  | rPois rN+++}
164396 | Zig:21   | Identified the ring of Knowledge {MP+9 Str+2}
164399 | Zig:21   | Identified the amulet of Onolun {Acrobat Contam Rampage rN+
                  | Str+5}
164409 | Zig:21   | Identified the amulet of Kikubaaqudgha's Esteem {Reflect
                  | rC- Will++ Regen+ Int+4 SH+5}
164419 | Zig:21   | Identified the +2 pair of gloves of the Ditch-Digger {rN++}
164434 | Zig:21   | Identified the +4 lajatang "Huucve" {antimagic, rC+ Will+}
164444 | Zig:21   | Identified the +7 glaive "Ditzosea" {vorpal, Fragile rElec
                  | rC++ rCorr}
164455 | Zig:22   | Entered Level 22 of a ziggurat
164477 | Zig:22   | Paralysed by accursed screaming for 1 turns
164496 | Zig:22   | Paralysed by accursed screaming for 1 turns
164525 | Zig:22   | Identified the ring of New Discoveries {rElec rC+ rCorr
                  | Str-4}
164550 | Zig:22   | Identified the +7 mace of Tenacity {flame, rElec}
164623 | Zig:22   | Identified the +4 quarterstaff "Wywor" {protect, Str+2
                  | Dex+6}
164700 | Zig:23   | Entered Level 23 of a ziggurat
164712 | Zig:23   | Noticed a dread lich
164716 | Zig:23   | Noticed a dread lich
164719 | Zig:23   | Noticed a dread lich
164719 | Zig:23   | Killed a dread lich
164719 | Zig:23   | Killed a dread lich
164720 | Zig:23   | Noticed a dread lich
164721 | Zig:23   | Noticed an ancient lich
164722 | Zig:23   | Noticed an ancient lich
164722 | Zig:23   | Noticed an ancient lich
164722 | Zig:23   | Killed a dread lich
164723 | Zig:23   | Noticed a dread lich
164723 | Zig:23   | Noticed an ancient lich
164723 | Zig:23   | Noticed a dread lich
164723 | Zig:23   | Noticed an ancient lich
164724 | Zig:23   | Noticed an ancient lich
164724 | Zig:23   | Noticed an ancient lich
164724 | Zig:23   | Noticed a dread lich
164725 | Zig:23   | Noticed a dread lich
164725 | Zig:23   | Killed a dread lich
164725 | Zig:23   | Killed a dread lich
164725 | Zig:23   | Killed an ancient lich
164725 | Zig:23   | Noticed an ancient lich
164725 | Zig:23   | Noticed a dread lich
164726 | Zig:23   | Killed an ancient lich
164726 | Zig:23   | Killed an ancient lich
164726 | Zig:23   | Killed an ancient lich
164726 | Zig:23   | Killed an ancient lich
164726 | Zig:23   | Noticed an ancient lich
164726 | Zig:23   | Noticed a dread lich
164726 | Zig:23   | Killed a dread lich
164727 | Zig:23   | Killed a dread lich
164727 | Zig:23   | Killed an ancient lich
164727 | Zig:23   | Killed a dread lich
164728 | Zig:23   | Killed an ancient lich
164728 | Zig:23   | Killed an ancient lich
164728 | Zig:23   | Killed a dread lich
164728 | Zig:23   | Killed a dread lich
164728 | Zig:23   | Killed an ancient lich
164729 | Zig:23   | Reached skill level 27 in Maces & Flails
164729 | Zig:23   | Noticed an ancient lich
164730 | Zig:23   | Noticed a dread lich
164734 | Zig:23   | Killed an ancient lich
164734 | Zig:23   | Killed a dread lich
164737 | Zig:23   | Found the +12 glaive of Prune {vorpal}
164759 | Zig:23   | Identified the +1 leather armour of Xur Jut {Dex+5}
164785 | Zig:23   | Identified the +4 falchion of Miejyhodar {freeze, rElec
                  | Int+4}
164795 | Zig:23   | Identified the +6 short sword "Zoco" {venom, Int+2}
164806 | Zig:24   | Entered Level 24 of a ziggurat
164821 | Zig:24   | Noticed Essun the pandemonium lord
164823 | Zig:24   | Noticed Vivoul the pandemonium lord
164824 | Zig:24   | Noticed Kyqivutz the pandemonium lord
164825 | Zig:24   | Noticed Adoif the pandemonium lord
164825 | Zig:24   | Noticed Asioll the pandemonium lord
164826 | Zig:24   | Noticed Eqyi the pandemonium lord
164826 | Zig:24   | Noticed Vukis the pandemonium lord
164826 | Zig:24   | Noticed Mymmeem the pandemonium lord
164826 | Zig:24   | Noticed Vool the pandemonium lord
164826 | Zig:24   | Noticed Tih Zykk the pandemonium lord
164827 | Zig:24   | Noticed Ehor the pandemonium lord
164828 | Zig:24   | Noticed Usol the pandemonium lord
164829 | Zig:24   | Noticed Gubbe the pandemonium lord
164830 | Zig:24   | Noticed Nutel the pandemonium lord
164830 | Zig:24   | Noticed Hamusoj the pandemonium lord
164830 | Zig:24   | Noticed Osimogya the pandemonium lord
164830 | Zig:24   | Noticed Zodaez the pandemonium lord
164830 | Zig:24   | Noticed Zexzyqyd the pandemonium lord
164830 | Zig:24   | Noticed Xaimosotul the pandemonium lord
164830 | Zig:24   | Noticed Janink the pandemonium lord
164830 | Zig:24   | Noticed Kaifaoloe the pandemonium lord
164830 | Zig:24   | Noticed Yhyath the pandemonium lord
164833 | Zig:24   | Noticed Micixedgh the pandemonium lord
164833 | Zig:24   | Noticed Vearizx Rine the pandemonium lord
164836 | Zig:24   | Noticed Onty the pandemonium lord
164837 | Zig:24   | Noticed Exuet the pandemonium lord
164838 | Zig:24   | Noticed Pabecus the pandemonium lord
164838 | Zig:24   | Noticed Wigiac the pandemonium lord
164838 | Zig:24   | Noticed Upnuso the pandemonium lord
164838 | Zig:24   | Noticed Mughulet the pandemonium lord
164838 | Zig:24   | Noticed Halap the pandemonium lord
164839 | Zig:24   | Noticed Paocip the pandemonium lord
164839 | Zig:24   | Noticed Dutone the pandemonium lord
164843 | Zig:24   | Killed Vukis the pandemonium lord
164845 | Zig:24   | Killed Hamusoj the pandemonium lord
164846 | Zig:24   | Killed Mughulet the pandemonium lord
164847 | Zig:24   | Killed Wigiac the pandemonium lord
164847 | Zig:24   | Killed Exuet the pandemonium lord
164847 | Zig:24   | Killed Upnuso the pandemonium lord
164847 | Zig:24   | Killed Xaimosotul the pandemonium lord
164848 | Zig:24   | Killed Halap the pandemonium lord
164848 | Zig:24   | Killed Adoif the pandemonium lord
164849 | Zig:24   | Killed Janink the pandemonium lord
164849 | Zig:24   | Killed Gubbe the pandemonium lord
164849 | Zig:24   | Noticed Colaar the pandemonium lord
164850 | Zig:24   | Killed Vearizx Rine the pandemonium lord
164850 | Zig:24   | Killed Asioll the pandemonium lord
164851 | Zig:24   | Reached skill level 27 in Long Blades
164852 | Zig:24   | Killed Nutel the pandemonium lord
164852 | Zig:24   | Noticed Dyarph the pandemonium lord
164852 | Zig:24   | Killed Dutone the pandemonium lord
164852 | Zig:24   | Killed Colaar the pandemonium lord
164852 | Zig:24   | Noticed Bofog the pandemonium lord
164854 | Zig:24   | Killed Paocip the pandemonium lord
164858 | Zig:24   | Killed Onty the pandemonium lord
164858 | Zig:24   | Killed Dyarph the pandemonium lord
164858 | Zig:24   | Killed Vivoul the pandemonium lord
164859 | Zig:24   | Killed Vool the pandemonium lord
164859 | Zig:24   | Killed Ehor the pandemonium lord
164859 | Zig:24   | Killed Ceaphienn the pandemonium lord
164859 | Zig:24   | Killed Bicuixt the pandemonium lord
164859 | Zig:24   | Killed Zodaez the pandemonium lord
164859 | Zig:24   | Killed Wathigg the pandemonium lord
164861 | Zig:24   | Killed Kyqivutz the pandemonium lord
164866 | Zig:24   | Killed Zexzyqyd the pandemonium lord
164867 | Zig:24   | Reached skill level 5 in Poison Magic
164867 | Zig:24   | Killed Kaifaoloe the pandemonium lord
164867 | Zig:24   | Killed Osimogya the pandemonium lord
164868 | Zig:24   | Killed Essun the pandemonium lord
164871 | Zig:24   | Killed Yhyath the pandemonium lord
164872 | Zig:24   | Reached skill level 5 in Short Blades
164872 | Zig:24   | Reached skill level 5 in Ranged Weapons
164873 | Zig:24   | Killed Micixedgh the pandemonium lord
164873 | Zig:24   | Killed Mymmeem the pandemonium lord
164873 | Zig:24   | Killed Tih Zykk the pandemonium lord
164874 | Zig:24   | Killed Eqyi the pandemonium lord
164878 | Zig:24   | Noticed Atacihu the pandemonium lord
164878 | Zig:24   | Noticed Boegh the pandemonium lord
164880 | Zig:24   | Killed Bofog the pandemonium lord
164881 | Zig:24   | Killed Boegh the pandemonium lord
164885 | Zig:24   | Killed Atacihu the pandemonium lord
164892 | Zig:24   | Killed Usol the pandemonium lord
164899 | Zig:24   | Noticed Kyhe the pandemonium lord
164902 | Zig:24   | Noticed Soeluojo the pandemonium lord
164903 | Zig:24   | Noticed Lasainokk the pandemonium lord
164904 | Zig:24   | Killed Kyhe the pandemonium lord
164904 | Zig:24   | Killed Kiyru the pandemonium lord
164905 | Zig:24   | Killed Soeluojo the pandemonium lord
164905 | Zig:24   | Killed Lasainokk the pandemonium lord
164905 | Zig:24   | Killed Giafext the pandemonium lord
164905 | Zig:24   | Noticed Raxkunk the pandemonium lord
164908 | Zig:24   | Killed Raxkunk the pandemonium lord
164908 | Zig:24   | Killed Pabecus the pandemonium lord
164914 | Zig:24   | Noticed Qomuw the pandemonium lord
164915 | Zig:24   | Noticed Dauna the pandemonium lord
164915 | Zig:24   | Noticed Vaethu the pandemonium lord
164917 | Zig:24   | Killed Qomuw the pandemonium lord
164918 | Zig:24   | Killed Vaethu the pandemonium lord
164920 | Zig:24   | Noticed Tiottir the pandemonium lord
164926 | Zig:24   | Killed Tiottir the pandemonium lord
164939 | Zig:24   | Killed Dauna the pandemonium lord
164977 | Zig:24   | Identified the +1 plate armour of Makhleb, Threshing {rPois
                  | MP+9 Int-3}
164978 | Zig:24   | Identified the ring of Dishonour {rPois rC+ rCorr Int+8
                  | Dex-4}
164987 | Zig:24   | Identified the ring "Nikydd" {rCorr Int+2}
164990 | Zig:24   | Identified the ring of Moderation {rElec rCorr MP+9 Str-2
                  | Stlth+}
164997 | Zig:24   | Identified the ring of Jiydap {*Slow rF+ Int+2 Dex+6}
165004 | Zig:24   | Identified the +10 spear of Honesty {spect, *Slow rF+
                  | rCorr}
165015 | Zig:24   | Identified the +9 arbalest "Naxeuc" {penet, rC+ rCorr Int-4
                  | SInv}
165016 | Zig:24   | Identified the +12 broad axe of Hidigigo {elec, rElec rPois
                  | Stlth+}
165020 | Zig:24   | Identified the +9 hand axe of Okawaru, Twisting {freeze,
                  | Dex+3}
165022 | Zig:24   | Identified the +6 scale mail of Shielding {Fly rN++ Dex-4
                  | Slay+6}
165025 | Zig:24   | Identified the +8 fire dragon scales of Muttered Phrases
                  | {*Slow rF++ rC- Will+++ Int-5 Stlth+}
165161 | Zig:24   | Reached skill level 10 in Poison Magic
165162 | Zig:24   | Reached skill level 10 in Short Blades
165162 | Zig:24   | Reached skill level 10 in Ranged Weapons
165172 | Zig:25   | Entered Level 25 of a ziggurat
165191 | Zig:25   | Noticed a dread lich
165194 | Zig:25   | Noticed an ancient lich
165194 | Zig:25   | Killed a dread lich
165195 | Zig:25   | Reached skill level 27 in Axes
165195 | Zig:25   | Killed an ancient lich
165198 | Zig:25   | Reached skill level 15 in Short Blades
165204 | Zig:25   | Reached skill level 15 in Poison Magic
165219 | Zig:25   | Found the +8 lance "Wyrmbane" {slay drac, rPois rF+ rC+
                  | AC+3}
165246 | Zig:25   | Identified the +4 falchion "Dasiba" {freeze, Dex+4}
165250 | Zig:25   | Identified the +8 trident of Resourcefulness {freeze,
                  | rElec}
165257 | Zig:25   | Identified the amulet of Lekhlije {Reflect +Inv rC+ rN+
                  | SH+5}
165264 | Zig:25   | Identified the ring "Daigrik" {Fly Dex+4}
165267 | Zig:25   | Identified the +5 ring mail "Ysabof" {+Blink Int+3}
165302 | Zig:25   | Identified the +5 plate armour of Complete Protection
                  | {Rampage}
165310 | Zig:25   | Identified the +0 robe of Miracles {Slay+2}
165311 | Zig:25   | Identified the +4 falchion of Monen {pain, Str+2}
165314 | Zig:25   | Identified the +11 battleaxe "Doeniekk" {spect, Contam
                  | rElec rF+}
165499 | Zig:26   | Entered Level 26 of a ziggurat
165519 | Zig:26   | Reached skill level 15 in Ranged Weapons
165575 | Zig:26   | Identified the +2 mace "Giantbane" {vorpal, Str+8}
165617 | Zig:26   | Acquired 939 gold pieces
165618 | Zig:26   | Acquired 689 gold pieces
165619 | Zig:26   | Acquired 1204 gold pieces
165630 | Zig:26   | Identified the +5 long sword of Seba Ajof {freeze, Int+5}
165718 | Zig:26   | Identified the +0 chain mail "Colireure" {Str-4 Int+2 Dex+6
                  | Slay+2}
165720 | Zig:26   | Identified the ring "Kyed" {Fly rElec Str+2 Int+4 Stlth+}
165723 | Zig:26   | Identified the +6 sling of Oxeibbiw {flame, +Blink}
165727 | Zig:26   | Identified the +6 scale mail of Patterns {rPois rF+ Str-3
                  | Slay+2}
165738 | Zig:27   | Entered Level 27 of a ziggurat
165825 | Zig:27   | Identified the amulet of Jetesyps {Spirit rPois Int+2}
165835 | Zig:27   | Identified the +1 leather armour of Resourcefulness {rElec
                  | rF+ rC+}
165865 | Zig:27   | Identified the +6 arbalest "Wuniod" {vorpal, rPois}
166025 | Hell     | Acquired the +3 Elemental Staff {rElec rF++ rC++ AC+5}
166025 | Hell     | Found the +3 Elemental Staff {rElec rF++ rC++ AC+5}
166359 | Zig:1    | Entered Level 1 of a ziggurat
166376 | Zig:2    | Entered Level 2 of a ziggurat
166376 | Zig:2    | Noticed a royal mummy
166381 | Zig:2    | Killed a royal mummy
166399 | Zig:3    | Entered Level 3 of a ziggurat
166432 | Zig:3    | Identified the +1 plate armour "Moleu" {Harm MP+9}
166435 | Zig:4    | Entered Level 4 of a ziggurat
166436 | Zig:4    | Noticed a juggernaut
166436 | Zig:4    | Noticed a juggernaut
166437 | Zig:4    | Noticed a juggernaut
166438 | Zig:4    | Killed a juggernaut
166439 | Zig:4    | Killed a juggernaut
166439 | Zig:4    | Killed a juggernaut
166482 | Zig:5    | Entered Level 5 of a ziggurat
166484 | Zig:5    | Noticed an ancient lich
166485 | Zig:5    | Killed an ancient lich
166486 | Zig:5    | Noticed a dread lich
166487 | Zig:5    | Killed a dread lich
166506 | Zig:5    | Identified the +0 dagger of Doset {speed, *Corrode rF+++
                  | Int-4 Dex+7}
166519 | Zig:6    | Entered Level 6 of a ziggurat
166559 | Zig:6    | Identified the -1 cloak of Lasseona {rElec}
166563 | Zig:7    | Entered Level 7 of a ziggurat
166591 | Zig:7    | Identified the +2 leather armour of Honour {*Slow rC+
                  | Will++}
166592 | Zig:7    | Identified the +10 scimitar of the Gnat {freeze, rF+}
166594 | Zig:7    | Identified the amulet of Symmetry {rPois Regen+}
166614 | Zig:8    | Entered Level 8 of a ziggurat
166643 | Zig:8    | Identified the +6 shortbow "Wyd Keet" {freeze, Will++}
166669 | Zig:9    | Entered Level 9 of a ziggurat
166713 | Zig:9    | Identified the +7 falchion "Wutzos" {antimagic, Dex+3}
166715 | Zig:9    | Identified the +11 chain mail of Resilience {Str+2 Slay+2
                  | SInv}
166720 | Zig:9    | Identified the amulet "Sootuem" {Acrobat Drain rF+ Str+7
                  | Dex+2}
166731 | Zig:9    | Identified the ring of Tyomoen {Dex+6 SInv}
166756 | Zig:9    | Identified the +1 scale mail of Dithmenos's Generosity
                  | {Drain Str+8 Int+5 Slay-2}
166765 | Zig:10   | Entered Level 10 of a ziggurat
166796 | Zig:10   | Identified the +3 leather armour "Leasyxof" {rElec rF+ rN+}
166799 | Zig:10   | Identified the +8 long sword of Vanity {vamp, Str+5}
166802 | Zig:10   | Identified the +9 plate armour of Ofuonube {Will+ Int+4}
166807 | Zig:10   | Identified the +4 chain mail "Voystrite" {Fly rElec}
166811 | Zig:10   | Identified the +3 shortbow of the Spheres {flame, Will+}
166820 | Zig:11   | Entered Level 11 of a ziggurat
166855 | Zig:11   | Identified the amulet of Soofeacy {Faith rC+ rN+ Str+2}
166868 | Zig:11   | Identified the amulet of Xiovveirgh {Will+ Regen+}
166886 | Zig:12   | Entered Level 12 of a ziggurat
166890 | Zig:12   | Paralysed by accursed screaming for 2 turns
166921 | Zig:12   | Identified the +6 dagger "Vyeth" {holy, rPois rF+ Will-}
166928 | Zig:12   | Identified the +2 dagger "Faudgh" {venom, +Blink rElec
                  | rPois}
166941 | Zig:12   | Identified the +6 mace of Wasob {pain, MP+9 Int+4}
166950 | Zig:13   | Entered Level 13 of a ziggurat
166974 | Zig:13   | Identified the ring of Xom's Whimsicality {rC+ rN+ Dex+3}
166990 | Zig:13   | Identified the +7 hand crossbow of Ragnarok {elec, rN+++
                  | Int-5 Dex+3}
167016 | Zig:14   | Entered Level 14 of a ziggurat
167019 | Zig:14   | Noticed an ancient lich
167020 | Zig:14   | Noticed a dread lich
167020 | Zig:14   | Noticed a dread lich
167020 | Zig:14   | Noticed an ancient lich
167021 | Zig:14   | Noticed an ancient lich
167021 | Zig:14   | Noticed an ancient lich
167022 | Zig:14   | Noticed a dread lich
167023 | Zig:14   | Noticed a dread lich
167023 | Zig:14   | Noticed an ancient lich
167023 | Zig:14   | Noticed an ancient lich
167024 | Zig:14   | Killed a dread lich
167024 | Zig:14   | Killed an ancient lich
167024 | Zig:14   | Killed an ancient lich
167024 | Zig:14   | Killed an ancient lich
167024 | Zig:14   | Killed a dread lich
167024 | Zig:14   | Killed an ancient lich
167024 | Zig:14   | Noticed a dread lich
167025 | Zig:14   | Noticed an ancient lich
167026 | Zig:14   | Noticed an ancient lich
167029 | Zig:14   | Killed an ancient lich
167029 | Zig:14   | Killed a dread lich
167029 | Zig:14   | Killed a dread lich
167029 | Zig:14   | Killed an ancient lich
167029 | Zig:14   | Killed an ancient lich
167029 | Zig:14   | Killed a dread lich
167033 | Zig:14   | Noticed a dread lich
167034 | Zig:14   | Killed an ancient lich
167035 | Zig:14   | Reached skill level 27 in Poison Magic
167036 | Zig:14   | Killed a dread lich
167056 | Zig:14   | Identified the ring "Bootups" {rF+ AC+4}
167060 | Zig:14   | Identified the +2 helmet "Evvoofoikk" {Dex+6}
167078 | Zig:15   | Entered Level 15 of a ziggurat
167086 | Zig:15   | Reached skill level 27 in Short Blades
167086 | Zig:15   | Reached skill level 27 in Ranged Weapons
167090 | Zig:15   | Found the +8 longbow "Zephyr" {speed, Dex+3 SInv}
167107 | Zig:15   | Identified the ring of Dishonour {rPois rC+ Str+4}
167128 | Zig:15   | Identified the +3 great mace "Xarumack" {vorpal, rPois rC+
                  | Str+4}
167134 | Zig:15   | Identified the +9 glaive of Rotten Indomitability {freeze,
                  | rPois}
167148 | Zig:15   | Identified the +1 dagger of Blood {vorpal, Will+ MP+9
                  | Dex+4}
167156 | Zig:16   | Entered Level 16 of a ziggurat
167194 | Zig:16   | Identified the ring of Asunlau {Drain rElec rPois rC+ SInv}
167218 | Zig:16   | Identified the +1 falchion "Aqehur" {flame, rC- rN+++ Int+5
                  | Dex-2}
167222 | Zig:17   | Entered Level 17 of a ziggurat
167272 | Zig:17   | Identified the +6 spear of Resourcefulness {antimagic, rC++
                  | Will-}
167317 | Zig:18   | Entered Level 18 of a ziggurat
167324 | Zig:18   | Reached skill level 27 in Staves
167362 | Zig:18   | Identified the +9 mace of Impeachment {vorpal, rElec}
167393 | Zig:18   | Identified the ring of Exzal {rF- rC+ rN+ rCorr Str+4}
167398 | Zig:18   | Identified the +6 hand axe of the Scuffed God {venom, rElec
                  | rCorr Int-4}
167405 | Zig:19   | Entered Level 19 of a ziggurat
167416 | Zig:19   | Noticed an ancient lich
167421 | Zig:19   | Killed an ancient lich
167448 | Zig:19   | Identified the ring of Jozaih {+Blink rC- rN+++ Dex-4 SInv}
167454 | Zig:19   | Identified the +7 broad axe of the Ship {vorpal, SInv}
167478 | Zig:19   | Identified the ring "Wocasm" {Fire Drain Str+4 Int+2
                  | Stlth+}
167484 | Zig:19   | Identified the +5 hand axe of the Wheel {vorpal, Int+4
                  | Dex+6 SInv Stlth-}
167514 | Zig:20   | Entered Level 20 of a ziggurat
167533 | Zig:20   | Noticed Gyrchus the pandemonium lord
167536 | Zig:20   | HP: 2/249 [Hell Sentinel/damnation (25)]
167540 | Zig:20   | Killed Gyrchus the pandemonium lord
167547 | Zig:20   | Killed from afar by a Tzitzimitl

Illustrated notes

Levels and vault maps discovered:
D:1:      amcnicky_arrival_abandoned_market, layout_basic,
          shapermc_ecumenical_altar_mp_urbaneastern
D:2:      layout_rooms, minmay_misc_feat_square, kennysheep_cross_bottleneck
D:3:      layout_basic, uniq_jessica, uniq_sigmund
D:4:      layout_rooms, minmay_temple_entry_glassed_door, minmay_quadrilaterals,
          uniq_menkaure
D:5:      layout_loops_ring, mainiacjoe_overflow_surrounded_room, zin_statuary
D:6:      layout_basic, nicolae_qazlal_general_emergency,
          chequers_temple_overflow_statue_of_worship,
          mainiacjoe_overflow_cross_hatched, mainiacjoe_overflow_catwalk_spiral,
          ashenzari_altar_1, hangedman_decor_opposing, grunt_ministairs_14
D:7:      layout_basic, xom_shifter_show, uniq_duvessa
D:8:      layout_rooms, serial_shops, shop, uniq_erica, uniq_prince_ribbit1
D:9:      layout_rooms, serial_shops, nicolae_shop_crystal,
          lightli_wizard_tower, uniq_psyche, uniq_maurice
D:10:     kennysheep_windowed_halls, layout_basic, orc_0_dummy, serial_shops,
          nicolae_shop_temple_entry_statues_fountains, serial_park_tiny_1
D:11:     layout_roguey, lair_entry_dummy, uniq_snorg
D:12:     layout_cave_pools, serial_rivers, chequers_serial_rivers_micro_a,
          chequers_serial_rivers_small_3, chequers_serial_rivers_room_a,
          chequers_serial_rivers_small_b, chequers_serial_rivers_micro_a,
          drop_trap
D:13:     minmay_big_diamond_grid, layout_stronghold, erik_vaults_2
D:14:     layout_basic, gauntlet_entry_generic, minivault_14
D:15:     grunt_enter_depths_snipers, layout_small_grid, uniq_agnes
Temple:   nicolae_temple_slightly_damp_pantheon
Lair:1:   layout_concentric_octagons, ebering_ghost_disaster_area,
          lemuel_fruit_tree, uniq_joseph
Lair:2:   layout_hall_layers, minmay_shoals_entry_hut, dummy_snake_entry
Lair:3:   layout_chaotic_city, chequers_serial_rivers_room_a,
          grunt_megastairs_2, serial_bayou_shore_b
Lair:4:   layout_roguey, slime_entry_1, minivault_19
Lair:5:   gammafunk_lair_ancient_temple, layout_regular_city, minivault_11,
          chequers_serial_rivers_small_a, serial_bayou_shore_a
Shoals:1: layout_shoals
Shoals:2: layout_shoals
Shoals:3: layout_shoals
Shoals:4: shoals_end_grunt_ice, layout_shoals, shoals_ilsuiw_ice,
          gammafunk_ghost_necromancy, hangedman_shoals_cup_caves
Snake:1:  layout_basic, uniq_kirke, uniq_aizul, uniq_nikola
Snake:2:  layout_onion_interference, serial_shops, nicolae_take_the_stairs,
          gammafunk_ghost_abyssal_escape, nicolae_elevator_lobby_plus
Snake:3:  layout_chambers, nicolae_integral_box
Snake:4:  minmay_snake_end_coiled, layout_rooms, serial_shops,
          nicolae_shop_window_shopping, nicolae_shop_window_shopping, shop,
          nicolae_shop_waterfront, nicolae_shop_stone
Slime:1:  layout_caves
Slime:2:  cheibrodos_slime_lost_civilization_2, layout_caves
Slime:3:  layout_caves, dissolution_awaits
Slime:4:  cheibrodos_slime_lost_civilization_9, layout_caves
Slime:5
Orc:1:    layout_caves, basic_altar
Orc:2:    st_orc_open, layout_caves, nicolae_specific_store,
          hellmonk_bongcloud_opening, uniq_sonja, uniq_urug
Elf:1:    eino_elf_arrival_shootout, layout_geoelf_diagonals,
          minmay_elf_demonology, st_stairs_4
Elf:2:    nicolae_elf_blades_crystal_corner, layout_loops_corners, basic_altar,
          portal_ice_cave_entry_frozen_things, abandoned_shop
Elf:3:    minmay_elf_hall_statues, layout_geoelf_grid, serial_shops, shop
Vaults:1: gammafunk_ghost_grave, grunt_vaults_funnel, v_rooms_3,
          hangedman_vaults_corner_blocks, v_misc_3, vaults_room_semicircle,
          st_spiral_rooms, layout_vaults_quadrants, uniq_donald, uniq_asterion
Vaults:2: nicolae_vaults_ninety_degrees, v_alt_pattern_5, v_pattern_3,
          nicolae_vaults_disjoint_gnomons, vaults_room_pool, v_rooms_2,
          ontoclasm_vaults_gateway, nicolae_vaults_gold_heap, v_misc_28,
          grunt_vaults_diagonal, v_misc_15, layout_vaults_omnibox, serial_shops,
          nicolae_shop_advertising_works [nicolae_subvault_shop_adworks], shop,
          shop, nicolae_shop_competitors_out_of_business, uniq_margery
Vaults:3: infiniplex_enter_wizlab_spiral, minmay_crypt_entry_simple_walls,
          nicolae_vaults_disjoint_gnomons, dpeg_vaults_hating_casters,
          vaults_dpeg_doors, v_misc_18, hangedman_vaults_snaps, v_misc_15,
          nicolae_vaults_border_crossing, layout_vaults_maze_snakey
Vaults:4: ontoclasm_vaults_chip, vaults_room_large_hall, v_rooms_1,
          vaults_mumra_minichess_inversion, vaults_dpeg_ring,
          grunt_vaults_focal, vaults_room_large_hall, ontoclasm_vaults_ligature,
          hangedman_vaults_cutoff, nicolae_vaults_specimen_jars,
          ontoclasm_vaults_ring_square, v_misc_9, vaults_room_door_hall,
          vaults_room_stairs_pillars, layout_vaults_ring
Vaults:5
Crypt:1:  grunt_deathspiral_small, layout_gridlike, gammafunk_ghost_split
Crypt:2:  layout_misc_corridors, lemuel_upstairs_altar, uniq_jory
Crypt:3:  david_glass_crypt, layout_gridlike, tomb_entry_simple_bobbens,
          uniq_boris
Tomb:1
Tomb:2
Tomb:3
Depths:1: layout_gridville, lightli_too_deep, grunt_decor_resistance,
          hangedman_decor_peaks_small, amcnicky_mini_corridor_feature,
          kennysheep_small_square, uniq_sojobo, uniq_mara
Depths:2: kennysheep_spiral_hall, layout_basic, rand_demon_pan_entry_9,
          abyss_entry, serial_glass, glass_columns_a, glass_columns_b,
          elyvilon_altar_5, hell_entry, chequers_serial_rivers_room_b,
          nicolae_tso_swordbearing_angel, minmay_staircase_bubble,
          uniq_bai_suzhen, uniq_josephina
Depths:3: kennysheep_funnel, layout_gridlike, hangedman_abyss_entry_splay,
          hell_entry, eino_curves_02, minmay_staircase_windowed_small,
          grunt_megastairs_5
Depths:4: grunt_twist_and_shout, layout_gridlike, enter_ziggurat_e, hell_entry
Hell
Zig:20

Skill      XL: |  1  2  3  4  5  6  7  8  9 10 11 12 13 14 15 16 17 18 19 20 21 22 23 24 25 26 27 |
---------------+----------------------------------------------------------------------------------+-----
Stealth        | 2 3 4 5 27 | 27.0
Dodging        | 2 3 4 6 7 8 9 10 11 12 13 14 15 17 19 20 27 | 27.0
Fighting       | 1 2 3 4 6 7 8 9 10 11 13 14 15 20 27 | 27.0
Necromancy     | 5 6 7 8 9 10 27 | 27.0
Spellcasting   | 3 4 5 6 7 8 9 10 11 13 14 15 17 19 20 27 | 27.0
Conjurations   | 2 4 5 7 8 10 11 12 13 15 27 | 27.0
Shields        | 3 4 5 8 10 27 | 27.0
Translocations | 2 5 27 | 27.0
Ice Magic      | 2 6 12 15 16 17 18 19 20 22 27 | 27.0
Air Magic      | 2 5 27 | 27.0
Maces & Flails | 2 27 | 27.0
Polearms       | 3 5 27 | 27.0
Earth Magic    | 1 6 8 10 15 27 | 27.0
Evocations     | 10 27 | 27.0
Transmutations | 27 | 27.0
Fire Magic     | 27 | 27.0
Invocations    | 27 | 27.0
Staves         | 27 | 27.0
Throwing       | 27 | 27.0
Unarmed Combat | 27 | 27.0
Hexes          | 27 | 27.0
Armour         | 27 | 27.0
Summonings     | 27 | 27.0
Axes           | 27 | 27.0
Long Blades    | 27 | 27.0
Short Blades   | 27 | 27.0
Ranged Weapons | 27 | 27.0
Poison Magic   | 27 | 27.0

Action                   |  1- 3 |  4- 6 |  7- 9 | 10-12 | 13-15 | 16-18 | 19-21 | 22-24 | 25-27 || total
-------------------------+-------+-------+-------+-------+-------+-------+-------+-------+-------++-------
Melee: Unarmed           |    23 |       |       |       |       |       |       |       |   335 ||   358
       Long sword        |     1 |     1 |       |       |       |       |       |       |    89 ||    91
       Whip              |       |    29 |   139 |   349 |   241 |     3 |       |       |       ||   761
       Staff             |       |       |       |       |    68 |    59 |    52 |    55 |  2128 ||  2362
       Demon trident     |       |       |       |       |       |    76 |   257 |   160 |  1281 ||  1774
       Headbutt          |       |       |       |       |       |       |       |       |   292 ||   292
       Dagger            |       |       |       |       |       |       |       |       |   126 ||   126
       Morningstar       |       |       |       |       |       |       |       |       |    70 ||    70
       Punch             |       |       |       |       |       |       |       |       |    34 ||    34
       Falchion          |       |       |       |       |       |       |       |       |    23 ||    23
Throw: Javelin           |       |       |       |       |       |       |       |       |    12 ||    12
 Cast: Necrotise         |    68 |    97 |   120 |    36 |    41 |       |       |       |       ||   362
       Vampiric Draining |       |       |    31 |   114 |    83 |       |       |       |    15 ||   243
       Animate Dead      |       |       |     9 |    20 |    14 |     1 |       |       |       ||    44
       Foxfire           |       |       |    72 |   187 |    55 |       |       |       |       ||   314
       Blink             |       |       |     7 |     1 |     1 |       |     5 |     1 |    28 ||    43
       Shock             |       |       |     6 |    13 |     2 |       |       |       |       ||    21
       Mephitic Cloud    |       |       |       |    24 |    10 |       |       |       |       ||    34
       Freezing Cloud    |       |       |       |       |   224 |     2 |       |     6 |     2 ||   234
       Lightning Bolt    |       |       |       |       |    15 |     9 |       |       |       ||    24
       Sublimation of Bl |       |       |       |       |     1 |       |       |       |     2 ||     3
       Ozocubu's Refrige |       |       |       |       |       |   426 |   279 |    59 |   356 ||  1120
       Iron Shot         |       |       |       |       |       |       |   118 |   156 |   725 ||   999
       Polar Vortex      |       |       |       |       |       |       |    24 |    61 |   575 ||   660
       Orb of Destructio |       |       |       |       |       |       |       |    86 |   193 ||   279
       Dispel Undead     |       |       |       |       |       |       |       |    17 |    88 ||   105
       Ignition          |       |       |       |       |       |       |       |       |   498 ||   498
       Necromutation     |       |       |       |       |       |       |       |       |   450 ||   450
       Shatter           |       |       |       |       |       |       |       |       |   414 ||   414
       Fire Storm        |       |       |       |       |       |       |       |       |   115 ||   115
       Storm Form        |       |       |       |       |       |       |       |       |    60 ||    60
       Discord           |       |       |       |       |       |       |       |       |    38 ||    38
       Ozocubu's Armour  |       |       |       |       |       |       |       |       |    16 ||    16
       Lehudib's Crystal |       |       |       |       |       |       |       |       |    10 ||    10
       Infestation       |       |       |       |       |       |       |       |       |     1 ||     1
       Enfeeble          |       |       |       |       |       |       |       |       |     1 ||     1
Invok: Major Destruction |       |       |       |       |       |       |       |       |     3 ||     3
       Minor Destruction |       |       |       |       |       |       |       |       |     1 ||     1
 Abil: End Transformatio |       |       |       |       |       |       |       |       |    31 ||    31
       Evoke Blink       |       |       |       |       |       |       |       |       |    26 ||    26
       Blinkbolt         |       |       |       |       |       |       |       |       |    20 ||    20
       Evoke Invisibilit |       |       |       |       |       |       |       |       |     1 ||     1
Evoke: Wand              |       |     2 |    12 |    11 |    13 |    25 |    17 |     1 |    51 ||   132
       Phantom mirror    |       |       |       |     1 |     1 |       |       |     1 |     4 ||     7
       Box of beasts     |       |       |       |       |     1 |       |     1 |     1 |     2 ||     5
       Lightning rod     |       |       |       |       |       |     5 |     2 |       |    41 ||    48
       Tin of tremorston |       |       |       |       |       |       |     2 |       |    28 ||    30
       Condenser vane    |       |       |       |       |       |       |       |       |    12 ||    12
       Figurine of a zig |       |       |       |       |       |       |       |       |     7 ||     7
       Horn of Geryon    |       |       |       |       |       |       |       |       |     1 ||     1
  Use: Scroll            |       |       |     2 |    21 |     6 |    21 |     9 |     6 |    77 ||   142
       Potion            |       |       |       |       |       |    10 |     1 |    14 |   197 ||   222
 Stab: Paralysed         |     4 |    12 |     9 |    67 |    43 |    15 |    21 |    29 |   201 ||   401
       Sleeping          |       |     1 |     1 |     1 |       |    13 |    14 |     3 |     5 ||    38
       Distracted        |       |       |       |     2 |     1 |     2 |     2 |     5 |    25 ||    37
       Confused          |       |       |       |     4 |       |       |       |       |       ||     4
       Invisible         |       |       |       |       |       |       |       |       |     8 ||     8
       Petrifying        |       |       |       |       |       |       |       |       |     2 ||     2
Armor: Robe              |     5 |    12 |    34 |    17 |       |    32 |    56 |    55 |   532 ||   743
       Acid dragon scale |       |       |       |    95 |   119 |     1 |       |       |       ||   215
       Skin              |       |       |       |       |       |       |       |    17 |    89 ||   106
       Troll leather arm |       |       |       |       |       |       |       |       |   866 ||   866
Dodge: Dodged            |    13 |    47 |   144 |   365 |   338 |   152 |   180 |   215 |  5781 ||  7235
       Repelled          |       |       |       |       |       |       |       |       |    15 ||    15
Block: Buckler           |       |       |       |   122 |   166 |   121 |   151 |   105 |  1502 ||  2167
       Reflection        |       |       |       |       |     8 |    33 |    29 |     7 |    78 ||   155
